Workbook

Sheet Данные
B1: № | C1: Дата | D1: Время открытия | E1: Дата закрытия | F1: Время закрытия | G1: Инструмент | H1: Направление сделки | I1: Цена открытия | J1: Цена закрытия | K1: кол-во | L1: Комиссия | M1: Способ входа в позицию | N1: Способ выхода из позиции | O1: Оценка трейда | P1: Стратегия | Q1: Комментарий | R1: Изменение депозита | S1: Депозит | T1: Комиссия всего | U1: Сумма открытия | V1: Сумма закрытия | W1: P\L Gross | X1: P\L Net | Y1: Начальная сумма (Gross) | Z1: Начальная сумма (Net) | AA1: Конечная сумма (Gross) | AB1: Конечная сумма (Net) | AC1: День недели | AD1: Часы | AE1: Биржа | AF1: Сектор | AG1: Индустрия | AH1: Время в сделке (сек) | AI1: Интрадей | AJ1: Среднесрок | AK1: Диапазон входа | AL1: Net плюс | AM1: Net минус | AN1: Год | AO1: Месяц | AP1: Неделя | AQ1: Депозит по дням | AR1: Пополнение депозита | AS1: Общая доходность | AT1: Доходность в сделке | AU1: Открытие дня | AV1: Закрытие дня | AW1: Диапазон цены | AX1: МаксМинДней
B2: 1 | C2: 40147 | D2: 0.40130787 | E2: 40147 | F2: 0.40730324 | G2: IGT | H2: S | I2: 19.99 | J2: 19.87 | K2: 100 | L2: 2.27 | M2: продолжение движения | N2: трейлинг стоп | O2: 0 | P2: Стратегия №2 | R2: 25000 | S2: =R2+X2 -> 25009.73 | T2: =L2 -> 2.27 | U2: =I2*ABS(K2) -> 1999 | V2: =J2*ABS(K2) -> 1987 | W2: =IF(H2="s",U2-V2,V2-U2) -> 12 | X2: =W2-T2 -> 9.73 | Y2: 0 | Z2: 0 | AA2: =Y2+W2 -> 12 | AB2: =Z2+X2 -> 9.73 | AC2: =IF(G2<>"",VLOOKUP(WEEKDAY(C2,2),Служебный!K$4:L$10,2),"") -> пн | AD2: =IF(G2 <> "",TEXT((HOUR(D2)),0)&"-"&TEXT(HOUR(D2)+1,0),"") -> 9-10 | AE2: =VLOOKUP(G:G,Служебный!B:G,6,) -> NYSE | AF2: =VLOOKUP(G:G,Служебный!B:G,3,FALSE) -> Technology | AG2: =VLOOKUP(G:G,Служебный!B:G,4,FALSE) -> Diversified Computer Systems | AH2: =ROUND(((E2+F2)-(C2+D2))*86400,0) -> 518 | AI2: =IF(FLOOR((AH2/60),15)>400,"Среднесрок",FLOOR((AH2/60),15)) -> 0 | AJ2: =IFERROR(IF(FLOOR((AH2/86400),1)=0,"интрадей",(FLOOR((AH2/86400),1))-(FLOOR((AH2/86400),1))-NETWORKDAYS(E2,C2)),IF(FLOOR((AH2/86400),1)=0,"интрадей",(FLOOR((AH2/86400),1)))) -> интрадей | AK2: =IF(D2<Служебный!P$3,"Раньше открытия",IF(D2>Служебный!P$6,"Позже закрытия",IF(D2<Служебный!P$4,Служебный!N$4,IF((D2>Служебный!P$5),Служебный!N$6,Служебный!N$5)))) -> 9:30 - 11:00 | AL2: =IF(X2>0,X2,0) -> 9.73 | AM2: =IF(X2<0,X2,0) -> 0 | AN2: =IF(G2<>"",YEAR(C2),"") -> 2009 | AO2: =IF(G2<>"",(IF(TEXT(C2,"MMMM") = "MMMM",TEXT(C2,"ММММ"),TEXT(C2,"MMMM"))),"") -> Ноябрь | AP2: =IF(G2<>"",CEILING((C2-DATE(YEAR(C2),1,1)+WEEKDAY(DATE(YEAR(C2),1,1),2))/7,1),"") -> 49 | AQ2: =IF(AV2<>0,S2,0) -> 0 | AR2: =R2 -> 25000 | AS2: =IFERROR(100*(S2-AR2)/AR2,"Заполните депозит") -> 0.03892 | AT2: =IFERROR(100*(S2-R2)/R2,"Заполните депозит") -> 0.03892 | AU2: =IF(C2<>C1,Z2,0) -> 0 | AV2: =IF(C2<>C3,AB2,0) -> 0 | AW2: =CEILING(I2,5) -> 20 | AX2: 0
B3: 2 | C3: 40147 | D3: 0.4022338 | E3: =C3 -> 40147 | F3: 0.41366898 | G3: IGT | H3: L | I3: 22.02 | J3: 22.14 | K3: 100 | L3: 2.15 | M3: Прочее | N3: стоп | O3: 0 | P3: Стратегия №2 | S3: =S2+R3+X3 -> 25019.58 | T3: =L3 -> 2.15 | U3: =I3*ABS(K3) -> 2202 | V3: =J3*ABS(K3) -> 2214 | W3: =IF(H3="s",U3-V3,V3-U3) -> 12 | X3: =W3-T3 -> 9.85 | Y3: =Y2+W2 -> 12 | Z3: =Z2+X2 -> 9.73 | AA3: =Y3+W3 -> 24 | AB3: =Z3+X3 -> 19.58 | AC3: =IF(G3<>"",VLOOKUP(WEEKDAY(C3,2),Служебный!K$4:L$10,2),"") -> пн | AD3: =IF(G3 <> "",TEXT((HOUR(D3)),0)&"-"&TEXT(HOUR(D3)+1,0),"") -> 9-10 | AE3: =VLOOKUP(G:G,Служебный!B:G,6,) -> NYSE | AF3: =VLOOKUP(G:G,Служебный!B:G,3,FALSE) -> Technology | AG3: =VLOOKUP(G:G,Служебный!B:G,4,FALSE) -> Diversified Computer Systems | AH3: =ROUND(((E3+F3)-(C3+D3))*86400,0) -> 988 | AI3: =IF(FLOOR((AH3/60),15)>400,"Среднесрок",FLOOR((AH3/60),15)) -> 15 | AJ3: =IFERROR(IF(FLOOR((AH3/86400),1)=0,"интрадей",(FLOOR((AH3/86400),1))-(FLOOR((AH3/86400),1))-NETWORKDAYS(E3,C3)),IF(FLOOR((AH3/86400),1)=0,"интрадей",(FLOOR((AH3/86400),1)))) -> интрадей | AK3: =IF(D3<Служебный!P$3,"Раньше открытия",IF(D3>Служебный!P$6,"Позже закрытия",IF(D3<Служебный!P$4,Служебный!N$4,IF((D3>Служебный!P$5),Служебный!N$6,Служебный!N$5)))) -> 9:30 - 11:00 | AL3: =IF(X3>0,X3,0) -> 9.85 | AM3: =IF(X3<0,X3,0) -> 0 | AN3: =IF(G3<>"",YEAR(C3),"") -> 2009 | AO3: =IF(G3<>"",(IF(TEXT(C3,"MMMM") = "MMMM",TEXT(C3,"ММММ"),TEXT(C3,"MMMM"))),"") -> Ноябрь | AP3: =IF(G3<>"",CEILING((C3-DATE(YEAR(C3),1,1)+WEEKDAY(DATE(YEAR(C3),1,1),2))/7,1),"") -> 49 | AQ3: =IF(AV3<>0,S3,0) -> 0 | AR3: =AR2+R3 -> 25000 | AS3: =IFERROR(100*(S3-AR3)/AR3,"Заполните депозит") -> 0.07832 | AT3: =IFERROR(100*(S3-S2-R3)/(S2+R3),"Заполните депозит") -> 0.039384671 | AU3: =IF(C3<>C2,Z3,0) -> 0 | AV3: =IF(C3<>C4,AB3,0) -> 0 | AW3: =CEILING(I3,5) -> 25 | AX3: =IF(AV3=0,AX2,IF(X3<0,IF(AX2<0,AX2-1,-1),IF(AX2>0,AX2+1,1))) -> 0
B4: 3 | C4: 40147 | D4: 0.49365741 | E4: =C4 -> 40147 | F4: 0.60694444 | G4: IGT | H4: S | I4: 14.49 | J4: 14.6 | K4: 100 | L4: 2.65 | M4: пробой уровня | N4: цель | O4: -2 | P4: Черепахи | S4: =S3+R4+X4 -> 25005.93 | T4: =L4 -> 2.65 | U4: =I4*ABS(K4) -> 1449 | V4: =J4*ABS(K4) -> 1460 | W4: =IF(H4="s",U4-V4,V4-U4) -> -11 | X4: =W4-T4 -> -13.65 | Y4: =Y3+W3 -> 24 | Z4: =Z3+X3 -> 19.58 | AA4: =Y4+W4 -> 13 | AB4: =Z4+X4 -> 5.93 | AC4: =IF(G4<>"",VLOOKUP(WEEKDAY(C4,2),Служебный!K$4:L$10,2),"") -> пн | AD4: =IF(G4 <> "",TEXT((HOUR(D4)),0)&"-"&TEXT(HOUR(D4)+1,0),"") -> 11-12 | AE4: =VLOOKUP(G:G,Служебный!B:G,6,) -> NYSE | AF4: =VLOOKUP(G:G,Служебный!B:G,3,FALSE) -> Technology | AG4: =VLOOKUP(G:G,Служебный!B:G,4,FALSE) -> Diversified Computer Systems | AH4: =ROUND(((E4+F4)-(C4+D4))*86400,0) -> 9788 | AI4: =IF(FLOOR((AH4/60),15)>400,"Среднесрок",FLOOR((AH4/60),15)) -> 150 | AJ4: =IFERROR(IF(FLOOR((AH4/86400),1)=0,"интрадей",(FLOOR((AH4/86400),1))-(FLOOR((AH4/86400),1))-NETWORKDAYS(E4,C4)),IF(FLOOR((AH4/86400),1)=0,"интрадей",(FLOOR((AH4/86400),1)))) -> интрадей | AK4: =IF(D4<Служебный!P$3,"Раньше открытия",IF(D4>Служебный!P$6,"Позже закрытия",IF(D4<Служебный!P$4,Служебный!N$4,IF((D4>Служебный!P$5),Служебный!N$6,Служебный!N$5)))) -> 11:00 - 14:30 | AL4: =IF(X4>0,X4,0) -> 0 | AM4: =IF(X4<0,X4,0) -> -13.65 | AN4: =IF(G4<>"",YEAR(C4),"") -> 2009 | AO4: =IF(G4<>"",(IF(TEXT(C4,"MMMM") = "MMMM",TEXT(C4,"ММММ"),TEXT(C4,"MMMM"))),"") -> Ноябрь | AP4: =IF(G4<>"",CEILING((C4-DATE(YEAR(C4),1,1)+WEEKDAY(DATE(YEAR(C4),1,1),2))/7,1),"") -> 49 | AQ4: =IF(AV4<>0,S4,0) -> 0 | AR4: =AR3+R4 -> 25000 | AS4: =IFERROR(100*(S4-AR4)/AR4,"Заполните депозит") -> 0.02372 | AT4: =IFERROR(100*(S4-S3-R4)/(S3+R4),"Заполните депозит") -> -0.054557271 | AU4: =IF(C4<>C3,Z4,0) -> 0 | AV4: =IF(C4<>C5,AB4,0) -> 0 | AW4: =CEILING(I4,5) -> 15 | AX4: =IF(AV4=0,AX3,IF(X4<0,IF(AX3<0,AX3-1,-1),IF(AX3>0,AX3+1,1))) -> 0
B5: 4 | C5: 40147 | D5: 0.50703704 | E5: =C5 -> 40147 | F5: 0.51103009 | G5: AMX | H5: L | I5: 47.96 | J5: 47.99 | K5: 100 | L5: 2.62 | M5: Прочее | N5: новости | O5: 0 | P5: Стратегия №2 | S5: =S4+R5+X5 -> 25006.31 | T5: =L5 -> 2.62 | U5: =I5*ABS(K5) -> 4796 | V5: =J5*ABS(K5) -> 4799 | W5: =IF(H5="s",U5-V5,V5-U5) -> 3 | X5: =W5-T5 -> 0.38 | Y5: =Y4+W4 -> 13 | Z5: =Z4+X4 -> 5.93 | AA5: =Y5+W5 -> 16 | AB5: =Z5+X5 -> 6.31 | AC5: =IF(G5<>"",VLOOKUP(WEEKDAY(C5,2),Служебный!K$4:L$10,2),"") -> пн | AD5: =IF(G5 <> "",TEXT((HOUR(D5)),0)&"-"&TEXT(HOUR(D5)+1,0),"") -> 12-13 | AE5: =VLOOKUP(G:G,Служебный!B:G,6,) -> NYSE | AF5: =VLOOKUP(G:G,Служебный!B:G,3,FALSE) -> Technology | AG5: =VLOOKUP(G:G,Служебный!B:G,4,FALSE) -> Wireless Communications | AH5: =ROUND(((E5+F5)-(C5+D5))*86400,0) -> 345 | AI5: =IF(FLOOR((AH5/60),15)>400,"Среднесрок",FLOOR((AH5/60),15)) -> 0 | AJ5: =IFERROR(IF(FLOOR((AH5/86400),1)=0,"интрадей",(FLOOR((AH5/86400),1))-(FLOOR((AH5/86400),1))-NETWORKDAYS(E5,C5)),IF(FLOOR((AH5/86400),1)=0,"интрадей",(FLOOR((AH5/86400),1)))) -> интрадей | AK5: =IF(D5<Служебный!P$3,"Раньше открытия",IF(D5>Служебный!P$6,"Позже закрытия",IF(D5<Служебный!P$4,Служебный!N$4,IF((D5>Служебный!P$5),Служебный!N$6,Служебный!N$5)))) -> 11:00 - 14:30 | AL5: =IF(X5>0,X5,0) -> 0.38 | AM5: =IF(X5<0,X5,0) -> 0 | AN5: =IF(G5<>"",YEAR(C5),"") -> 2009 | AO5: =IF(G5<>"",(IF(TEXT(C5,"MMMM") = "MMMM",TEXT(C5,"ММММ"),TEXT(C5,"MMMM"))),"") -> Ноябрь | AP5: =IF(G5<>"",CEILING((C5-DATE(YEAR(C5),1,1)+WEEKDAY(DATE(YEAR(C5),1,1),2))/7,1),"") -> 49 | AQ5: =IF(AV5<>0,S5,0) -> 0 | AR5: =AR4+R5 -> 25000 | AS5: =IFERROR(100*(S5-AR5)/AR5,"Заполните депозит") -> 0.02524 | AT5: =IFERROR(100*(S5-S4-R5)/(S4+R5),"Заполните депозит") -> 0.0015196395 | AU5: =IF(C5<>C4,Z5,0) -> 0 | AV5: =IF(C5<>C6,AB5,0) -> 0 | AW5: =CEILING(I5,5) -> 50 | AX5: =IF(AV5=0,AX4,IF(X5<0,IF(AX4<0,AX4-1,-1),IF(AX4>0,AX4+1,1))) -> 0
B6: 5 | C6: 40147 | D6: 0.51329861 | E6: =C6 -> 40147 | F6: 0.60273148 | G6: GNK | H6: S | I6: 23.06 | J6: 23.02 | K6: 100 | L6: 2.15 | M6: пробой уровня | N6: конец дня | O6: 1 | P6: Черепахи | S6: =S5+R6+X6 -> 25008.16 | T6: =L6 -> 2.15 | U6: =I6*ABS(K6) -> 2306 | V6: =J6*ABS(K6) -> 2302 | W6: =IF(H6="s",U6-V6,V6-U6) -> 4 | X6: =W6-T6 -> 1.85 | Y6: =Y5+W5 -> 16 | Z6: =Z5+X5 -> 6.31 | AA6: =Y6+W6 -> 20 | AB6: =Z6+X6 -> 8.16 | AC6: =IF(G6<>"",VLOOKUP(WEEKDAY(C6,2),Служебный!K$4:L$10,2),"") -> пн | AD6: =IF(G6 <> "",TEXT((HOUR(D6)),0)&"-"&TEXT(HOUR(D6)+1,0),"") -> 12-13 | AE6: =VLOOKUP(G:G,Служебный!B:G,6,) -> NYSE | AF6: =VLOOKUP(G:G,Служебный!B:G,3,FALSE) -> Services | AG6: =VLOOKUP(G:G,Служебный!B:G,4,FALSE) -> Shipping | AH6: =ROUND(((E6+F6)-(C6+D6))*86400,0) -> 7727 | AI6: =IF(FLOOR((AH6/60),15)>400,"Среднесрок",FLOOR((AH6/60),15)) -> 120 | AJ6: =IFERROR(IF(FLOOR((AH6/86400),1)=0,"интрадей",(FLOOR((AH6/86400),1))-(FLOOR((AH6/86400),1))-NETWORKDAYS(E6,C6)),IF(FLOOR((AH6/86400),1)=0,"интрадей",(FLOOR((AH6/86400),1)))) -> интрадей | AK6: =IF(D6<Служебный!P$3,"Раньше открытия",IF(D6>Служебный!P$6,"Позже закрытия",IF(D6<Служебный!P$4,Служебный!N$4,IF((D6>Служебный!P$5),Служебный!N$6,Служебный!N$5)))) -> 11:00 - 14:30 | AL6: =IF(X6>0,X6,0) -> 1.85 | AM6: =IF(X6<0,X6,0) -> 0 | AN6: =IF(G6<>"",YEAR(C6),"") -> 2009 | AO6: =IF(G6<>"",(IF(TEXT(C6,"MMMM") = "MMMM",TEXT(C6,"ММММ"),TEXT(C6,"MMMM"))),"") -> Ноябрь | AP6: =IF(G6<>"",CEILING((C6-DATE(YEAR(C6),1,1)+WEEKDAY(DATE(YEAR(C6),1,1),2))/7,1),"") -> 49 | AQ6: =IF(AV6<>0,S6,0) -> 0 | AR6: =AR5+R6 -> 25000 | AS6: =IFERROR(100*(S6-AR6)/AR6,"Заполните депозит") -> 0.03264 | AT6: =IFERROR(100*(S6-S5-R6)/(S5+R6),"Заполните депозит") -> 0.0073981327 | AU6: =IF(C6<>C5,Z6,0) -> 0 | AV6: =IF(C6<>C7,AB6,0) -> 0 | AW6: =CEILING(I6,5) -> 25 | AX6: =IF(AV6=0,AX5,IF(VLOOKUP(C5,Сводный!I:L,2,FALSE)<0,IF(AX5<0,AX5-1,-1),IF(AX5>0,AX5+1,1))) -> 0
B7: 6 | C7: 40147 | D7: 0.51846065 | E7: =C7 -> 40147 | F7: 0.5643287 | G7: EPD | H7: L | I7: 29.81 | J7: 29.84 | K7: 100 | L7: 2.17 | M7: отбой от уровня | N7: конец дня | O7: 1 | P7: Разворотная | S7: =S6+R7+X7 -> 25008.99 | T7: =L7 -> 2.17 | U7: =I7*ABS(K7) -> 2981 | V7: =J7*ABS(K7) -> 2984 | W7: =IF(H7="s",U7-V7,V7-U7) -> 3 | X7: =W7-T7 -> 0.83 | Y7: =Y6+W6 -> 20 | Z7: =Z6+X6 -> 8.16 | AA7: =Y7+W7 -> 23 | AB7: =Z7+X7 -> 8.99 | AC7: =IF(G7<>"",VLOOKUP(WEEKDAY(C7,2),Служебный!K$4:L$10,2),"") -> пн | AD7: =IF(G7 <> "",TEXT((HOUR(D7)),0)&"-"&TEXT(HOUR(D7)+1,0),"") -> 12-13 | AE7: =VLOOKUP(G:G,Служебный!B:G,6,) -> NYSE | AF7: =VLOOKUP(G:G,Служебный!B:G,3,FALSE) -> Basic Materials | AG7: =VLOOKUP(G:G,Служебный!B:G,4,FALSE) -> Independent Oil & Gas | AH7: =ROUND(((E7+F7)-(C7+D7))*86400,0) -> 3963 | AI7: =IF(FLOOR((AH7/60),15)>400,"Среднесрок",FLOOR((AH7/60),15)) -> 60 | AJ7: =IFERROR(IF(FLOOR((AH7/86400),1)=0,"интрадей",(FLOOR((AH7/86400),1))-(FLOOR((AH7/86400),1))-NETWORKDAYS(E7,C7)),IF(FLOOR((AH7/86400),1)=0,"интрадей",(FLOOR((AH7/86400),1)))) -> интрадей | AK7: =IF(D7<Служебный!P$3,"Раньше открытия",IF(D7>Служебный!P$6,"Позже закрытия",IF(D7<Служебный!P$4,Служебный!N$4,IF((D7>Служебный!P$5),Служебный!N$6,Служебный!N$5)))) -> 11:00 - 14:30 | AL7: =IF(X7>0,X7,0) -> 0.83 | AM7: =IF(X7<0,X7,0) -> 0 | AN7: =IF(G7<>"",YEAR(C7),"") -> 2009 | AO7: =IF(G7<>"",(IF(TEXT(C7,"MMMM") = "MMMM",TEXT(C7,"ММММ"),TEXT(C7,"MMMM"))),"") -> Ноябрь | AP7: =IF(G7<>"",CEILING((C7-DATE(YEAR(C7),1,1)+WEEKDAY(DATE(YEAR(C7),1,1),2))/7,1),"") -> 49 | AQ7: =IF(AV7<>0,S7,0) -> 0 | AR7: =AR6+R7 -> 25000 | AS7: =IFERROR(100*(S7-AR7)/AR7,"Заполните депозит") -> 0.03596 | AT7: =IFERROR(100*(S7-S6-R7)/(S6+R7),"Заполните депозит") -> 0.0033189167 | AU7: =IF(C7<>C6,Z7,0) -> 0 | AV7: =IF(C7<>C8,AB7,0) -> 0 | AW7: =CEILING(I7,5) -> 30 | AX7: =IF(AV7=0,AX6,IF(VLOOKUP(C6,Сводный!I:L,2,FALSE)<0,IF(AX6<0,AX6-1,-1),IF(AX6>0,AX6+1,1))) -> 0
B8: 7 | C8: 40147 | D8: 0.53712963 | E8: =C8 -> 40147 | F8: 0.61208333 | G8: TSN | H8: S | I8: 11.97 | J8: 11.97 | K8: 100 | L8: 2.41 | M8: пробой уровня | N8: конец дня | O8: 0 | P8: Черепахи | S8: =S7+R8+X8 -> 25006.58 | T8: =L8 -> 2.41 | U8: =I8*ABS(K8) -> 1197 | V8: =J8*ABS(K8) -> 1197 | W8: =IF(H8="s",U8-V8,V8-U8) -> 0 | X8: =W8-T8 -> -2.41 | Y8: =Y7+W7 -> 23 | Z8: =Z7+X7 -> 8.99 | AA8: =Y8+W8 -> 23 | AB8: =Z8+X8 -> 6.58 | AC8: =IF(G8<>"",VLOOKUP(WEEKDAY(C8,2),Служебный!K$4:L$10,2),"") -> пн | AD8: =IF(G8 <> "",TEXT((HOUR(D8)),0)&"-"&TEXT(HOUR(D8)+1,0),"") -> 12-13 | AE8: =VLOOKUP(G:G,Служебный!B:G,6,) -> NYSE | AF8: =VLOOKUP(G:G,Служебный!B:G,3,FALSE) -> Consumer Goods | AG8: =VLOOKUP(G:G,Служебный!B:G,4,FALSE) -> Meat Products | AH8: =ROUND(((E8+F8)-(C8+D8))*86400,0) -> 6476 | AI8: =IF(FLOOR((AH8/60),15)>400,"Среднесрок",FLOOR((AH8/60),15)) -> 105 | AJ8: =IFERROR(IF(FLOOR((AH8/86400),1)=0,"интрадей",(FLOOR((AH8/86400),1))-(FLOOR((AH8/86400),1))-NETWORKDAYS(E8,C8)),IF(FLOOR((AH8/86400),1)=0,"интрадей",(FLOOR((AH8/86400),1)))) -> интрадей | AK8: =IF(D8<Служебный!P$3,"Раньше открытия",IF(D8>Служебный!P$6,"Позже закрытия",IF(D8<Служебный!P$4,Служебный!N$4,IF((D8>Служебный!P$5),Служебный!N$6,Служебный!N$5)))) -> 11:00 - 14:30 | AL8: =IF(X8>0,X8,0) -> 0 | AM8: =IF(X8<0,X8,0) -> -2.41 | AN8: =IF(G8<>"",YEAR(C8),"") -> 2009 | AO8: =IF(G8<>"",(IF(TEXT(C8,"MMMM") = "MMMM",TEXT(C8,"ММММ"),TEXT(C8,"MMMM"))),"") -> Ноябрь | AP8: =IF(G8<>"",CEILING((C8-DATE(YEAR(C8),1,1)+WEEKDAY(DATE(YEAR(C8),1,1),2))/7,1),"") -> 49 | AQ8: =IF(AV8<>0,S8,0) -> 0 | AR8: =AR7+R8 -> 25000 | AS8: =IFERROR(100*(S8-AR8)/AR8,"Заполните депозит") -> 0.02632 | AT8: =IFERROR(100*(S8-S7-R8)/(S7+R8),"Заполните депозит") -> -0.0096365347 | AU8: =IF(C8<>C7,Z8,0) -> 0 | AV8: =IF(C8<>C9,AB8,0) -> 0 | AW8: =CEILING(I8,5) -> 15 | AX8: =IF(AV8=0,AX7,IF(VLOOKUP(C7,Сводный!I:L,2,FALSE)<0,IF(AX7<0,AX7-1,-1),IF(AX7>0,AX7+1,1))) -> 0
B9: 8 | C9: 40147 | D9: 0.53950231 | E9: =C9 -> 40147 | F9: 0.57391204 | G9: HOC | H9: S | I9: 24.97 | J9: 25.09 | K9: 100 | L9: 2.44 | M9: пробой уровня | N9: конец дня | O9: -2 | P9: Черепахи | S9: =S8+R9+X9 -> 24992.14 | T9: =L9 -> 2.44 | U9: =I9*ABS(K9) -> 2497 | V9: =J9*ABS(K9) -> 2509 | W9: =IF(H9="s",U9-V9,V9-U9) -> -12 | X9: =W9-T9 -> -14.44 | Y9: =Y8+W8 -> 23 | Z9: =Z8+X8 -> 6.58 | AA9: =Y9+W9 -> 11 | AB9: =Z9+X9 -> -7.86 | AC9: =IF(G9<>"",VLOOKUP(WEEKDAY(C9,2),Служебный!K$4:L$10,2),"") -> пн | AD9: =IF(G9 <> "",TEXT((HOUR(D9)),0)&"-"&TEXT(HOUR(D9)+1,0),"") -> 12-13 | AE9: =VLOOKUP(G:G,Служебный!B:G,6,) -> NYSE | AF9: =VLOOKUP(G:G,Служебный!B:G,3,FALSE) -> Basic Materials | AG9: =VLOOKUP(G:G,Служебный!B:G,4,FALSE) -> Oil & Gas Refining & Marketing | AH9: =ROUND(((E9+F9)-(C9+D9))*86400,0) -> 2973 | AI9: =IF(FLOOR((AH9/60),15)>400,"Среднесрок",FLOOR((AH9/60),15)) -> 45 | AJ9: =IFERROR(IF(FLOOR((AH9/86400),1)=0,"интрадей",(FLOOR((AH9/86400),1))-(FLOOR((AH9/86400),1))-NETWORKDAYS(E9,C9)),IF(FLOOR((AH9/86400),1)=0,"интрадей",(FLOOR((AH9/86400),1)))) -> интрадей | AK9: =IF(D9<Служебный!P$3,"Раньше открытия",IF(D9>Служебный!P$6,"Позже закрытия",IF(D9<Служебный!P$4,Служебный!N$4,IF((D9>Служебный!P$5),Служебный!N$6,Служебный!N$5)))) -> 11:00 - 14:30 | AL9: =IF(X9>0,X9,0) -> 0 | AM9: =IF(X9<0,X9,0) -> -14.44 | AN9: =IF(G9<>"",YEAR(C9),"") -> 2009 | AO9: =IF(G9<>"",(IF(TEXT(C9,"MMMM") = "MMMM",TEXT(C9,"ММММ"),TEXT(C9,"MMMM"))),"") -> Ноябрь | AP9: =IF(G9<>"",CEILING((C9-DATE(YEAR(C9),1,1)+WEEKDAY(DATE(YEAR(C9),1,1),2))/7,1),"") -> 49 | AQ9: =IF(AV9<>0,S9,0) -> 0 | AR9: =AR8+R9 -> 25000 | AS9: =IFERROR(100*(S9-AR9)/AR9,"Заполните депозит") -> -0.03144 | AT9: =IFERROR(100*(S9-S8-R9)/(S8+R9),"Заполните депозит") -> -0.057744802 | AU9: =IF(C9<>C8,Z9,0) -> 0 | AV9: =IF(C9<>C10,AB9,0) -> 0 | AW9: =CEILING(I9,5) -> 25 | AX9: =IF(AV9=0,AX8,IF(VLOOKUP(C8,Сводный!I:L,2,FALSE)<0,IF(AX8<0,AX8-1,-1),IF(AX8>0,AX8+1,1))) -> 0
B10: 9 | C10: 40147 | D10: 0.54105324 | E10: =C10 -> 40147 | F10: 0.59806713 | G10: IGT | H10: S | I10: 18.78 | J10: 18.73 | K10: 100 | L10: 2.42 | M10: продолжение движения | N10: конец дня | O10: 0 | P10: Стратегия №2 | S10: =S9+R10+X10 -> 24994.72 | T10: =L10 -> 2.42 | U10: =I10*ABS(K10) -> 1878 | V10: =J10*ABS(K10) -> 1873 | W10: =IF(H10="s",U10-V10,V10-U10) -> 5 | X10: =W10-T10 -> 2.58 | Y10: =Y9+W9 -> 11 | Z10: =Z9+X9 -> -7.86 | AA10: =Y10+W10 -> 16 | AB10: =Z10+X10 -> -5.28 | AC10: =IF(G10<>"",VLOOKUP(WEEKDAY(C10,2),Служебный!K$4:L$10,2),"") -> пн | AD10: =IF(G10 <> "",TEXT((HOUR(D10)),0)&"-"&TEXT(HOUR(D10)+1,0),"") -> 12-13 | AE10: =VLOOKUP(G:G,Служебный!B:G,6,) -> NYSE | AF10: =VLOOKUP(G:G,Служебный!B:G,3,FALSE) -> Technology | AG10: =VLOOKUP(G:G,Служебный!B:G,4,FALSE) -> Diversified Computer Systems | AH10: =ROUND(((E10+F10)-(C10+D10))*86400,0) -> 4926 | AI10: =IF(FLOOR((AH10/60),15)>400,"Среднесрок",FLOOR((AH10/60),15)) -> 75 | AJ10: =IFERROR(IF(FLOOR((AH10/86400),1)=0,"интрадей",(FLOOR((AH10/86400),1))-(FLOOR((AH10/86400),1))-NETWORKDAYS(E10,C10)),IF(FLOOR((AH10/86400),1)=0,"интрадей",(FLOOR((AH10/86400),1)))) -> интрадей | AK10: =IF(D10<Служебный!P$3,"Раньше открытия",IF(D10>Служебный!P$6,"Позже закрытия",IF(D10<Служебный!P$4,Служебный!N$4,IF((D10>Служебный!P$5),Служебный!N$6,Служебный!N$5)))) -> 11:00 - 14:30 | AL10: =IF(X10>0,X10,0) -> 2.58 | AM10: =IF(X10<0,X10,0) -> 0 | AN10: =IF(G10<>"",YEAR(C10),"") -> 2009 | AO10: =IF(G10<>"",(IF(TEXT(C10,"MMMM") = "MMMM",TEXT(C10,"ММММ"),TEXT(C10,"MMMM"))),"") -> Ноябрь | AP10: =IF(G10<>"",CEILING((C10-DATE(YEAR(C10),1,1)+WEEKDAY(DATE(YEAR(C10),1,1),2))/7,1),"") -> 49 | AQ10: =IF(AV10<>0,S10,0) -> 0 | AR10: =AR9+R10 -> 25000 | AS10: =IFERROR(100*(S10-AR10)/AR10,"Заполните депозит") -> -0.02112 | AT10: =IFERROR(100*(S10-S9-R10)/(S9+R10),"Заполните депозит") -> 0.010323246 | AU10: =IF(C10<>C9,Z10,0) -> 0 | AV10: =IF(C10<>C11,AB10,0) -> 0 | AW10: =CEILING(I10,5) -> 20 | AX10: =IF(AV10=0,AX9,IF(VLOOKUP(C9,Сводный!I:L,2,FALSE)<0,IF(AX9<0,AX9-1,-1),IF(AX9>0,AX9+1,1))) -> 0
B11: 10 | C11: 40147 | D11: 0.54635417 | E11: =C11 -> 40147 | F11: 0.59724537 | G11: AMX | H11: S | I11: 47.99 | J11: 48.24 | K11: 100 | L11: 2.22 | M11: отбой от уровня | N11: конец дня | O11: -2 | P11: Разворотная | S11: =S10+R11+X11 -> 24967.5 | T11: =L11 -> 2.22 | U11: =I11*ABS(K11) -> 4799 | V11: =J11*ABS(K11) -> 4824 | W11: =IF(H11="s",U11-V11,V11-U11) -> -25 | X11: =W11-T11 -> -27.22 | Y11: =Y10+W10 -> 16 | Z11: =Z10+X10 -> -5.28 | AA11: =Y11+W11 -> -9 | AB11: =Z11+X11 -> -32.5 | AC11: =IF(G11<>"",VLOOKUP(WEEKDAY(C11,2),Служебный!K$4:L$10,2),"") -> пн | AD11: =IF(G11 <> "",TEXT((HOUR(D11)),0)&"-"&TEXT(HOUR(D11)+1,0),"") -> 13-14 | AE11: =VLOOKUP(G:G,Служебный!B:G,6,) -> NYSE | AF11: =VLOOKUP(G:G,Служебный!B:G,3,FALSE) -> Technology | AG11: =VLOOKUP(G:G,Служебный!B:G,4,FALSE) -> Wireless Communications | AH11: =ROUND(((E11+F11)-(C11+D11))*86400,0) -> 4397 | AI11: =IF(FLOOR((AH11/60),15)>400,"Среднесрок",FLOOR((AH11/60),15)) -> 60 | AJ11: =IFERROR(IF(FLOOR((AH11/86400),1)=0,"интрадей",(FLOOR((AH11/86400),1))-(FLOOR((AH11/86400),1))-NETWORKDAYS(E11,C11)),IF(FLOOR((AH11/86400),1)=0,"интрадей",(FLOOR((AH11/86400),1)))) -> интрадей | AK11: =IF(D11<Служебный!P$3,"Раньше открытия",IF(D11>Служебный!P$6,"Позже закрытия",IF(D11<Служебный!P$4,Служебный!N$4,IF((D11>Служебный!P$5),Служебный!N$6,Служебный!N$5)))) -> 11:00 - 14:30 | AL11: =IF(X11>0,X11,0) -> 0 | AM11: =IF(X11<0,X11,0) -> -27.22 | AN11: =IF(G11<>"",YEAR(C11),"") -> 2009 | AO11: =IF(G11<>"",(IF(TEXT(C11,"MMMM") = "MMMM",TEXT(C11,"ММММ"),TEXT(C11,"MMMM"))),"") -> Ноябрь | AP11: =IF(G11<>"",CEILING((C11-DATE(YEAR(C11),1,1)+WEEKDAY(DATE(YEAR(C11),1,1),2))/7,1),"") -> 49 | AQ11: =IF(AV11<>0,S11,0) -> 0 | AR11: =AR10+R11 -> 25000 | AS11: =IFERROR(100*(S11-AR11)/AR11,"Заполните депозит") -> -0.13 | AT11: =IFERROR(100*(S11-S10-R11)/(S10+R11),"Заполните депозит") -> -0.108903 | AU11: =IF(C11<>C10,Z11,0) -> 0 | AV11: =IF(C11<>C12,AB11,0) -> 0 | AW11: =CEILING(I11,5) -> 50 | AX11: =IF(AV11=0,AX10,IF(VLOOKUP(C10,Сводный!I:L,2,FALSE)<0,IF(AX10<0,AX10-1,-1),IF(AX10>0,AX10+1,1))) -> 0
B12: 11 | C12: 40147 | D12: 0.59725694 | E12: =C12 -> 40147 | F12: 0.63574074 | G12: AMX | H12: L | I12: 48.24 | J12: 48.19 | K12: 100 | L12: 2.62 | M12: необоснованный вход | N12: конец дня | O12: -2 | P12: Стратегия №2 | S12: =S11+R12+X12 -> 24959.88 | T12: =L12 -> 2.62 | U12: =I12*ABS(K12) -> 4824 | V12: =J12*ABS(K12) -> 4819 | W12: =IF(H12="s",U12-V12,V12-U12) -> -5 | X12: =W12-T12 -> -7.62 | Y12: =Y11+W11 -> -9 | Z12: =Z11+X11 -> -32.5 | AA12: =Y12+W12 -> -14 | AB12: =Z12+X12 -> -40.12 | AC12: =IF(G12<>"",VLOOKUP(WEEKDAY(C12,2),Служебный!K$4:L$10,2),"") -> пн | AD12: =IF(G12 <> "",TEXT((HOUR(D12)),0)&"-"&TEXT(HOUR(D12)+1,0),"") -> 14-15 | AE12: =VLOOKUP(G:G,Служебный!B:G,6,) -> NYSE | AF12: =VLOOKUP(G:G,Служебный!B:G,3,FALSE) -> Technology | AG12: =VLOOKUP(G:G,Служебный!B:G,4,FALSE) -> Wireless Communications | AH12: =ROUND(((E12+F12)-(C12+D12))*86400,0) -> 3325 | AI12: =IF(FLOOR((AH12/60),15)>400,"Среднесрок",FLOOR((AH12/60),15)) -> 45 | AJ12: =IFERROR(IF(FLOOR((AH12/86400),1)=0,"интрадей",(FLOOR((AH12/86400),1))-(FLOOR((AH12/86400),1))-NETWORKDAYS(E12,C12)),IF(FLOOR((AH12/86400),1)=0,"интрадей",(FLOOR((AH12/86400),1)))) -> интрадей | AK12: =IF(D12<Служебный!P$3,"Раньше открытия",IF(D12>Служебный!P$6,"Позже закрытия",IF(D12<Служебный!P$4,Служебный!N$4,IF((D12>Служебный!P$5),Служебный!N$6,Служебный!N$5)))) -> 11:00 - 14:30 | AL12: =IF(X12>0,X12,0) -> 0 | AM12: =IF(X12<0,X12,0) -> -7.62 | AN12: =IF(G12<>"",YEAR(C12),"") -> 2009 | AO12: =IF(G12<>"",(IF(TEXT(C12,"MMMM") = "MMMM",TEXT(C12,"ММММ"),TEXT(C12,"MMMM"))),"") -> Ноябрь | AP12: =IF(G12<>"",CEILING((C12-DATE(YEAR(C12),1,1)+WEEKDAY(DATE(YEAR(C12),1,1),2))/7,1),"") -> 49 | AQ12: =IF(AV12<>0,S12,0) -> 0 | AR12: =AR11+R12 -> 25000 | AS12: =IFERROR(100*(S12-AR12)/AR12,"Заполните депозит") -> -0.16048 | AT12: =IFERROR(100*(S12-S11-R12)/(S11+R12),"Заполните депозит") -> -0.030519676 | AU12: =IF(C12<>C11,Z12,0) -> 0 | AV12: =IF(C12<>C13,AB12,0) -> 0 | AW12: =CEILING(I12,5) -> 50 | AX12: =IF(AV12=0,AX11,IF(VLOOKUP(C11,Сводный!I:L,2,FALSE)<0,IF(AX11<0,AX11-1,-1),IF(AX11>0,AX11+1,1))) -> 0
B13: 12 | C13: 40147 | D13: 0.56658565 | E13: =C13 -> 40147 | F13: 0.66554398 | G13: BYI | H13: S | I13: 41.08 | J13: 41.56 | K13: 100 | L13: 2.2 | M13: пробой уровня | N13: конец дня | O13: -2 | P13: Черепахи | S13: =S12+R13+X13 -> 24909.68 | T13: =L13 -> 2.2 | U13: =I13*ABS(K13) -> 4108 | V13: =J13*ABS(K13) -> 4156 | W13: =IF(H13="s",U13-V13,V13-U13) -> -48 | X13: =W13-T13 -> -50.2 | Y13: =Y12+W12 -> -14 | Z13: =Z12+X12 -> -40.12 | AA13: =Y13+W13 -> -62 | AB13: =Z13+X13 -> -90.32 | AC13: =IF(G13<>"",VLOOKUP(WEEKDAY(C13,2),Служебный!K$4:L$10,2),"") -> пн | AD13: =IF(G13 <> "",TEXT((HOUR(D13)),0)&"-"&TEXT(HOUR(D13)+1,0),"") -> 13-14 | AE13: =VLOOKUP(G:G,Служебный!B:G,6,) -> NYSE | AF13: =VLOOKUP(G:G,Служебный!B:G,3,FALSE) -> Services | AG13: =VLOOKUP(G:G,Служебный!B:G,4,FALSE) -> Gaming Activities | AH13: =ROUND(((E13+F13)-(C13+D13))*86400,0) -> 8550 | AI13: =IF(FLOOR((AH13/60),15)>400,"Среднесрок",FLOOR((AH13/60),15)) -> 135 | AJ13: =IFERROR(IF(FLOOR((AH13/86400),1)=0,"интрадей",(FLOOR((AH13/86400),1))-(FLOOR((AH13/86400),1))-NETWORKDAYS(E13,C13)),IF(FLOOR((AH13/86400),1)=0,"интрадей",(FLOOR((AH13/86400),1)))) -> интрадей | AK13: =IF(D13<Служебный!P$3,"Раньше открытия",IF(D13>Служебный!P$6,"Позже закрытия",IF(D13<Служебный!P$4,Служебный!N$4,IF((D13>Служебный!P$5),Служебный!N$6,Служебный!N$5)))) -> 11:00 - 14:30 | AL13: =IF(X13>0,X13,0) -> 0 | AM13: =IF(X13<0,X13,0) -> -50.2 | AN13: =IF(G13<>"",YEAR(C13),"") -> 2009 | AO13: =IF(G13<>"",(IF(TEXT(C13,"MMMM") = "MMMM",TEXT(C13,"ММММ"),TEXT(C13,"MMMM"))),"") -> Ноябрь | AP13: =IF(G13<>"",CEILING((C13-DATE(YEAR(C13),1,1)+WEEKDAY(DATE(YEAR(C13),1,1),2))/7,1),"") -> 49 | AQ13: =IF(AV13<>0,S13,0) -> 0 | AR13: =AR12+R13 -> 25000 | AS13: =IFERROR(100*(S13-AR13)/AR13,"Заполните депозит") -> -0.36128 | AT13: =IFERROR(100*(S13-S12-R13)/(S12+R13),"Заполните депозит") -> -0.20112276 | AU13: =IF(C13<>C12,Z13,0) -> 0 | AV13: =IF(C13<>C14,AB13,0) -> 0 | AW13: =CEILING(I13,5) -> 45 | AX13: =IF(AV13=0,AX12,IF(VLOOKUP(C12,Сводный!I:L,2,FALSE)<0,IF(AX12<0,AX12-1,-1),IF(AX12>0,AX12+1,1))) -> 0
B14: 13 | C14: 40147 | D14: 0.59702546 | E14: =C14 -> 40147 | F14: 0.66587963 | G14: PLT | H14: L | I14: 23.25 | J14: 23.15 | K14: 100 | L14: 2.43 | M14: В канале | N14: Цель | O14: -2 | P14: Черепахи | S14: =S13+R14+X14 -> 24897.25 | T14: =L14 -> 2.43 | U14: =I14*ABS(K14) -> 2325 | V14: =J14*ABS(K14) -> 2315 | W14: =IF(H14="s",U14-V14,V14-U14) -> -10 | X14: =W14-T14 -> -12.43 | Y14: =Y13+W13 -> -62 | Z14: =Z13+X13 -> -90.32 | AA14: =Y14+W14 -> -72 | AB14: =Z14+X14 -> -102.75 | AC14: =IF(G14<>"",VLOOKUP(WEEKDAY(C14,2),Служебный!K$4:L$10,2),"") -> пн | AD14: =IF(G14 <> "",TEXT((HOUR(D14)),0)&"-"&TEXT(HOUR(D14)+1,0),"") -> 14-15 | AE14: =VLOOKUP(G:G,Служебный!B:G,6,) -> NYSE | AF14: =VLOOKUP(G:G,Служебный!B:G,3,FALSE) -> Technology | AG14: =VLOOKUP(G:G,Служебный!B:G,4,FALSE) -> Processing Systems & Products | AH14: =ROUND(((E14+F14)-(C14+D14))*86400,0) -> 5949 | AI14: =IF(FLOOR((AH14/60),15)>400,"Среднесрок",FLOOR((AH14/60),15)) -> 90 | AJ14: =IFERROR(IF(FLOOR((AH14/86400),1)=0,"интрадей",(FLOOR((AH14/86400),1))-(FLOOR((AH14/86400),1))-NETWORKDAYS(E14,C14)),IF(FLOOR((AH14/86400),1)=0,"интрадей",(FLOOR((AH14/86400),1)))) -> интрадей | AK14: =IF(D14<Служебный!P$3,"Раньше открытия",IF(D14>Служебный!P$6,"Позже закрытия",IF(D14<Служебный!P$4,Служебный!N$4,IF((D14>Служебный!P$5),Служебный!N$6,Служебный!N$5)))) -> 11:00 - 14:30 | AL14: =IF(X14>0,X14,0) -> 0 | AM14: =IF(X14<0,X14,0) -> -12.43 | AN14: =IF(G14<>"",YEAR(C14),"") -> 2009 | AO14: =IF(G14<>"",(IF(TEXT(C14,"MMMM") = "MMMM",TEXT(C14,"ММММ"),TEXT(C14,"MMMM"))),"") -> Ноябрь | AP14: =IF(G14<>"",CEILING((C14-DATE(YEAR(C14),1,1)+WEEKDAY(DATE(YEAR(C14),1,1),2))/7,1),"") -> 49 | AQ14: =IF(AV14<>0,S14,0) -> 0 | AR14: =AR13+R14 -> 25000 | AS14: =IFERROR(100*(S14-AR14)/AR14,"Заполните депозит") -> -0.411 | AT14: =IFERROR(100*(S14-S13-R14)/(S13+R14),"Заполните депозит") -> -0.04990028 | AU14: =IF(C14<>C13,Z14,0) -> 0 | AV14: =IF(C14<>C15,AB14,0) -> 0 | AW14: =CEILING(I14,5) -> 25 | AX14: =IF(AV14=0,AX13,IF(VLOOKUP(C13,Сводный!I:L,2,FALSE)<0,IF(AX13<0,AX13-1,-1),IF(AX13>0,AX13+1,1))) -> 0
B15: 14 | C15: 40147 | D15: 0.598125 | E15: =C15 -> 40147 | F15: 0.6659375 | G15: MFE | H15: L | I15: 38.14 | J15: 38.08 | K15: 100 | L15: 2.59 | M15: разворотная формация | N15: новости | O15: -2 | P15: Стратегия №2 | S15: =S14+R15+X15 -> 24888.66 | T15: =L15 -> 2.59 | U15: =I15*ABS(K15) -> 3814 | V15: =J15*ABS(K15) -> 3808 | W15: =IF(H15="s",U15-V15,V15-U15) -> -6 | X15: =W15-T15 -> -8.59 | Y15: =Y14+W14 -> -72 | Z15: =Z14+X14 -> -102.75 | AA15: =Y15+W15 -> -78 | AB15: =Z15+X15 -> -111.34 | AC15: =IF(G15<>"",VLOOKUP(WEEKDAY(C15,2),Служебный!K$4:L$10,2),"") -> пн | AD15: =IF(G15 <> "",TEXT((HOUR(D15)),0)&"-"&TEXT(HOUR(D15)+1,0),"") -> 14-15 | AE15: =VLOOKUP(G:G,Служебный!B:G,6,) -> NYSE | AF15: =VLOOKUP(G:G,Служебный!B:G,3,FALSE) -> Technology | AG15: =VLOOKUP(G:G,Служебный!B:G,4,FALSE) -> Security Software & Services | AH15: =ROUND(((E15+F15)-(C15+D15))*86400,0) -> 5859 | AI15: =IF(FLOOR((AH15/60),15)>400,"Среднесрок",FLOOR((AH15/60),15)) -> 90 | AJ15: =IFERROR(IF(FLOOR((AH15/86400),1)=0,"интрадей",(FLOOR((AH15/86400),1))-(FLOOR((AH15/86400),1))-NETWORKDAYS(E15,C15)),IF(FLOOR((AH15/86400),1)=0,"интрадей",(FLOOR((AH15/86400),1)))) -> интрадей | AK15: =IF(D15<Служебный!P$3,"Раньше открытия",IF(D15>Служебный!P$6,"Позже закрытия",IF(D15<Служебный!P$4,Служебный!N$4,IF((D15>Служебный!P$5),Служебный!N$6,Служебный!N$5)))) -> 11:00 - 14:30 | AL15: =IF(X15>0,X15,0) -> 0 | AM15: =IF(X15<0,X15,0) -> -8.59 | AN15: =IF(G15<>"",YEAR(C15),"") -> 2009 | AO15: =IF(G15<>"",(IF(TEXT(C15,"MMMM") = "MMMM",TEXT(C15,"ММММ"),TEXT(C15,"MMMM"))),"") -> Ноябрь | AP15: =IF(G15<>"",CEILING((C15-DATE(YEAR(C15),1,1)+WEEKDAY(DATE(YEAR(C15),1,1),2))/7,1),"") -> 49 | AQ15: =IF(AV15<>0,S15,0) -> 0 | AR15: =AR14+R15 -> 25000 | AS15: =IFERROR(100*(S15-AR15)/AR15,"Заполните депозит") -> -0.44536 | AT15: =IFERROR(100*(S15-S14-R15)/(S14+R15),"Заполните депозит") -> -0.034501802 | AU15: =IF(C15<>C14,Z15,0) -> 0 | AV15: =IF(C15<>C16,AB15,0) -> 0 | AW15: =CEILING(I15,5) -> 40 | AX15: =IF(AV15=0,AX14,IF(VLOOKUP(C14,Сводный!I:L,2,FALSE)<0,IF(AX14<0,AX14-1,-1),IF(AX14>0,AX14+1,1))) -> 0
B16: 15 | C16: 40147 | D16: 0.61391204 | E16: =C16 -> 40147 | F16: 0.66603009 | G16: MRX | H16: L | I16: 23.64 | J16: 23.57 | K16: 100 | L16: 2.44 | M16: пробой уровня | N16: стоп | O16: -2 | P16: Черепахи | S16: =S15+R16+X16 -> 24879.22 | T16: =L16 -> 2.44 | U16: =I16*ABS(K16) -> 2364 | V16: =J16*ABS(K16) -> 2357 | W16: =IF(H16="s",U16-V16,V16-U16) -> -7 | X16: =W16-T16 -> -9.44 | Y16: =Y15+W15 -> -78 | Z16: =Z15+X15 -> -111.34 | AA16: =Y16+W16 -> -85 | AB16: =Z16+X16 -> -120.78 | AC16: =IF(G16<>"",VLOOKUP(WEEKDAY(C16,2),Служебный!K$4:L$10,2),"") -> пн | AD16: =IF(G16 <> "",TEXT((HOUR(D16)),0)&"-"&TEXT(HOUR(D16)+1,0),"") -> 14-15 | AE16: =VLOOKUP(G:G,Служебный!B:G,6,) -> NYSE | AF16: =VLOOKUP(G:G,Служебный!B:G,3,FALSE) -> Healthcare | AG16: =VLOOKUP(G:G,Служебный!B:G,4,FALSE) -> Biotechnology | AH16: =ROUND(((E16+F16)-(C16+D16))*86400,0) -> 4503 | AI16: =IF(FLOOR((AH16/60),15)>400,"Среднесрок",FLOOR((AH16/60),15)) -> 75 | AJ16: =IFERROR(IF(FLOOR((AH16/86400),1)=0,"интрадей",(FLOOR((AH16/86400),1))-(FLOOR((AH16/86400),1))-NETWORKDAYS(E16,C16)),IF(FLOOR((AH16/86400),1)=0,"интрадей",(FLOOR((AH16/86400),1)))) -> интрадей | AK16: =IF(D16<Служебный!P$3,"Раньше открытия",IF(D16>Служебный!P$6,"Позже закрытия",IF(D16<Служебный!P$4,Служебный!N$4,IF((D16>Служебный!P$5),Служебный!N$6,Служебный!N$5)))) -> 14:30 - 16:00 | AL16: =IF(X16>0,X16,0) -> 0 | AM16: =IF(X16<0,X16,0) -> -9.44 | AN16: =IF(G16<>"",YEAR(C16),"") -> 2009 | AO16: =IF(G16<>"",(IF(TEXT(C16,"MMMM") = "MMMM",TEXT(C16,"ММММ"),TEXT(C16,"MMMM"))),"") -> Ноябрь | AP16: =IF(G16<>"",CEILING((C16-DATE(YEAR(C16),1,1)+WEEKDAY(DATE(YEAR(C16),1,1),2))/7,1),"") -> 49 | AQ16: =IF(AV16<>0,S16,0) -> 0 | AR16: =AR15+R16 -> 25000 | AS16: =IFERROR(100*(S16-AR16)/AR16,"Заполните депозит") -> -0.48312 | AT16: =IFERROR(100*(S16-S15-R16)/(S15+R16),"Заполните депозит") -> -0.03792892 | AU16: =IF(C16<>C15,Z16,0) -> 0 | AV16: =IF(C16<>C17,AB16,0) -> 0 | AW16: =CEILING(I16,5) -> 25 | AX16: =IF(AV16=0,AX15,IF(VLOOKUP(C15,Сводный!I:L,2,FALSE)<0,IF(AX15<0,AX15-1,-1),IF(AX15>0,AX15+1,1))) -> 0
B17: 16 | C17: 40147 | D17: 0.63583333 | E17: =C17 -> 40147 | F17: 0.66590278 | G17: PLT | H17: L | I17: 23.4 | J17: 23.15 | K17: 200 | L17: 4.86 | M17: продолжение движения | N17: стоп | O17: -2 | P17: Стратегия №2 | S17: =S16+R17+X17 -> 24824.36 | T17: =L17 -> 4.86 | U17: =I17*ABS(K17) -> 4680 | V17: =J17*ABS(K17) -> 4630 | W17: =IF(H17="s",U17-V17,V17-U17) -> -50 | X17: =W17-T17 -> -54.86 | Y17: =Y16+W16 -> -85 | Z17: =Z16+X16 -> -120.78 | AA17: =Y17+W17 -> -135 | AB17: =Z17+X17 -> -175.64 | AC17: =IF(G17<>"",VLOOKUP(WEEKDAY(C17,2),Служебный!K$4:L$10,2),"") -> пн | AD17: =IF(G17 <> "",TEXT((HOUR(D17)),0)&"-"&TEXT(HOUR(D17)+1,0),"") -> 15-16 | AE17: =VLOOKUP(G:G,Служебный!B:G,6,) -> NYSE | AF17: =VLOOKUP(G:G,Служебный!B:G,3,FALSE) -> Technology | AG17: =VLOOKUP(G:G,Служебный!B:G,4,FALSE) -> Processing Systems & Products | AH17: =ROUND(((E17+F17)-(C17+D17))*86400,0) -> 2598 | AI17: =IF(FLOOR((AH17/60),15)>400,"Среднесрок",FLOOR((AH17/60),15)) -> 30 | AJ17: =IFERROR(IF(FLOOR((AH17/86400),1)=0,"интрадей",(FLOOR((AH17/86400),1))-(FLOOR((AH17/86400),1))-NETWORKDAYS(E17,C17)),IF(FLOOR((AH17/86400),1)=0,"интрадей",(FLOOR((AH17/86400),1)))) -> интрадей | AK17: =IF(D17<Служебный!P$3,"Раньше открытия",IF(D17>Служебный!P$6,"Позже закрытия",IF(D17<Служебный!P$4,Служебный!N$4,IF((D17>Служебный!P$5),Служебный!N$6,Служебный!N$5)))) -> 14:30 - 16:00 | AL17: =IF(X17>0,X17,0) -> 0 | AM17: =IF(X17<0,X17,0) -> -54.86 | AN17: =IF(G17<>"",YEAR(C17),"") -> 2009 | AO17: =IF(G17<>"",(IF(TEXT(C17,"MMMM") = "MMMM",TEXT(C17,"ММММ"),TEXT(C17,"MMMM"))),"") -> Ноябрь | AP17: =IF(G17<>"",CEILING((C17-DATE(YEAR(C17),1,1)+WEEKDAY(DATE(YEAR(C17),1,1),2))/7,1),"") -> 49 | AQ17: =IF(AV17<>0,S17,0) -> 24824.36 | AR17: =AR16+R17 -> 25000 | AS17: =IFERROR(100*(S17-AR17)/AR17,"Заполните депозит") -> -0.70256 | AT17: =IFERROR(100*(S17-S16-R17)/(S16+R17),"Заполните депозит") -> -0.22050531 | AU17: =IF(C17<>C16,Z17,0) -> 0 | AV17: =IF(C17<>C18,AB17,0) -> -175.64 | AW17: =CEILING(I17,5) -> 25 | AX17: =IF(AV17=0,AX16,IF(VLOOKUP(C16,Сводный!I:L,2,FALSE)<0,IF(AX16<0,AX16-1,-1),IF(AX16>0,AX16+1,1))) -> -1
... B42: 41 | C42: 40155 | D42: 0.60173611 | E42: =C42 -> 40155 | F42: 0.66217593 | G42: ARD | H42: L | I42: 40.035 | J42: 40.125 | K42: 200 | L42: 4.79826 | M42: Прочее | N42: новости | O42: 1 | P42: Стратегия №2 | S42: =S41+R42+X42 -> 25042.294 | T42: =L42 -> 4.79826 | U42: =I42*ABS(K42) -> 8007 | V42: =J42*ABS(K42) -> 8025 | W42: =IF(H42="s",U42-V42,V42-U42) -> 18 | X42: =W42-T42 -> 13.20174 | Y42: =Y41+W41 -> 142.01 | Z42: =Z41+X41 -> 29.09261 | AA42: =Y42+W42 -> 160.01 | AB42: =Z42+X42 -> 42.29435 | AC42: =IF(G42<>"",VLOOKUP(WEEKDAY(C42,2),Служебный!K$4:L$10,2),"") -> вт | AD42: =IF(G42 <> "",TEXT((HOUR(D42)),0)&"-"&TEXT(HOUR(D42)+1,0),"") -> 14-15 | AE42: =VLOOKUP(G:G,Служебный!B:G,6,) -> NYSE | AF42: =VLOOKUP(G:G,Служебный!B:G,3,FALSE) -> Basic Materials | AG42: =VLOOKUP(G:G,Служебный!B:G,4,FALSE) -> Oil & Gas Drilling & Exploration | AH42: =ROUND(((E42+F42)-(C42+D42))*86400,0) -> 5222 | AI42: =IF(FLOOR((AH42/60),15)>400,"Среднесрок",FLOOR((AH42/60),15)) -> 75 | AJ42: =IFERROR(IF(FLOOR((AH42/86400),1)=0,"интрадей",(FLOOR((AH42/86400),1))-(FLOOR((AH42/86400),1))-NETWORKDAYS(E42,C42)),IF(FLOOR((AH42/86400),1)=0,"интрадей",(FLOOR((AH42/86400),1)))) -> интрадей | AK42: =IF(D42<Служебный!P$3,"Раньше открытия",IF(D42>Служебный!P$6,"Позже закрытия",IF(D42<Служебный!P$4,Служебный!N$4,IF((D42>Служебный!P$5),Служебный!N$6,Служебный!N$5)))) -> 11:00 - 14:30 | AL42: =IF(X42>0,X42,0) -> 13.20174 | AM42: =IF(X42<0,X42,0) -> 0 | AN42: =IF(G42<>"",YEAR(C42),"") -> 2009 | AO42: =IF(G42<>"",(IF(TEXT(C42,"MMMM") = "MMMM",TEXT(C42,"ММММ"),TEXT(C42,"MMMM"))),"") -> Декабрь | AP42: =IF(G42<>"",CEILING((C42-DATE(YEAR(C42),1,1)+WEEKDAY(DATE(YEAR(C42),1,1),2))/7,1),"") -> 50 | AQ42: =IF(AV42<>0,S42,0) -> 0 | AR42: =AR41+R42 -> 25000 | AS42: =IFERROR(100*(S42-AR42)/AR42,"Заполните депозит") -> 0.1691774 | AT42: =IFERROR(100*(S42-S41-R42)/(S41+R42),"Заполните депозит") -> 0.05274558 | AU42: =IF(C42<>C41,Z42,0) -> 0 | AV42: =IF(C42<>C43,AB42,0) -> 0 | AW42: =CEILING(I42,5) -> 45 | AX42: =IF(AV42=0,AX41,IF(VLOOKUP(C41,Сводный!I:L,2,FALSE)<0,IF(AX41<0,AX41-1,-1),IF(AX41>0,AX41+1,1))) -> 1
B43: 42 | C43: 40155 | D43: 0.61851852 | E43: =C43 -> 40155 | F43: 0.62199074 | G43: ANR | H43: L | I43: 36.51 | J43: 36.49 | K43: 100 | L43: 2.39913 | M43: отбой от уровня | N43: стоп | O43: 2 | P43: Разворотная | R43: -5000 | S43: =S42+R43+X43 -> 20037.895 | T43: =L43 -> 2.39913 | U43: =I43*ABS(K43) -> 3651 | V43: =J43*ABS(K43) -> 3649 | W43: =IF(H43="s",U43-V43,V43-U43) -> -2 | X43: =W43-T43 -> -4.39913 | Y43: =Y42+W42 -> 160.01 | Z43: =Z42+X42 -> 42.29435 | AA43: =Y43+W43 -> 158.01 | AB43: =Z43+X43 -> 37.89522 | AC43: =IF(G43<>"",VLOOKUP(WEEKDAY(C43,2),Служебный!K$4:L$10,2),"") -> вт | AD43: =IF(G43 <> "",TEXT((HOUR(D43)),0)&"-"&TEXT(HOUR(D43)+1,0),"") -> 14-15 | AE43: =VLOOKUP(G:G,Служебный!B:G,6,) -> NYSE | AF43: =VLOOKUP(G:G,Служебный!B:G,3,FALSE) -> Basic Materials | AG43: =VLOOKUP(G:G,Служебный!B:G,4,FALSE) -> Industrial Metals & Minerals | AH43: =ROUND(((E43+F43)-(C43+D43))*86400,0) -> 300 | AI43: =IF(FLOOR((AH43/60),15)>400,"Среднесрок",FLOOR((AH43/60),15)) -> 0 | AJ43: =IFERROR(IF(FLOOR((AH43/86400),1)=0,"интрадей",(FLOOR((AH43/86400),1))-(FLOOR((AH43/86400),1))-NETWORKDAYS(E43,C43)),IF(FLOOR((AH43/86400),1)=0,"интрадей",(FLOOR((AH43/86400),1)))) -> интрадей | AK43: =IF(D43<Служебный!P$3,"Раньше открытия",IF(D43>Служебный!P$6,"Позже закрытия",IF(D43<Служебный!P$4,Служебный!N$4,IF((D43>Служебный!P$5),Служебный!N$6,Служебный!N$5)))) -> 14:30 - 16:00 | AL43: =IF(X43>0,X43,0) -> 0 | AM43: =IF(X43<0,X43,0) -> -4.39913 | AN43: =IF(G43<>"",YEAR(C43),"") -> 2009 | AO43: =IF(G43<>"",(IF(TEXT(C43,"MMMM") = "MMMM",TEXT(C43,"ММММ"),TEXT(C43,"MMMM"))),"") -> Декабрь | AP43: =IF(G43<>"",CEILING((C43-DATE(YEAR(C43),1,1)+WEEKDAY(DATE(YEAR(C43),1,1),2))/7,1),"") -> 50 | AQ43: =IF(AV43<>0,S43,0) -> 20037.895 | AR43: =AR42+R43 -> 20000 | AS43: =IFERROR(100*(S43-AR43)/AR43,"Заполните депозит") -> 0.1894761 | AT43: =IFERROR(100*(S43-S42-R43)/(S42+R43),"Заполните депозит") -> -0.021949234 | AU43: =IF(C43<>C42,Z43,0) -> 0 | AV43: =IF(C43<>C44,AB43,0) -> 37.89522 | AW43: =CEILING(I43,5) -> 40 | AX43: =IF(AV43=0,AX42,IF(VLOOKUP(C42,Сводный!I:L,2,FALSE)<0,IF(AX42<0,AX42-1,-1),IF(AX42>0,AX42+1,1))) -> -1
B44: 43 | C44: 40156 | D44: 0.40172454 | E44: =C44 -> 40156 | F44: 0.40324074 | G44: GCI | H44: L | I44: 11.56 | J44: 11.48 | K44: 100 | L44: 2.2832 | M44: отбой от уровня | N44: стоп | O44: -1 | P44: Разворотная | S44: =S43+R44+X44 -> 20027.612 | T44: =L44 -> 2.2832 | U44: =I44*ABS(K44) -> 1156 | V44: =J44*ABS(K44) -> 1148 | W44: =IF(H44="s",U44-V44,V44-U44) -> -8 | X44: =W44-T44 -> -10.2832 | Y44: =Y43+W43 -> 158.01 | Z44: =Z43+X43 -> 37.89522 | AA44: =Y44+W44 -> 150.01 | AB44: =Z44+X44 -> 27.61202 | AC44: =IF(G44<>"",VLOOKUP(WEEKDAY(C44,2),Служебный!K$4:L$10,2),"") -> ср | AD44: =IF(G44 <> "",TEXT((HOUR(D44)),0)&"-"&TEXT(HOUR(D44)+1,0),"") -> 9-10 | AE44: =VLOOKUP(G:G,Служебный!B:G,6,) -> NYSE | AF44: =VLOOKUP(G:G,Служебный!B:G,3,FALSE) -> Services | AG44: =VLOOKUP(G:G,Служебный!B:G,4,FALSE) -> Publishing - Newspapers | AH44: =ROUND(((E44+F44)-(C44+D44))*86400,0) -> 131 | AI44: =IF(FLOOR((AH44/60),15)>400,"Среднесрок",FLOOR((AH44/60),15)) -> 0 | AJ44: =IFERROR(IF(FLOOR((AH44/86400),1)=0,"интрадей",(FLOOR((AH44/86400),1))-(FLOOR((AH44/86400),1))-NETWORKDAYS(E44,C44)),IF(FLOOR((AH44/86400),1)=0,"интрадей",(FLOOR((AH44/86400),1)))) -> интрадей | AK44: =IF(D44<Служебный!P$3,"Раньше открытия",IF(D44>Служебный!P$6,"Позже закрытия",IF(D44<Служебный!P$4,Служебный!N$4,IF((D44>Служебный!P$5),Служебный!N$6,Служебный!N$5)))) -> 9:30 - 11:00 | AL44: =IF(X44>0,X44,0) -> 0 | AM44: =IF(X44<0,X44,0) -> -10.2832 | AN44: =IF(G44<>"",YEAR(C44),"") -> 2009 | AO44: =IF(G44<>"",(IF(TEXT(C44,"MMMM") = "MMMM",TEXT(C44,"ММММ"),TEXT(C44,"MMMM"))),"") -> Декабрь | AP44: =IF(G44<>"",CEILING((C44-DATE(YEAR(C44),1,1)+WEEKDAY(DATE(YEAR(C44),1,1),2))/7,1),"") -> 50 | AQ44: =IF(AV44<>0,S44,0) -> 0 | AR44: =AR43+R44 -> 20000 | AS44: =IFERROR(100*(S44-AR44)/AR44,"Заполните депозит") -> 0.1380601 | AT44: =IFERROR(100*(S44-S43-R44)/(S43+R44),"Заполните депозит") -> -0.051318763 | AU44: =IF(C44<>C43,Z44,0) -> 37.89522 | AV44: =IF(C44<>C45,AB44,0) -> 0 | AW44: =CEILING(I44,5) -> 15 | AX44: =IF(AV44=0,AX43,IF(VLOOKUP(C43,Сводный!I:L,2,FALSE)<0,IF(AX43<0,AX43-1,-1),IF(AX43>0,AX43+1,1))) -> -1
B45: 44 | C45: 40156 | D45: 0.40460648 | E45: =C45 -> 40156 | F45: 0.41333333 | G45: PAA | H45: S | I45: 50.98 | J45: 51.05 | K45: 200 | L45: 4.5664 | M45: отбой от уровня | N45: стоп | O45: 1 | P45: Разворотная | S45: =S44+R45+X45 -> 20009.046 | T45: =L45 -> 4.5664 | U45: =I45*ABS(K45) -> 10196 | V45: =J45*ABS(K45) -> 10210 | W45: =IF(H45="s",U45-V45,V45-U45) -> -14 | X45: =W45-T45 -> -18.5664 | Y45: =Y44+W44 -> 150.01 | Z45: =Z44+X44 -> 27.61202 | AA45: =Y45+W45 -> 136.01 | AB45: =Z45+X45 -> 9.04562 | AC45: =IF(G45<>"",VLOOKUP(WEEKDAY(C45,2),Служебный!K$4:L$10,2),"") -> ср | AD45: =IF(G45 <> "",TEXT((HOUR(D45)),0)&"-"&TEXT(HOUR(D45)+1,0),"") -> 9-10 | AE45: =VLOOKUP(G:G,Служебный!B:G,6,) -> NYSE | AF45: =VLOOKUP(G:G,Служебный!B:G,3,FALSE) -> Basic Materials | AG45: =VLOOKUP(G:G,Служебный!B:G,4,FALSE) -> Oil & Gas Pipelines | AH45: =ROUND(((E45+F45)-(C45+D45))*86400,0) -> 754 | AI45: =IF(FLOOR((AH45/60),15)>400,"Среднесрок",FLOOR((AH45/60),15)) -> 0 | AJ45: =IFERROR(IF(FLOOR((AH45/86400),1)=0,"интрадей",(FLOOR((AH45/86400),1))-(FLOOR((AH45/86400),1))-NETWORKDAYS(E45,C45)),IF(FLOOR((AH45/86400),1)=0,"интрадей",(FLOOR((AH45/86400),1)))) -> интрадей | AK45: =IF(D45<Служебный!P$3,"Раньше открытия",IF(D45>Служебный!P$6,"Позже закрытия",IF(D45<Служебный!P$4,Служебный!N$4,IF((D45>Служебный!P$5),Служебный!N$6,Служебный!N$5)))) -> 9:30 - 11:00 | AL45: =IF(X45>0,X45,0) -> 0 | AM45: =IF(X45<0,X45,0) -> -18.5664 | AN45: =IF(G45<>"",YEAR(C45),"") -> 2009 | AO45: =IF(G45<>"",(IF(TEXT(C45,"MMMM") = "MMMM",TEXT(C45,"ММММ"),TEXT(C45,"MMMM"))),"") -> Декабрь | AP45: =IF(G45<>"",CEILING((C45-DATE(YEAR(C45),1,1)+WEEKDAY(DATE(YEAR(C45),1,1),2))/7,1),"") -> 50 | AQ45: =IF(AV45<>0,S45,0) -> 0 | AR45: =AR44+R45 -> 20000 | AS45: =IFERROR(100*(S45-AR45)/AR45,"Заполните депозит") -> 0.0452281 | AT45: =IFERROR(100*(S45-S44-R45)/(S44+R45),"Заполните депозит") -> -0.092704013 | AU45: =IF(C45<>C44,Z45,0) -> 0 | AV45: =IF(C45<>C46,AB45,0) -> 0 | AW45: =CEILING(I45,5) -> 55 | AX45: =IF(AV45=0,AX44,IF(VLOOKUP(C44,Сводный!I:L,2,FALSE)<0,IF(AX44<0,AX44-1,-1),IF(AX44>0,AX44+1,1))) -> -1
B46: 45 | C46: 40156 | D46: 0.41065972 | E46: =C46 -> 40156 | F46: 0.41116898 | G46: CP | H46: S | I46: 51.98 | J46: 52.07 | K46: 100 | L46: 2.2832 | M46: отбой от уровня | N46: цель | O46: 0 | P46: Разворотная | S46: =S45+R46+X46 -> 19997.762 | T46: =L46 -> 2.2832 | U46: =I46*ABS(K46) -> 5198 | V46: =J46*ABS(K46) -> 5207 | W46: =IF(H46="s",U46-V46,V46-U46) -> -9 | X46: =W46-T46 -> -11.2832 | Y46: =Y45+W45 -> 136.01 | Z46: =Z45+X45 -> 9.04562 | AA46: =Y46+W46 -> 127.01 | AB46: =Z46+X46 -> -2.23758 | AC46: =IF(G46<>"",VLOOKUP(WEEKDAY(C46,2),Служебный!K$4:L$10,2),"") -> ср | AD46: =IF(G46 <> "",TEXT((HOUR(D46)),0)&"-"&TEXT(HOUR(D46)+1,0),"") -> 9-10 | AE46: =VLOOKUP(G:G,Служебный!B:G,6,) -> NYSE | AF46: =VLOOKUP(G:G,Служебный!B:G,3,FALSE) -> Services | AG46: =VLOOKUP(G:G,Служебный!B:G,4,FALSE) -> Railroads | AH46: =ROUND(((E46+F46)-(C46+D46))*86400,0) -> 44 | AI46: =IF(FLOOR((AH46/60),15)>400,"Среднесрок",FLOOR((AH46/60),15)) -> 0 | AJ46: =IFERROR(IF(FLOOR((AH46/86400),1)=0,"интрадей",(FLOOR((AH46/86400),1))-(FLOOR((AH46/86400),1))-NETWORKDAYS(E46,C46)),IF(FLOOR((AH46/86400),1)=0,"интрадей",(FLOOR((AH46/86400),1)))) -> интрадей | AK46: =IF(D46<Служебный!P$3,"Раньше открытия",IF(D46>Служебный!P$6,"Позже закрытия",IF(D46<Служебный!P$4,Служебный!N$4,IF((D46>Служебный!P$5),Служебный!N$6,Служебный!N$5)))) -> 9:30 - 11:00 | AL46: =IF(X46>0,X46,0) -> 0 | AM46: =IF(X46<0,X46,0) -> -11.2832 | AN46: =IF(G46<>"",YEAR(C46),"") -> 2009 | AO46: =IF(G46<>"",(IF(TEXT(C46,"MMMM") = "MMMM",TEXT(C46,"ММММ"),TEXT(C46,"MMMM"))),"") -> Декабрь | AP46: =IF(G46<>"",CEILING((C46-DATE(YEAR(C46),1,1)+WEEKDAY(DATE(YEAR(C46),1,1),2))/7,1),"") -> 50 | AQ46: =IF(AV46<>0,S46,0) -> 0 | AR46: =AR45+R46 -> 20000 | AS46: =IFERROR(100*(S46-AR46)/AR46,"Заполните депозит") -> -0.0111879 | AT46: =IFERROR(100*(S46-S45-R46)/(S45+R46),"Заполните депозит") -> -0.056390496 | AU46: =IF(C46<>C45,Z46,0) -> 0 | AV46: =IF(C46<>C47,AB46,0) -> 0 | AW46: =CEILING(I46,5) -> 55 | AX46: =IF(AV46=0,AX45,IF(VLOOKUP(C45,Сводный!I:L,2,FALSE)<0,IF(AX45<0,AX45-1,-1),IF(AX45>0,AX45+1,1))) -> -1
B47: 46 | C47: 40156 | D47: 0.41438657 | E47: =C47 -> 40156 | F47: 0.43415509 | G47: DEO | H47: S | I47: 66.87 | J47: 66.88 | K47: 100 | L47: 2.2832 | M47: отбой от уровня | N47: цель | O47: 2 | P47: Разворотная | S47: =S46+R47+X47 -> 19994.479 | T47: =L47 -> 2.2832 | U47: =I47*ABS(K47) -> 6687 | V47: =J47*ABS(K47) -> 6688 | W47: =IF(H47="s",U47-V47,V47-U47) -> -1 | X47: =W47-T47 -> -3.2832 | Y47: =Y46+W46 -> 127.01 | Z47: =Z46+X46 -> -2.23758 | AA47: =Y47+W47 -> 126.01 | AB47: =Z47+X47 -> -5.52078 | AC47: =IF(G47<>"",VLOOKUP(WEEKDAY(C47,2),Служебный!K$4:L$10,2),"") -> ср | AD47: =IF(G47 <> "",TEXT((HOUR(D47)),0)&"-"&TEXT(HOUR(D47)+1,0),"") -> 9-10 | AE47: =VLOOKUP(G:G,Служебный!B:G,6,) -> NYSE | AF47: =VLOOKUP(G:G,Служебный!B:G,3,FALSE) -> Consumer Goods | AG47: =VLOOKUP(G:G,Служебный!B:G,4,FALSE) -> Beverages - Wineries & Distillers | AH47: =ROUND(((E47+F47)-(C47+D47))*86400,0) -> 1708 | AI47: =IF(FLOOR((AH47/60),15)>400,"Среднесрок",FLOOR((AH47/60),15)) -> 15 | AJ47: =IFERROR(IF(FLOOR((AH47/86400),1)=0,"интрадей",(FLOOR((AH47/86400),1))-(FLOOR((AH47/86400),1))-NETWORKDAYS(E47,C47)),IF(FLOOR((AH47/86400),1)=0,"интрадей",(FLOOR((AH47/86400),1)))) -> интрадей | AK47: =IF(D47<Служебный!P$3,"Раньше открытия",IF(D47>Служебный!P$6,"Позже закрытия",IF(D47<Служебный!P$4,Служебный!N$4,IF((D47>Служебный!P$5),Служебный!N$6,Служебный!N$5)))) -> 9:30 - 11:00 | AL47: =IF(X47>0,X47,0) -> 0 | AM47: =IF(X47<0,X47,0) -> -3.2832 | AN47: =IF(G47<>"",YEAR(C47),"") -> 2009 | AO47: =IF(G47<>"",(IF(TEXT(C47,"MMMM") = "MMMM",TEXT(C47,"ММММ"),TEXT(C47,"MMMM"))),"") -> Декабрь | AP47: =IF(G47<>"",CEILING((C47-DATE(YEAR(C47),1,1)+WEEKDAY(DATE(YEAR(C47),1,1),2))/7,1),"") -> 50 | AQ47: =IF(AV47<>0,S47,0) -> 0 | AR47: =AR46+R47 -> 20000 | AS47: =IFERROR(100*(S47-AR47)/AR47,"Заполните депозит") -> -0.0276039 | AT47: =IFERROR(100*(S47-S46-R47)/(S46+R47),"Заполните депозит") -> -0.016417837 | AU47: =IF(C47<>C46,Z47,0) -> 0 | AV47: =IF(C47<>C48,AB47,0) -> 0 | AW47: =CEILING(I47,5) -> 70 | AX47: =IF(AV47=0,AX46,IF(VLOOKUP(C46,Сводный!I:L,2,FALSE)<0,IF(AX46<0,AX46-1,-1),IF(AX46>0,AX46+1,1))) -> -1
B48: 47 | C48: 40156 | D48: 0.42789352 | E48: =C48 -> 40156 | F48: 0.43466435 | G48: DEO | H48: S | I48: 67.04 | J48: 66.9 | K48: 100 | L48: 2.2832 | M48: отбой от уровня | N48: стоп | O48: 1 | P48: Разворотная | S48: =S47+R48+X48 -> 20006.196 | T48: =L48 -> 2.2832 | U48: =I48*ABS(K48) -> 6704 | V48: =J48*ABS(K48) -> 6690 | W48: =IF(H48="s",U48-V48,V48-U48) -> 14 | X48: =W48-T48 -> 11.7168 | Y48: =Y47+W47 -> 126.01 | Z48: =Z47+X47 -> -5.52078 | AA48: =Y48+W48 -> 140.01 | AB48: =Z48+X48 -> 6.19602 | AC48: =IF(G48<>"",VLOOKUP(WEEKDAY(C48,2),Служебный!K$4:L$10,2),"") -> ср | AD48: =IF(G48 <> "",TEXT((HOUR(D48)),0)&"-"&TEXT(HOUR(D48)+1,0),"") -> 10-11 | AE48: =VLOOKUP(G:G,Служебный!B:G,6,) -> NYSE | AF48: =VLOOKUP(G:G,Служебный!B:G,3,FALSE) -> Consumer Goods | AG48: =VLOOKUP(G:G,Служебный!B:G,4,FALSE) -> Beverages - Wineries & Distillers | AH48: =ROUND(((E48+F48)-(C48+D48))*86400,0) -> 585 | AI48: =IF(FLOOR((AH48/60),15)>400,"Среднесрок",FLOOR((AH48/60),15)) -> 0 | AJ48: =IFERROR(IF(FLOOR((AH48/86400),1)=0,"интрадей",(FLOOR((AH48/86400),1))-(FLOOR((AH48/86400),1))-NETWORKDAYS(E48,C48)),IF(FLOOR((AH48/86400),1)=0,"интрадей",(FLOOR((AH48/86400),1)))) -> интрадей | AK48: =IF(D48<Служебный!P$3,"Раньше открытия",IF(D48>Служебный!P$6,"Позже закрытия",IF(D48<Служебный!P$4,Служебный!N$4,IF((D48>Служебный!P$5),Служебный!N$6,Служебный!N$5)))) -> 9:30 - 11:00 | AL48: =IF(X48>0,X48,0) -> 11.7168 | AM48: =IF(X48<0,X48,0) -> 0 | AN48: =IF(G48<>"",YEAR(C48),"") -> 2009 | AO48: =IF(G48<>"",(IF(TEXT(C48,"MMMM") = "MMMM",TEXT(C48,"ММММ"),TEXT(C48,"MMMM"))),"") -> Декабрь | AP48: =IF(G48<>"",CEILING((C48-DATE(YEAR(C48),1,1)+WEEKDAY(DATE(YEAR(C48),1,1),2))/7,1),"") -> 50 | AQ48: =IF(AV48<>0,S48,0) -> 0 | AR48: =AR47+R48 -> 20000 | AS48: =IFERROR(100*(S48-AR48)/AR48,"Заполните депозит") -> 0.0309801 | AT48: =IFERROR(100*(S48-S47-R48)/(S47+R48),"Заполните депозит") -> 0.058600176 | AU48: =IF(C48<>C47,Z48,0) -> 0 | AV48: =IF(C48<>C49,AB48,0) -> 0 | AW48: =CEILING(I48,5) -> 70 | AX48: =IF(AV48=0,AX47,IF(VLOOKUP(C47,Сводный!I:L,2,FALSE)<0,IF(AX47<0,AX47-1,-1),IF(AX47>0,AX47+1,1))) -> -1
B49: 48 | C49: 40156 | D49: 0.53180556 | E49: =C49 -> 40156 | F49: 0.53416667 | G49: KGC | H49: S | I49: 19.49 | J49: 19.54 | K49: 100 | L49: 2.2832 | M49: отбой от уровня | N49: цель | O49: 1 | P49: Разворотная | S49: =S48+R49+X49 -> 19998.913 | T49: =L49 -> 2.2832 | U49: =I49*ABS(K49) -> 1949 | V49: =J49*ABS(K49) -> 1954 | W49: =IF(H49="s",U49-V49,V49-U49) -> -5 | X49: =W49-T49 -> -7.2832 | Y49: =Y48+W48 -> 140.01 | Z49: =Z48+X48 -> 6.19602 | AA49: =Y49+W49 -> 135.01 | AB49: =Z49+X49 -> -1.08718 | AC49: =IF(G49<>"",VLOOKUP(WEEKDAY(C49,2),Служебный!K$4:L$10,2),"") -> ср | AD49: =IF(G49 <> "",TEXT((HOUR(D49)),0)&"-"&TEXT(HOUR(D49)+1,0),"") -> 12-13 | AE49: =VLOOKUP(G:G,Служебный!B:G,6,) -> NYSE | AF49: =VLOOKUP(G:G,Служебный!B:G,3,FALSE) -> Basic Materials | AG49: =VLOOKUP(G:G,Служебный!B:G,4,FALSE) -> Gold | AH49: =ROUND(((E49+F49)-(C49+D49))*86400,0) -> 204 | AI49: =IF(FLOOR((AH49/60),15)>400,"Среднесрок",FLOOR((AH49/60),15)) -> 0 | AJ49: =IFERROR(IF(FLOOR((AH49/86400),1)=0,"интрадей",(FLOOR((AH49/86400),1))-(FLOOR((AH49/86400),1))-NETWORKDAYS(E49,C49)),IF(FLOOR((AH49/86400),1)=0,"интрадей",(FLOOR((AH49/86400),1)))) -> интрадей | AK49: =IF(D49<Служебный!P$3,"Раньше открытия",IF(D49>Служебный!P$6,"Позже закрытия",IF(D49<Служебный!P$4,Служебный!N$4,IF((D49>Служебный!P$5),Служебный!N$6,Служебный!N$5)))) -> 11:00 - 14:30 | AL49: =IF(X49>0,X49,0) -> 0 | AM49: =IF(X49<0,X49,0) -> -7.2832 | AN49: =IF(G49<>"",YEAR(C49),"") -> 2009 | AO49: =IF(G49<>"",(IF(TEXT(C49,"MMMM") = "MMMM",TEXT(C49,"ММММ"),TEXT(C49,"MMMM"))),"") -> Декабрь | AP49: =IF(G49<>"",CEILING((C49-DATE(YEAR(C49),1,1)+WEEKDAY(DATE(YEAR(C49),1,1),2))/7,1),"") -> 50 | AQ49: =IF(AV49<>0,S49,0) -> 0 | AR49: =AR48+R49 -> 20000 | AS49: =IFERROR(100*(S49-AR49)/AR49,"Заполните депозит") -> -0.0054359 | AT49: =IFERROR(100*(S49-S48-R49)/(S48+R49),"Заполните депозит") -> -0.036404722 | AU49: =IF(C49<>C48,Z49,0) -> 0 | AV49: =IF(C49<>C50,AB49,0) -> 0 | AW49: =CEILING(I49,5) -> 20 | AX49: =IF(AV49=0,AX48,IF(VLOOKUP(C48,Сводный!I:L,2,FALSE)<0,IF(AX48<0,AX48-1,-1),IF(AX48>0,AX48+1,1))) -> -1
B50: 49 | C50: 40156 | D50: 0.53314815 | E50: =C50 -> 40156 | F50: 0.54280093 | G50: BLL | H50: L | I50: 51.03 | J50: 50.96 | K50: 100 | L50: 2.2832 | M50: пробой уровня | N50: стоп | O50: 0 | P50: Черепахи | S50: =S49+R50+X50 -> 19989.63 | T50: =L50 -> 2.2832 | U50: =I50*ABS(K50) -> 5103 | V50: =J50*ABS(K50) -> 5096 | W50: =IF(H50="s",U50-V50,V50-U50) -> -7 | X50: =W50-T50 -> -9.2832 | Y50: =Y49+W49 -> 135.01 | Z50: =Z49+X49 -> -1.08718 | AA50: =Y50+W50 -> 128.01 | AB50: =Z50+X50 -> -10.37038 | AC50: =IF(G50<>"",VLOOKUP(WEEKDAY(C50,2),Служебный!K$4:L$10,2),"") -> ср | AD50: =IF(G50 <> "",TEXT((HOUR(D50)),0)&"-"&TEXT(HOUR(D50)+1,0),"") -> 12-13 | AE50: =VLOOKUP(G:G,Служебный!B:G,6,) -> NYSE | AF50: =VLOOKUP(G:G,Служебный!B:G,3,FALSE) -> Consumer Goods | AG50: =VLOOKUP(G:G,Служебный!B:G,4,FALSE) -> Packaging & Containers | AH50: =ROUND(((E50+F50)-(C50+D50))*86400,0) -> 834 | AI50: =IF(FLOOR((AH50/60),15)>400,"Среднесрок",FLOOR((AH50/60),15)) -> 0 | AJ50: =IFERROR(IF(FLOOR((AH50/86400),1)=0,"интрадей",(FLOOR((AH50/86400),1))-(FLOOR((AH50/86400),1))-NETWORKDAYS(E50,C50)),IF(FLOOR((AH50/86400),1)=0,"интрадей",(FLOOR((AH50/86400),1)))) -> интрадей | AK50: =IF(D50<Служебный!P$3,"Раньше открытия",IF(D50>Служебный!P$6,"Позже закрытия",IF(D50<Служебный!P$4,Служебный!N$4,IF((D50>Служебный!P$5),Служебный!N$6,Служебный!N$5)))) -> 11:00 - 14:30 | AL50: =IF(X50>0,X50,0) -> 0 | AM50: =IF(X50<0,X50,0) -> -9.2832 | AN50: =IF(G50<>"",YEAR(C50),"") -> 2009 | AO50: =IF(G50<>"",(IF(TEXT(C50,"MMMM") = "MMMM",TEXT(C50,"ММММ"),TEXT(C50,"MMMM"))),"") -> Декабрь | AP50: =IF(G50<>"",CEILING((C50-DATE(YEAR(C50),1,1)+WEEKDAY(DATE(YEAR(C50),1,1),2))/7,1),"") -> 50 | AQ50: =IF(AV50<>0,S50,0) -> 0 | AR50: =AR49+R50 -> 20000 | AS50: =IFERROR(100*(S50-AR50)/AR50,"Заполните депозит") -> -0.0518519 | AT50: =IFERROR(100*(S50-S49-R50)/(S49+R50),"Заполните депозит") -> -0.046418523 | AU50: =IF(C50<>C49,Z50,0) -> 0 | AV50: =IF(C50<>C51,AB50,0) -> 0 | AW50: =CEILING(I50,5) -> 55 | AX50: =IF(AV50=0,AX49,IF(VLOOKUP(C49,Сводный!I:L,2,FALSE)<0,IF(AX49<0,AX49-1,-1),IF(AX49>0,AX49+1,1))) -> -1
B51: 50 | C51: 40156 | D51: 0.53314815 | E51: =C51 -> 40156 | F51: 0.56440972 | G51: BLL | H51: L | I51: 51.01 | J51: 50.98 | K51: 100 | L51: 2.2832 | M51: отбой от уровня | N51: стоп | O51: 1 | P51: Разворотная | S51: =S50+R51+X51 -> 19984.346 | T51: =L51 -> 2.2832 | U51: =I51*ABS(K51) -> 5101 | V51: =J51*ABS(K51) -> 5098 | W51: =IF(H51="s",U51-V51,V51-U51) -> -3 | X51: =W51-T51 -> -5.2832 | Y51: =Y50+W50 -> 128.01 | Z51: =Z50+X50 -> -10.37038 | AA51: =Y51+W51 -> 125.01 | AB51: =Z51+X51 -> -15.65358 | AC51: =IF(G51<>"",VLOOKUP(WEEKDAY(C51,2),Служебный!K$4:L$10,2),"") -> ср | AD51: =IF(G51 <> "",TEXT((HOUR(D51)),0)&"-"&TEXT(HOUR(D51)+1,0),"") -> 12-13 | AE51: =VLOOKUP(G:G,Служебный!B:G,6,) -> NYSE | AF51: =VLOOKUP(G:G,Служебный!B:G,3,FALSE) -> Consumer Goods | AG51: =VLOOKUP(G:G,Служебный!B:G,4,FALSE) -> Packaging & Containers | AH51: =ROUND(((E51+F51)-(C51+D51))*86400,0) -> 2701 | AI51: =IF(FLOOR((AH51/60),15)>400,"Среднесрок",FLOOR((AH51/60),15)) -> 45 | AJ51: =IFERROR(IF(FLOOR((AH51/86400),1)=0,"интрадей",(FLOOR((AH51/86400),1))-(FLOOR((AH51/86400),1))-NETWORKDAYS(E51,C51)),IF(FLOOR((AH51/86400),1)=0,"интрадей",(FLOOR((AH51/86400),1)))) -> интрадей | AK51: =IF(D51<Служебный!P$3,"Раньше открытия",IF(D51>Служебный!P$6,"Позже закрытия",IF(D51<Служебный!P$4,Служебный!N$4,IF((D51>Служебный!P$5),Служебный!N$6,Служебный!N$5)))) -> 11:00 - 14:30 | AL51: =IF(X51>0,X51,0) -> 0 | AM51: =IF(X51<0,X51,0) -> -5.2832 | AN51: =IF(G51<>"",YEAR(C51),"") -> 2009 | AO51: =IF(G51<>"",(IF(TEXT(C51,"MMMM") = "MMMM",TEXT(C51,"ММММ"),TEXT(C51,"MMMM"))),"") -> Декабрь | AP51: =IF(G51<>"",CEILING((C51-DATE(YEAR(C51),1,1)+WEEKDAY(DATE(YEAR(C51),1,1),2))/7,1),"") -> 50 | AQ51: =IF(AV51<>0,S51,0) -> 0 | AR51: =AR50+R51 -> 20000 | AS51: =IFERROR(100*(S51-AR51)/AR51,"Заполните депозит") -> -0.0782679 | AT51: =IFERROR(100*(S51-S50-R51)/(S50+R51),"Заполните депозит") -> -0.026429704 | AU51: =IF(C51<>C50,Z51,0) -> 0 | AV51: =IF(C51<>C52,AB51,0) -> 0 | AW51: =CEILING(I51,5) -> 55 | AX51: =IF(AV51=0,AX50,IF(VLOOKUP(C50,Сводный!I:L,2,FALSE)<0,IF(AX50<0,AX50-1,-1),IF(AX50>0,AX50+1,1))) -> -1
B52: 51 | C52: 40156 | D52: 0.53372685 | E52: =C52 -> 40156 | F52: 0.5396412 | G52: CCJ | H52: S | I52: 28.99 | J52: 29.02 | K52: 100 | L52: 2.2832 | M52: отбой от уровня | N52: трейлинг стоп | O52: 0 | P52: Разворотная | S52: =S51+R52+X52 -> 19979.063 | T52: =L52 -> 2.2832 | U52: =I52*ABS(K52) -> 2899 | V52: =J52*ABS(K52) -> 2902 | W52: =IF(H52="s",U52-V52,V52-U52) -> -3 | X52: =W52-T52 -> -5.2832 | Y52: =Y51+W51 -> 125.01 | Z52: =Z51+X51 -> -15.65358 | AA52: =Y52+W52 -> 122.01 | AB52: =Z52+X52 -> -20.93678 | AC52: =IF(G52<>"",VLOOKUP(WEEKDAY(C52,2),Служебный!K$4:L$10,2),"") -> ср | AD52: =IF(G52 <> "",TEXT((HOUR(D52)),0)&"-"&TEXT(HOUR(D52)+1,0),"") -> 12-13 | AE52: =VLOOKUP(G:G,Служебный!B:G,6,) -> NYSE | AF52: =VLOOKUP(G:G,Служебный!B:G,3,FALSE) -> Basic Materials | AG52: =VLOOKUP(G:G,Служебный!B:G,4,FALSE) -> Industrial Metals & Minerals | AH52: =ROUND(((E52+F52)-(C52+D52))*86400,0) -> 511 | AI52: =IF(FLOOR((AH52/60),15)>400,"Среднесрок",FLOOR((AH52/60),15)) -> 0 | AJ52: =IFERROR(IF(FLOOR((AH52/86400),1)=0,"интрадей",(FLOOR((AH52/86400),1))-(FLOOR((AH52/86400),1))-NETWORKDAYS(E52,C52)),IF(FLOOR((AH52/86400),1)=0,"интрадей",(FLOOR((AH52/86400),1)))) -> интрадей | AK52: =IF(D52<Служебный!P$3,"Раньше открытия",IF(D52>Служебный!P$6,"Позже закрытия",IF(D52<Служебный!P$4,Служебный!N$4,IF((D52>Служебный!P$5),Служебный!N$6,Служебный!N$5)))) -> 11:00 - 14:30 | AL52: =IF(X52>0,X52,0) -> 0 | AM52: =IF(X52<0,X52,0) -> -5.2832 | AN52: =IF(G52<>"",YEAR(C52),"") -> 2009 | AO52: =IF(G52<>"",(IF(TEXT(C52,"MMMM") = "MMMM",TEXT(C52,"ММММ"),TEXT(C52,"MMMM"))),"") -> Декабрь | AP52: =IF(G52<>"",CEILING((C52-DATE(YEAR(C52),1,1)+WEEKDAY(DATE(YEAR(C52),1,1),2))/7,1),"") -> 50 | AQ52: =IF(AV52<>0,S52,0) -> 0 | AR52: =AR51+R52 -> 20000 | AS52: =IFERROR(100*(S52-AR52)/AR52,"Заполните депозит") -> -0.1046839 | AT52: =IFERROR(100*(S52-S51-R52)/(S51+R52),"Заполните депозит") -> -0.026436691 | AU52: =IF(C52<>C51,Z52,0) -> 0 | AV52: =IF(C52<>C53,AB52,0) -> 0 | AW52: =CEILING(I52,5) -> 30 | AX52: =IF(AV52=0,AX51,IF(VLOOKUP(C51,Сводный!I:L,2,FALSE)<0,IF(AX51<0,AX51-1,-1),IF(AX51>0,AX51+1,1))) -> -1
B53: 52 | C53: 40156 | D53: 0.53767361 | E53: =C53 -> 40156 | F53: 0.53814815 | G53: PBR | H53: S | I53: 47.98 | J53: 48.02 | K53: 100 | L53: 2.2832 | M53: отбой от уровня | N53: трейлинг стоп | O53: 2 | P53: Разворотная | S53: =S52+R53+X53 -> 19972.78 | T53: =L53 -> 2.2832 | U53: =I53*ABS(K53) -> 4798 | V53: =J53*ABS(K53) -> 4802 | W53: =IF(H53="s",U53-V53,V53-U53) -> -4 | X53: =W53-T53 -> -6.2832 | Y53: =Y52+W52 -> 122.01 | Z53: =Z52+X52 -> -20.93678 | AA53: =Y53+W53 -> 118.01 | AB53: =Z53+X53 -> -27.21998 | AC53: =IF(G53<>"",VLOOKUP(WEEKDAY(C53,2),Служебный!K$4:L$10,2),"") -> ср | AD53: =IF(G53 <> "",TEXT((HOUR(D53)),0)&"-"&TEXT(HOUR(D53)+1,0),"") -> 12-13 | AE53: =VLOOKUP(G:G,Служебный!B:G,6,) -> NYSE | AF53: =VLOOKUP(G:G,Служебный!B:G,3,FALSE) -> Basic Materials | AG53: =VLOOKUP(G:G,Служебный!B:G,4,FALSE) -> Oil & Gas Drilling & Exploration | AH53: =ROUND(((E53+F53)-(C53+D53))*86400,0) -> 41 | AI53: =IF(FLOOR((AH53/60),15)>400,"Среднесрок",FLOOR((AH53/60),15)) -> 0 | AJ53: =IFERROR(IF(FLOOR((AH53/86400),1)=0,"интрадей",(FLOOR((AH53/86400),1))-(FLOOR((AH53/86400),1))-NETWORKDAYS(E53,C53)),IF(FLOOR((AH53/86400),1)=0,"интрадей",(FLOOR((AH53/86400),1)))) -> интрадей | AK53: =IF(D53<Служебный!P$3,"Раньше открытия",IF(D53>Служебный!P$6,"Позже закрытия",IF(D53<Служебный!P$4,Служебный!N$4,IF((D53>Служебный!P$5),Служебный!N$6,Служебный!N$5)))) -> 11:00 - 14:30 | AL53: =IF(X53>0,X53,0) -> 0 | AM53: =IF(X53<0,X53,0) -> -6.2832 | AN53: =IF(G53<>"",YEAR(C53),"") -> 2009 | AO53: =IF(G53<>"",(IF(TEXT(C53,"MMMM") = "MMMM",TEXT(C53,"ММММ"),TEXT(C53,"MMMM"))),"") -> Декабрь | AP53: =IF(G53<>"",CEILING((C53-DATE(YEAR(C53),1,1)+WEEKDAY(DATE(YEAR(C53),1,1),2))/7,1),"") -> 50 | AQ53: =IF(AV53<>0,S53,0) -> 0 | AR53: =AR52+R53 -> 20000 | AS53: =IFERROR(100*(S53-AR53)/AR53,"Заполните депозит") -> -0.1360999 | AT53: =IFERROR(100*(S53-S52-R53)/(S52+R53),"Заполните депозит") -> -0.031448922 | AU53: =IF(C53<>C52,Z53,0) -> 0 | AV53: =IF(C53<>C54,AB53,0) -> 0 | AW53: =CEILING(I53,5) -> 50 | AX53: =IF(AV53=0,AX52,IF(VLOOKUP(C52,Сводный!I:L,2,FALSE)<0,IF(AX52<0,AX52-1,-1),IF(AX52>0,AX52+1,1))) -> -1
B54: 53 | C54: 40156 | D54: 0.54259259 | E54: =C54 -> 40156 | F54: 0.5596412 | G54: STD | H54: L | I54: 16.41 | J54: 16.36 | K54: 100 | L54: 2.2832 | M54: отбой от уровня | N54: стоп | O54: 0 | P54: Разворотная | S54: =S53+R54+X54 -> 19965.497 | T54: =L54 -> 2.2832 | U54: =I54*ABS(K54) -> 1641 | V54: =J54*ABS(K54) -> 1636 | W54: =IF(H54="s",U54-V54,V54-U54) -> -5 | X54: =W54-T54 -> -7.2832 | Y54: =Y53+W53 -> 118.01 | Z54: =Z53+X53 -> -27.21998 | AA54: =Y54+W54 -> 113.01 | AB54: =Z54+X54 -> -34.50318 | AC54: =IF(G54<>"",VLOOKUP(WEEKDAY(C54,2),Служебный!K$4:L$10,2),"") -> ср | AD54: =IF(G54 <> "",TEXT((HOUR(D54)),0)&"-"&TEXT(HOUR(D54)+1,0),"") -> 13-14 | AE54: =VLOOKUP(G:G,Служебный!B:G,6,) -> NYSE | AF54: =VLOOKUP(G:G,Служебный!B:G,3,FALSE) -> Financial | AG54: =VLOOKUP(G:G,Служебный!B:G,4,FALSE) -> Foreign Money Center Banks | AH54: =ROUND(((E54+F54)-(C54+D54))*86400,0) -> 1473 | AI54: =IF(FLOOR((AH54/60),15)>400,"Среднесрок",FLOOR((AH54/60),15)) -> 15 | AJ54: =IFERROR(IF(FLOOR((AH54/86400),1)=0,"интрадей",(FLOOR((AH54/86400),1))-(FLOOR((AH54/86400),1))-NETWORKDAYS(E54,C54)),IF(FLOOR((AH54/86400),1)=0,"интрадей",(FLOOR((AH54/86400),1)))) -> интрадей | AK54: =IF(D54<Служебный!P$3,"Раньше открытия",IF(D54>Служебный!P$6,"Позже закрытия",IF(D54<Служебный!P$4,Служебный!N$4,IF((D54>Служебный!P$5),Служебный!N$6,Служебный!N$5)))) -> 11:00 - 14:30 | AL54: =IF(X54>0,X54,0) -> 0 | AM54: =IF(X54<0,X54,0) -> -7.2832 | AN54: =IF(G54<>"",YEAR(C54),"") -> 2009 | AO54: =IF(G54<>"",(IF(TEXT(C54,"MMMM") = "MMMM",TEXT(C54,"ММММ"),TEXT(C54,"MMMM"))),"") -> Декабрь | AP54: =IF(G54<>"",CEILING((C54-DATE(YEAR(C54),1,1)+WEEKDAY(DATE(YEAR(C54),1,1),2))/7,1),"") -> 50 | AQ54: =IF(AV54<>0,S54,0) -> 0 | AR54: =AR53+R54 -> 20000 | AS54: =IFERROR(100*(S54-AR54)/AR54,"Заполните депозит") -> -0.1725159 | AT54: =IFERROR(100*(S54-S53-R54)/(S53+R54),"Заполните депозит") -> -0.03646563 | AU54: =IF(C54<>C53,Z54,0) -> 0 | AV54: =IF(C54<>C55,AB54,0) -> 0 | AW54: =CEILING(I54,5) -> 20 | AX54: =IF(AV54=0,AX53,IF(VLOOKUP(C53,Сводный!I:L,2,FALSE)<0,IF(AX53<0,AX53-1,-1),IF(AX53>0,AX53+1,1))) -> -1
B55: 54 | C55: 40156 | D55: 0.54611111 | E55: =C55 -> 40156 | F55: 0.59966435 | G55: RHT | H55: L | I55: 27.02 | J55: 27.08 | K55: 100 | L55: 2.2832 | M55: отбой от уровня | N55: цель | O55: 1 | P55: Разворотная | S55: =S54+R55+X55 -> 19969.214 | T55: =L55 -> 2.2832 | U55: =I55*ABS(K55) -> 2702 | V55: =J55*ABS(K55) -> 2708 | W55: =IF(H55="s",U55-V55,V55-U55) -> 6 | X55: =W55-T55 -> 3.7168 | Y55: =Y54+W54 -> 113.01 | Z55: =Z54+X54 -> -34.50318 | AA55: =Y55+W55 -> 119.01 | AB55: =Z55+X55 -> -30.78638 | AC55: =IF(G55<>"",VLOOKUP(WEEKDAY(C55,2),Служебный!K$4:L$10,2),"") -> ср | AD55: =IF(G55 <> "",TEXT((HOUR(D55)),0)&"-"&TEXT(HOUR(D55)+1,0),"") -> 13-14 | AE55: =VLOOKUP(G:G,Служебный!B:G,6,) -> NYSE | AF55: =VLOOKUP(G:G,Служебный!B:G,3,FALSE) -> Technology | AG55: =VLOOKUP(G:G,Служебный!B:G,4,FALSE) -> Application Software | AH55: =ROUND(((E55+F55)-(C55+D55))*86400,0) -> 4627 | AI55: =IF(FLOOR((AH55/60),15)>400,"Среднесрок",FLOOR((AH55/60),15)) -> 75 | AJ55: =IFERROR(IF(FLOOR((AH55/86400),1)=0,"интрадей",(FLOOR((AH55/86400),1))-(FLOOR((AH55/86400),1))-NETWORKDAYS(E55,C55)),IF(FLOOR((AH55/86400),1)=0,"интрадей",(FLOOR((AH55/86400),1)))) -> интрадей | AK55: =IF(D55<Служебный!P$3,"Раньше открытия",IF(D55>Служебный!P$6,"Позже закрытия",IF(D55<Служебный!P$4,Служебный!N$4,IF((D55>Служебный!P$5),Служебный!N$6,Служебный!N$5)))) -> 11:00 - 14:30 | AL55: =IF(X55>0,X55,0) -> 3.7168 | AM55: =IF(X55<0,X55,0) -> 0 | AN55: =IF(G55<>"",YEAR(C55),"") -> 2009 | AO55: =IF(G55<>"",(IF(TEXT(C55,"MMMM") = "MMMM",TEXT(C55,"ММММ"),TEXT(C55,"MMMM"))),"") -> Декабрь | AP55: =IF(G55<>"",CEILING((C55-DATE(YEAR(C55),1,1)+WEEKDAY(DATE(YEAR(C55),1,1),2))/7,1),"") -> 50 | AQ55: =IF(AV55<>0,S55,0) -> 0 | AR55: =AR54+R55 -> 20000 | AS55: =IFERROR(100*(S55-AR55)/AR55,"Заполните депозит") -> -0.1539319 | AT55: =IFERROR(100*(S55-S54-R55)/(S54+R55),"Заполните депозит") -> 0.018616116 | AU55: =IF(C55<>C54,Z55,0) -> 0 | AV55: =IF(C55<>C56,AB55,0) -> 0 | AW55: =CEILING(I55,5) -> 30 | AX55: =IF(AV55=0,AX54,IF(VLOOKUP(C54,Сводный!I:L,2,FALSE)<0,IF(AX54<0,AX54-1,-1),IF(AX54>0,AX54+1,1))) -> -1
... B91: 90 | C91: 40162 | D91: 0.56398148 | E91: =C91 -> 40162 | F91: 0.56752315 | G91: BBY | H91: L | I91: 41.02 | J91: 41.06 | K91: 100 | L91: 2.2 | M91: отбой от уровня | N91: стоп | O91: 0 | P91: Разворотная | S91: =S90+R91+X91 -> 20014.925 | T91: =L91 -> 2.2 | U91: =I91*ABS(K91) -> 4102 | V91: =J91*ABS(K91) -> 4106 | W91: =IF(H91="s",U91-V91,V91-U91) -> 4 | X91: =W91-T91 -> 1.8 | Y91: =Y90+W90 -> 269.01 | Z91: =Z90+X90 -> 13.12522 | AA91: =Y91+W91 -> 273.01 | AB91: =Z91+X91 -> 14.92522 | AC91: =IF(G91<>"",VLOOKUP(WEEKDAY(C91,2),Служебный!K$4:L$10,2),"") -> вт | AD91: =IF(G91 <> "",TEXT((HOUR(D91)),0)&"-"&TEXT(HOUR(D91)+1,0),"") -> 13-14 | AE91: =VLOOKUP(G:G,Служебный!B:G,6,) -> NYSE | AF91: =VLOOKUP(G:G,Служебный!B:G,3,FALSE) -> Services | AG91: =VLOOKUP(G:G,Служебный!B:G,4,FALSE) -> Electronics Stores | AH91: =ROUND(((E91+F91)-(C91+D91))*86400,0) -> 306 | AI91: =IF(FLOOR((AH91/60),15)>400,"Среднесрок",FLOOR((AH91/60),15)) -> 0 | AJ91: =IFERROR(IF(FLOOR((AH91/86400),1)=0,"интрадей",(FLOOR((AH91/86400),1))-(FLOOR((AH91/86400),1))-NETWORKDAYS(E91,C91)),IF(FLOOR((AH91/86400),1)=0,"интрадей",(FLOOR((AH91/86400),1)))) -> интрадей | AK91: =IF(D91<Служебный!P$3,"Раньше открытия",IF(D91>Служебный!P$6,"Позже закрытия",IF(D91<Служебный!P$4,Служебный!N$4,IF((D91>Служебный!P$5),Служебный!N$6,Служебный!N$5)))) -> 11:00 - 14:30 | AL91: =IF(X91>0,X91,0) -> 1.8 | AM91: =IF(X91<0,X91,0) -> 0 | AN91: =IF(G91<>"",YEAR(C91),"") -> 2009 | AO91: =IF(G91<>"",(IF(TEXT(C91,"MMMM") = "MMMM",TEXT(C91,"ММММ"),TEXT(C91,"MMMM"))),"") -> Декабрь | AP91: =IF(G91<>"",CEILING((C91-DATE(YEAR(C91),1,1)+WEEKDAY(DATE(YEAR(C91),1,1),2))/7,1),"") -> 51 | AQ91: =IF(AV91<>0,S91,0) -> 0 | AR91: =AR90+R91 -> 20000 | AS91: =IFERROR(100*(S91-AR91)/AR91,"Заполните депозит") -> 0.0746261 | AT91: =IFERROR(100*(S91-S90-R91)/(S90+R91),"Заполните депозит") -> 0.0089940975 | AU91: =IF(C91<>C90,Z91,0) -> 0 | AV91: =IF(C91<>C92,AB91,0) -> 0 | AW91: =CEILING(I91,5) -> 45 | AX91: =IF(AV91=0,AX90,IF(VLOOKUP(C90,Сводный!I:L,2,FALSE)<0,IF(AX90<0,AX90-1,-1),IF(AX90>0,AX90+1,1))) -> -1
B92: 91 | C92: 40162 | D92: 0.568125 | E92: =C92 -> 40162 | F92: 0.5768287 | G92: BBY | H92: S | I92: 41.1 | J92: 41.1 | K92: 100 | L92: 2.48 | M92: необоснованный вход | N92: стоп | O92: -2 | P92: Стратегия №2 | R92: 10000 | S92: =S91+R92+X92 -> 30012.445 | T92: =L92 -> 2.48 | U92: =I92*ABS(K92) -> 4110 | V92: =J92*ABS(K92) -> 4110 | W92: =IF(H92="s",U92-V92,V92-U92) -> 0 | X92: =W92-T92 -> -2.48 | Y92: =Y91+W91 -> 273.01 | Z92: =Z91+X91 -> 14.92522 | AA92: =Y92+W92 -> 273.01 | AB92: =Z92+X92 -> 12.44522 | AC92: =IF(G92<>"",VLOOKUP(WEEKDAY(C92,2),Служебный!K$4:L$10,2),"") -> вт | AD92: =IF(G92 <> "",TEXT((HOUR(D92)),0)&"-"&TEXT(HOUR(D92)+1,0),"") -> 13-14 | AE92: =VLOOKUP(G:G,Служебный!B:G,6,) -> NYSE | AF92: =VLOOKUP(G:G,Служебный!B:G,3,FALSE) -> Services | AG92: =VLOOKUP(G:G,Служебный!B:G,4,FALSE) -> Electronics Stores | AH92: =ROUND(((E92+F92)-(C92+D92))*86400,0) -> 752 | AI92: =IF(FLOOR((AH92/60),15)>400,"Среднесрок",FLOOR((AH92/60),15)) -> 0 | AJ92: =IFERROR(IF(FLOOR((AH92/86400),1)=0,"интрадей",(FLOOR((AH92/86400),1))-(FLOOR((AH92/86400),1))-NETWORKDAYS(E92,C92)),IF(FLOOR((AH92/86400),1)=0,"интрадей",(FLOOR((AH92/86400),1)))) -> интрадей | AK92: =IF(D92<Служебный!P$3,"Раньше открытия",IF(D92>Служебный!P$6,"Позже закрытия",IF(D92<Служебный!P$4,Служебный!N$4,IF((D92>Служебный!P$5),Служебный!N$6,Служебный!N$5)))) -> 11:00 - 14:30 | AL92: =IF(X92>0,X92,0) -> 0 | AM92: =IF(X92<0,X92,0) -> -2.48 | AN92: =IF(G92<>"",YEAR(C92),"") -> 2009 | AO92: =IF(G92<>"",(IF(TEXT(C92,"MMMM") = "MMMM",TEXT(C92,"ММММ"),TEXT(C92,"MMMM"))),"") -> Декабрь | AP92: =IF(G92<>"",CEILING((C92-DATE(YEAR(C92),1,1)+WEEKDAY(DATE(YEAR(C92),1,1),2))/7,1),"") -> 51 | AQ92: =IF(AV92<>0,S92,0) -> 0 | AR92: =AR91+R92 -> 30000 | AS92: =IFERROR(100*(S92-AR92)/AR92,"Заполните депозит") -> 0.041484067 | AT92: =IFERROR(100*(S92-S91-R92)/(S91+R92),"Заполните депозит") -> -0.008262556 | AU92: =IF(C92<>C91,Z92,0) -> 0 | AV92: =IF(C92<>C93,AB92,0) -> 0 | AW92: =CEILING(I92,5) -> 45 | AX92: =IF(AV92=0,AX91,IF(VLOOKUP(C91,Сводный!I:L,2,FALSE)<0,IF(AX91<0,AX91-1,-1),IF(AX91>0,AX91+1,1))) -> -1
B93: 92 | C93: 40162 | D93: 0.56846065 | E93: =C93 -> 40162 | F93: 0.58913194 | G93: BBY | H93: S | I93: 41.11 | J93: 41.09 | K93: 100 | L93: 1.92 | M93: необоснованный вход | N93: стоп | O93: -2 | P93: Стратегия №2 | S93: =S92+R93+X93 -> 30012.525 | T93: =L93 -> 1.92 | U93: =I93*ABS(K93) -> 4111 | V93: =J93*ABS(K93) -> 4109 | W93: =IF(H93="s",U93-V93,V93-U93) -> 2 | X93: =W93-T93 -> 0.08 | Y93: =Y92+W92 -> 273.01 | Z93: =Z92+X92 -> 12.44522 | AA93: =Y93+W93 -> 275.01 | AB93: =Z93+X93 -> 12.52522 | AC93: =IF(G93<>"",VLOOKUP(WEEKDAY(C93,2),Служебный!K$4:L$10,2),"") -> вт | AD93: =IF(G93 <> "",TEXT((HOUR(D93)),0)&"-"&TEXT(HOUR(D93)+1,0),"") -> 13-14 | AE93: =VLOOKUP(G:G,Служебный!B:G,6,) -> NYSE | AF93: =VLOOKUP(G:G,Служебный!B:G,3,FALSE) -> Services | AG93: =VLOOKUP(G:G,Служебный!B:G,4,FALSE) -> Electronics Stores | AH93: =ROUND(((E93+F93)-(C93+D93))*86400,0) -> 1786 | AI93: =IF(FLOOR((AH93/60),15)>400,"Среднесрок",FLOOR((AH93/60),15)) -> 15 | AJ93: =IFERROR(IF(FLOOR((AH93/86400),1)=0,"интрадей",(FLOOR((AH93/86400),1))-(FLOOR((AH93/86400),1))-NETWORKDAYS(E93,C93)),IF(FLOOR((AH93/86400),1)=0,"интрадей",(FLOOR((AH93/86400),1)))) -> интрадей | AK93: =IF(D93<Служебный!P$3,"Раньше открытия",IF(D93>Служебный!P$6,"Позже закрытия",IF(D93<Служебный!P$4,Служебный!N$4,IF((D93>Служебный!P$5),Служебный!N$6,Служебный!N$5)))) -> 11:00 - 14:30 | AL93: =IF(X93>0,X93,0) -> 0.08 | AM93: =IF(X93<0,X93,0) -> 0 | AN93: =IF(G93<>"",YEAR(C93),"") -> 2009 | AO93: =IF(G93<>"",(IF(TEXT(C93,"MMMM") = "MMMM",TEXT(C93,"ММММ"),TEXT(C93,"MMMM"))),"") -> Декабрь | AP93: =IF(G93<>"",CEILING((C93-DATE(YEAR(C93),1,1)+WEEKDAY(DATE(YEAR(C93),1,1),2))/7,1),"") -> 51 | AQ93: =IF(AV93<>0,S93,0) -> 0 | AR93: =AR92+R93 -> 30000 | AS93: =IFERROR(100*(S93-AR93)/AR93,"Заполните депозит") -> 0.041750733 | AT93: =IFERROR(100*(S93-S92-R93)/(S92+R93),"Заполните депозит") -> 0.00026655609 | AU93: =IF(C93<>C92,Z93,0) -> 0 | AV93: =IF(C93<>C94,AB93,0) -> 0 | AW93: =CEILING(I93,5) -> 45 | AX93: =IF(AV93=0,AX92,IF(VLOOKUP(C92,Сводный!I:L,2,FALSE)<0,IF(AX92<0,AX92-1,-1),IF(AX92>0,AX92+1,1))) -> -1
B94: 93 | C94: 40162 | D94: 0.58376157 | E94: =C94 -> 40162 | F94: 0.66449074 | G94: STE | H94: S | I94: 27.98 | J94: 28.03 | K94: 200 | L94: 5.02 | M94: необоснованный вход | N94: стоп | O94: -2 | P94: Стратегия №2 | S94: =S93+R94+X94 -> 29997.505 | T94: =L94 -> 5.02 | U94: =I94*ABS(K94) -> 5596 | V94: =J94*ABS(K94) -> 5606 | W94: =IF(H94="s",U94-V94,V94-U94) -> -10 | X94: =W94-T94 -> -15.02 | Y94: =Y93+W93 -> 275.01 | Z94: =Z93+X93 -> 12.52522 | AA94: =Y94+W94 -> 265.01 | AB94: =Z94+X94 -> -2.49478 | AC94: =IF(G94<>"",VLOOKUP(WEEKDAY(C94,2),Служебный!K$4:L$10,2),"") -> вт | AD94: =IF(G94 <> "",TEXT((HOUR(D94)),0)&"-"&TEXT(HOUR(D94)+1,0),"") -> 14-15 | AE94: =VLOOKUP(G:G,Служебный!B:G,6,) -> NYSE | AF94: =VLOOKUP(G:G,Служебный!B:G,3,FALSE) -> Healthcare | AG94: =VLOOKUP(G:G,Служебный!B:G,4,FALSE) -> Medical Appliances & Equipment | AH94: =ROUND(((E94+F94)-(C94+D94))*86400,0) -> 6975 | AI94: =IF(FLOOR((AH94/60),15)>400,"Среднесрок",FLOOR((AH94/60),15)) -> 105 | AJ94: =IFERROR(IF(FLOOR((AH94/86400),1)=0,"интрадей",(FLOOR((AH94/86400),1))-(FLOOR((AH94/86400),1))-NETWORKDAYS(E94,C94)),IF(FLOOR((AH94/86400),1)=0,"интрадей",(FLOOR((AH94/86400),1)))) -> интрадей | AK94: =IF(D94<Служебный!P$3,"Раньше открытия",IF(D94>Служебный!P$6,"Позже закрытия",IF(D94<Служебный!P$4,Служебный!N$4,IF((D94>Служебный!P$5),Служебный!N$6,Служебный!N$5)))) -> 11:00 - 14:30 | AL94: =IF(X94>0,X94,0) -> 0 | AM94: =IF(X94<0,X94,0) -> -15.02 | AN94: =IF(G94<>"",YEAR(C94),"") -> 2009 | AO94: =IF(G94<>"",(IF(TEXT(C94,"MMMM") = "MMMM",TEXT(C94,"ММММ"),TEXT(C94,"MMMM"))),"") -> Декабрь | AP94: =IF(G94<>"",CEILING((C94-DATE(YEAR(C94),1,1)+WEEKDAY(DATE(YEAR(C94),1,1),2))/7,1),"") -> 51 | AQ94: =IF(AV94<>0,S94,0) -> 0 | AR94: =AR93+R94 -> 30000 | AS94: =IFERROR(100*(S94-AR94)/AR94,"Заполните депозит") -> -0.0083159333 | AT94: =IFERROR(100*(S94-S93-R94)/(S93+R94),"Заполните депозит") -> -0.050045772 | AU94: =IF(C94<>C93,Z94,0) -> 0 | AV94: =IF(C94<>C95,AB94,0) -> 0 | AW94: =CEILING(I94,5) -> 30 | AX94: =IF(AV94=0,AX93,IF(VLOOKUP(C93,Сводный!I:L,2,FALSE)<0,IF(AX93<0,AX93-1,-1),IF(AX93>0,AX93+1,1))) -> -1
B95: 94 | C95: 40162 | D95: 0.58888889 | E95: =C95 -> 40162 | F95: 0.60125 | G95: BBY | H95: S | I95: 41.23 | J95: 41.32 | K95: 100 | L95: 2.2 | M95: необоснованный вход | N95: стоп | O95: -2 | P95: Стратегия №2 | S95: =S94+R95+X95 -> 29986.305 | T95: =L95 -> 2.2 | U95: =I95*ABS(K95) -> 4123 | V95: =J95*ABS(K95) -> 4132 | W95: =IF(H95="s",U95-V95,V95-U95) -> -9 | X95: =W95-T95 -> -11.2 | Y95: =Y94+W94 -> 265.01 | Z95: =Z94+X94 -> -2.49478 | AA95: =Y95+W95 -> 256.01 | AB95: =Z95+X95 -> -13.69478 | AC95: =IF(G95<>"",VLOOKUP(WEEKDAY(C95,2),Служебный!K$4:L$10,2),"") -> вт | AD95: =IF(G95 <> "",TEXT((HOUR(D95)),0)&"-"&TEXT(HOUR(D95)+1,0),"") -> 14-15 | AE95: =VLOOKUP(G:G,Служебный!B:G,6,) -> NYSE | AF95: =VLOOKUP(G:G,Служебный!B:G,3,FALSE) -> Services | AG95: =VLOOKUP(G:G,Служебный!B:G,4,FALSE) -> Electronics Stores | AH95: =ROUND(((E95+F95)-(C95+D95))*86400,0) -> 1068 | AI95: =IF(FLOOR((AH95/60),15)>400,"Среднесрок",FLOOR((AH95/60),15)) -> 15 | AJ95: =IFERROR(IF(FLOOR((AH95/86400),1)=0,"интрадей",(FLOOR((AH95/86400),1))-(FLOOR((AH95/86400),1))-NETWORKDAYS(E95,C95)),IF(FLOOR((AH95/86400),1)=0,"интрадей",(FLOOR((AH95/86400),1)))) -> интрадей | AK95: =IF(D95<Служебный!P$3,"Раньше открытия",IF(D95>Служебный!P$6,"Позже закрытия",IF(D95<Служебный!P$4,Служебный!N$4,IF((D95>Служебный!P$5),Служебный!N$6,Служебный!N$5)))) -> 11:00 - 14:30 | AL95: =IF(X95>0,X95,0) -> 0 | AM95: =IF(X95<0,X95,0) -> -11.2 | AN95: =IF(G95<>"",YEAR(C95),"") -> 2009 | AO95: =IF(G95<>"",(IF(TEXT(C95,"MMMM") = "MMMM",TEXT(C95,"ММММ"),TEXT(C95,"MMMM"))),"") -> Декабрь | AP95: =IF(G95<>"",CEILING((C95-DATE(YEAR(C95),1,1)+WEEKDAY(DATE(YEAR(C95),1,1),2))/7,1),"") -> 51 | AQ95: =IF(AV95<>0,S95,0) -> 0 | AR95: =AR94+R95 -> 30000 | AS95: =IFERROR(100*(S95-AR95)/AR95,"Заполните депозит") -> -0.045649267 | AT95: =IFERROR(100*(S95-S94-R95)/(S94+R95),"Заполните депозит") -> -0.037336438 | AU95: =IF(C95<>C94,Z95,0) -> 0 | AV95: =IF(C95<>C96,AB95,0) -> 0 | AW95: =CEILING(I95,5) -> 45 | AX95: =IF(AV95=0,AX94,IF(VLOOKUP(C94,Сводный!I:L,2,FALSE)<0,IF(AX94<0,AX94-1,-1),IF(AX94>0,AX94+1,1))) -> -1
B96: 95 | C96: 40162 | D96: 0.59291667 | E96: =C96 -> 40162 | F96: 0.61184028 | G96: BBY | H96: S | I96: 41.23 | J96: 41.54 | K96: 100 | L96: 2.32 | M96: необоснованный вход | N96: стоп | O96: -2 | P96: Стратегия №2 | S96: =S95+R96+X96 -> 29952.985 | T96: =L96 -> 2.32 | U96: =I96*ABS(K96) -> 4123 | V96: =J96*ABS(K96) -> 4154 | W96: =IF(H96="s",U96-V96,V96-U96) -> -31 | X96: =W96-T96 -> -33.32 | Y96: =Y95+W95 -> 256.01 | Z96: =Z95+X95 -> -13.69478 | AA96: =Y96+W96 -> 225.01 | AB96: =Z96+X96 -> -47.01478 | AC96: =IF(G96<>"",VLOOKUP(WEEKDAY(C96,2),Служебный!K$4:L$10,2),"") -> вт | AD96: =IF(G96 <> "",TEXT((HOUR(D96)),0)&"-"&TEXT(HOUR(D96)+1,0),"") -> 14-15 | AE96: =VLOOKUP(G:G,Служебный!B:G,6,) -> NYSE | AF96: =VLOOKUP(G:G,Служебный!B:G,3,FALSE) -> Services | AG96: =VLOOKUP(G:G,Служебный!B:G,4,FALSE) -> Electronics Stores | AH96: =ROUND(((E96+F96)-(C96+D96))*86400,0) -> 1635 | AI96: =IF(FLOOR((AH96/60),15)>400,"Среднесрок",FLOOR((AH96/60),15)) -> 15 | AJ96: =IFERROR(IF(FLOOR((AH96/86400),1)=0,"интрадей",(FLOOR((AH96/86400),1))-(FLOOR((AH96/86400),1))-NETWORKDAYS(E96,C96)),IF(FLOOR((AH96/86400),1)=0,"интрадей",(FLOOR((AH96/86400),1)))) -> интрадей | AK96: =IF(D96<Служебный!P$3,"Раньше открытия",IF(D96>Служебный!P$6,"Позже закрытия",IF(D96<Служебный!P$4,Служебный!N$4,IF((D96>Служебный!P$5),Служебный!N$6,Служебный!N$5)))) -> 11:00 - 14:30 | AL96: =IF(X96>0,X96,0) -> 0 | AM96: =IF(X96<0,X96,0) -> -33.32 | AN96: =IF(G96<>"",YEAR(C96),"") -> 2009 | AO96: =IF(G96<>"",(IF(TEXT(C96,"MMMM") = "MMMM",TEXT(C96,"ММММ"),TEXT(C96,"MMMM"))),"") -> Декабрь | AP96: =IF(G96<>"",CEILING((C96-DATE(YEAR(C96),1,1)+WEEKDAY(DATE(YEAR(C96),1,1),2))/7,1),"") -> 51 | AQ96: =IF(AV96<>0,S96,0) -> 0 | AR96: =AR95+R96 -> 30000 | AS96: =IFERROR(100*(S96-AR96)/AR96,"Заполните депозит") -> -0.15671593 | AT96: =IFERROR(100*(S96-S95-R96)/(S95+R96),"Заполните депозит") -> -0.11111739 | AU96: =IF(C96<>C95,Z96,0) -> 0 | AV96: =IF(C96<>C97,AB96,0) -> 0 | AW96: =CEILING(I96,5) -> 45 | AX96: =IF(AV96=0,AX95,IF(VLOOKUP(C95,Сводный!I:L,2,FALSE)<0,IF(AX95<0,AX95-1,-1),IF(AX95>0,AX95+1,1))) -> -1
B97: 96 | C97: 40162 | D97: 0.60321759 | E97: =C97 -> 40162 | F97: 0.66434028 | G97: SUG | H97: L | I97: 21.62 | J97: 21.62 | K97: 200 | L97: 5.1 | M97: необоснованный вход | N97: стоп | O97: -2 | P97: Стратегия №2 | S97: =S96+R97+X97 -> 29947.885 | T97: =L97 -> 5.1 | U97: =I97*ABS(K97) -> 4324 | V97: =J97*ABS(K97) -> 4324 | W97: =IF(H97="s",U97-V97,V97-U97) -> 0 | X97: =W97-T97 -> -5.1 | Y97: =Y96+W96 -> 225.01 | Z97: =Z96+X96 -> -47.01478 | AA97: =Y97+W97 -> 225.01 | AB97: =Z97+X97 -> -52.11478 | AC97: =IF(G97<>"",VLOOKUP(WEEKDAY(C97,2),Служебный!K$4:L$10,2),"") -> вт | AD97: =IF(G97 <> "",TEXT((HOUR(D97)),0)&"-"&TEXT(HOUR(D97)+1,0),"") -> 14-15 | AE97: =VLOOKUP(G:G,Служебный!B:G,6,) -> NYSE | AF97: =VLOOKUP(G:G,Служебный!B:G,3,FALSE) -> Utilities | AG97: =VLOOKUP(G:G,Служебный!B:G,4,FALSE) -> Gas Utilities | AH97: =ROUND(((E97+F97)-(C97+D97))*86400,0) -> 5281 | AI97: =IF(FLOOR((AH97/60),15)>400,"Среднесрок",FLOOR((AH97/60),15)) -> 75 | AJ97: =IFERROR(IF(FLOOR((AH97/86400),1)=0,"интрадей",(FLOOR((AH97/86400),1))-(FLOOR((AH97/86400),1))-NETWORKDAYS(E97,C97)),IF(FLOOR((AH97/86400),1)=0,"интрадей",(FLOOR((AH97/86400),1)))) -> интрадей | AK97: =IF(D97<Служебный!P$3,"Раньше открытия",IF(D97>Служебный!P$6,"Позже закрытия",IF(D97<Служебный!P$4,Служебный!N$4,IF((D97>Служебный!P$5),Служебный!N$6,Служебный!N$5)))) -> 11:00 - 14:30 | AL97: =IF(X97>0,X97,0) -> 0 | AM97: =IF(X97<0,X97,0) -> -5.1 | AN97: =IF(G97<>"",YEAR(C97),"") -> 2009 | AO97: =IF(G97<>"",(IF(TEXT(C97,"MMMM") = "MMMM",TEXT(C97,"ММММ"),TEXT(C97,"MMMM"))),"") -> Декабрь | AP97: =IF(G97<>"",CEILING((C97-DATE(YEAR(C97),1,1)+WEEKDAY(DATE(YEAR(C97),1,1),2))/7,1),"") -> 51 | AQ97: =IF(AV97<>0,S97,0) -> 0 | AR97: =AR96+R97 -> 30000 | AS97: =IFERROR(100*(S97-AR97)/AR97,"Заполните депозит") -> -0.17371593 | AT97: =IFERROR(100*(S97-S96-R97)/(S96+R97),"Заполните депозит") -> -0.017026684 | AU97: =IF(C97<>C96,Z97,0) -> 0 | AV97: =IF(C97<>C98,AB97,0) -> 0 | AW97: =CEILING(I97,5) -> 25 | AX97: =IF(AV97=0,AX96,IF(VLOOKUP(C96,Сводный!I:L,2,FALSE)<0,IF(AX96<0,AX96-1,-1),IF(AX96>0,AX96+1,1))) -> -1
B98: 97 | C98: 40162 | D98: 0.60699074 | E98: =C98 -> 40162 | F98: 0.64121528 | G98: BBY | H98: S | I98: 41.39 | J98: 41.53 | K98: 100 | L98: 2.48 | M98: отбой от уровня | N98: стоп | O98: -1 | P98: Разворотная | S98: =S97+R98+X98 -> 29931.405 | T98: =L98 -> 2.48 | U98: =I98*ABS(K98) -> 4139 | V98: =J98*ABS(K98) -> 4153 | W98: =IF(H98="s",U98-V98,V98-U98) -> -14 | X98: =W98-T98 -> -16.48 | Y98: =Y97+W97 -> 225.01 | Z98: =Z97+X97 -> -52.11478 | AA98: =Y98+W98 -> 211.01 | AB98: =Z98+X98 -> -68.59478 | AC98: =IF(G98<>"",VLOOKUP(WEEKDAY(C98,2),Служебный!K$4:L$10,2),"") -> вт | AD98: =IF(G98 <> "",TEXT((HOUR(D98)),0)&"-"&TEXT(HOUR(D98)+1,0),"") -> 14-15 | AE98: =VLOOKUP(G:G,Служебный!B:G,6,) -> NYSE | AF98: =VLOOKUP(G:G,Служебный!B:G,3,FALSE) -> Services | AG98: =VLOOKUP(G:G,Служебный!B:G,4,FALSE) -> Electronics Stores | AH98: =ROUND(((E98+F98)-(C98+D98))*86400,0) -> 2957 | AI98: =IF(FLOOR((AH98/60),15)>400,"Среднесрок",FLOOR((AH98/60),15)) -> 45 | AJ98: =IFERROR(IF(FLOOR((AH98/86400),1)=0,"интрадей",(FLOOR((AH98/86400),1))-(FLOOR((AH98/86400),1))-NETWORKDAYS(E98,C98)),IF(FLOOR((AH98/86400),1)=0,"интрадей",(FLOOR((AH98/86400),1)))) -> интрадей | AK98: =IF(D98<Служебный!P$3,"Раньше открытия",IF(D98>Служебный!P$6,"Позже закрытия",IF(D98<Служебный!P$4,Служебный!N$4,IF((D98>Служебный!P$5),Служебный!N$6,Служебный!N$5)))) -> 14:30 - 16:00 | AL98: =IF(X98>0,X98,0) -> 0 | AM98: =IF(X98<0,X98,0) -> -16.48 | AN98: =IF(G98<>"",YEAR(C98),"") -> 2009 | AO98: =IF(G98<>"",(IF(TEXT(C98,"MMMM") = "MMMM",TEXT(C98,"ММММ"),TEXT(C98,"MMMM"))),"") -> Декабрь | AP98: =IF(G98<>"",CEILING((C98-DATE(YEAR(C98),1,1)+WEEKDAY(DATE(YEAR(C98),1,1),2))/7,1),"") -> 51 | AQ98: =IF(AV98<>0,S98,0) -> 29931.405 | AR98: =AR97+R98 -> 30000 | AS98: =IFERROR(100*(S98-AR98)/AR98,"Заполните депозит") -> -0.22864927 | AT98: =IFERROR(100*(S98-S97-R98)/(S97+R98),"Заполните депозит") -> -0.055028927 | AU98: =IF(C98<>C97,Z98,0) -> 0 | AV98: =IF(C98<>C99,AB98,0) -> -68.59478 | AW98: =CEILING(I98,5) -> 45 | AX98: =IF(AV98=0,AX97,IF(VLOOKUP(C97,Сводный!I:L,2,FALSE)<0,IF(AX97<0,AX97-1,-1),IF(AX97>0,AX97+1,1))) -> -2
B99: 98 | C99: 40163 | D99: 0.40318287 | E99: =C99 -> 40163 | F99: 0.40493056 | G99: HES | H99: S | I99: 56.93 | J99: 56.9 | K99: 100 | L99: 2.64 | M99: продолжение движения | N99: цель | O99: 1 | P99: Стратегия №2 | S99: =S98+R99+X99 -> 29931.765 | T99: =L99 -> 2.64 | U99: =I99*ABS(K99) -> 5693 | V99: =J99*ABS(K99) -> 5690 | W99: =IF(H99="s",U99-V99,V99-U99) -> 3 | X99: =W99-T99 -> 0.36 | Y99: =Y98+W98 -> 211.01 | Z99: =Z98+X98 -> -68.59478 | AA99: =Y99+W99 -> 214.01 | AB99: =Z99+X99 -> -68.23478 | AC99: =IF(G99<>"",VLOOKUP(WEEKDAY(C99,2),Служебный!K$4:L$10,2),"") -> ср | AD99: =IF(G99 <> "",TEXT((HOUR(D99)),0)&"-"&TEXT(HOUR(D99)+1,0),"") -> 9-10 | AE99: =VLOOKUP(G:G,Служебный!B:G,6,) -> NYSE | AF99: =VLOOKUP(G:G,Служебный!B:G,3,FALSE) -> Basic Materials | AG99: =VLOOKUP(G:G,Служебный!B:G,4,FALSE) -> Oil & Gas Refining & Marketing | AH99: =ROUND(((E99+F99)-(C99+D99))*86400,0) -> 151 | AI99: =IF(FLOOR((AH99/60),15)>400,"Среднесрок",FLOOR((AH99/60),15)) -> 0 | AJ99: =IFERROR(IF(FLOOR((AH99/86400),1)=0,"интрадей",(FLOOR((AH99/86400),1))-(FLOOR((AH99/86400),1))-NETWORKDAYS(E99,C99)),IF(FLOOR((AH99/86400),1)=0,"интрадей",(FLOOR((AH99/86400),1)))) -> интрадей | AK99: =IF(D99<Служебный!P$3,"Раньше открытия",IF(D99>Служебный!P$6,"Позже закрытия",IF(D99<Служебный!P$4,Служебный!N$4,IF((D99>Служебный!P$5),Служебный!N$6,Служебный!N$5)))) -> 9:30 - 11:00 | AL99: =IF(X99>0,X99,0) -> 0.36 | AM99: =IF(X99<0,X99,0) -> 0 | AN99: =IF(G99<>"",YEAR(C99),"") -> 2009 | AO99: =IF(G99<>"",(IF(TEXT(C99,"MMMM") = "MMMM",TEXT(C99,"ММММ"),TEXT(C99,"MMMM"))),"") -> Декабрь | AP99: =IF(G99<>"",CEILING((C99-DATE(YEAR(C99),1,1)+WEEKDAY(DATE(YEAR(C99),1,1),2))/7,1),"") -> 51 | AQ99: =IF(AV99<>0,S99,0) -> 0 | AR99: =AR98+R99 -> 30000 | AS99: =IFERROR(100*(S99-AR99)/AR99,"Заполните депозит") -> -0.22744927 | AT99: =IFERROR(100*(S99-S98-R99)/(S98+R99),"Заполните депозит") -> 0.0012027501 | AU99: =IF(C99<>C98,Z99,0) -> -68.59478 | AV99: =IF(C99<>C100,AB99,0) -> 0 | AW99: =CEILING(I99,5) -> 60 | AX99: =IF(AV99=0,AX98,IF(VLOOKUP(C98,Сводный!I:L,2,FALSE)<0,IF(AX98<0,AX98-1,-1),IF(AX98>0,AX98+1,1))) -> -2
B100: 99 | C100: 40163 | D100: 0.40321759 | E100: =C100 -> 40163 | F100: 0.41675926 | G100: HES | H100: S | I100: 56.95 | J100: 57.19 | K100: 100 | L100: 2.36 | M100: пробой уровня | N100: пересиживал | O100: -2 | P100: Черепахи | S100: =S99+R100+X100 -> 29905.405 | T100: =L100 -> 2.36 | U100: =I100*ABS(K100) -> 5695 | V100: =J100*ABS(K100) -> 5719 | W100: =IF(H100="s",U100-V100,V100-U100) -> -24 | X100: =W100-T100 -> -26.36 | Y100: =Y99+W99 -> 214.01 | Z100: =Z99+X99 -> -68.23478 | AA100: =Y100+W100 -> 190.01 | AB100: =Z100+X100 -> -94.59478 | AC100: =IF(G100<>"",VLOOKUP(WEEKDAY(C100,2),Служебный!K$4:L$10,2),"") -> ср | AD100: =IF(G100 <> "",TEXT((HOUR(D100)),0)&"-"&TEXT(HOUR(D100)+1,0),"") -> 9-10 | AE100: =VLOOKUP(G:G,Служебный!B:G,6,) -> NYSE | AF100: =VLOOKUP(G:G,Служебный!B:G,3,FALSE) -> Basic Materials | AG100: =VLOOKUP(G:G,Служебный!B:G,4,FALSE) -> Oil & Gas Refining & Marketing | AH100: =ROUND(((E100+F100)-(C100+D100))*86400,0) -> 1170 | AI100: =IF(FLOOR((AH100/60),15)>400,"Среднесрок",FLOOR((AH100/60),15)) -> 15 | AJ100: =IFERROR(IF(FLOOR((AH100/86400),1)=0,"интрадей",(FLOOR((AH100/86400),1))-(FLOOR((AH100/86400),1))-NETWORKDAYS(E100,C100)),IF(FLOOR((AH100/86400),1)=0,"интрадей",(FLOOR((AH100/86400),1)))) -> интрадей | AK100: =IF(D100<Служебный!P$3,"Раньше открытия",IF(D100>Служебный!P$6,"Позже закрытия",IF(D100<Служебный!P$4,Служебный!N$4,IF((D100>Служебный!P$5),Служебный!N$6,Служебный!N$5)))) -> 9:30 - 11:00 | AL100: =IF(X100>0,X100,0) -> 0 | AM100: =IF(X100<0,X100,0) -> -26.36 | AN100: =IF(G100<>"",YEAR(C100),"") -> 2009 | AO100: =IF(G100<>"",(IF(TEXT(C100,"MMMM") = "MMMM",TEXT(C100,"ММММ"),TEXT(C100,"MMMM"))),"") -> Декабрь | AP100: =IF(G100<>"",CEILING((C100-DATE(YEAR(C100),1,1)+WEEKDAY(DATE(YEAR(C100),1,1),2))/7,1),"") -> 51 | AQ100: =IF(AV100<>0,S100,0) -> 0 | AR100: =AR99+R100 -> 30000 | AS100: =IFERROR(100*(S100-AR100)/AR100,"Заполните депозит") -> -0.31531593 | AT100: =IFERROR(100*(S100-S99-R100)/(S99+R100),"Заполните депозит") -> -0.088066974 | AU100: =IF(C100<>C99,Z100,0) -> 0 | AV100: =IF(C100<>C101,AB100,0) -> 0 | AW100: =CEILING(I100,5) -> 60 | AX100: =IF(AV100=0,AX99,IF(VLOOKUP(C99,Сводный!I:L,2,FALSE)<0,IF(AX99<0,AX99-1,-1),IF(AX99>0,AX99+1,1))) -> -2
B101: 100 | C101: 40163 | D101: 0.40391204 | E101: =C101 -> 40163 | F101: 0.40416667 | G101: HES | H101: S | I101: 56.99 | J101: 56.99 | K101: 100 | L101: 2.36 | M101: необоснованный вход | N101: стоп | O101: -2 | P101: Стратегия №2 | S101: =S100+R101+X101 -> 29903.045 | T101: =L101 -> 2.36 | U101: =I101*ABS(K101) -> 5699 | V101: =J101*ABS(K101) -> 5699 | W101: =IF(H101="s",U101-V101,V101-U101) -> 0 | X101: =W101-T101 -> -2.36 | Y101: =Y100+W100 -> 190.01 | Z101: =Z100+X100 -> -94.59478 | AA101: =Y101+W101 -> 190.01 | AB101: =Z101+X101 -> -96.95478 | AC101: =IF(G101<>"",VLOOKUP(WEEKDAY(C101,2),Служебный!K$4:L$10,2),"") -> ср | AD101: =IF(G101 <> "",TEXT((HOUR(D101)),0)&"-"&TEXT(HOUR(D101)+1,0),"") -> 9-10 | AE101: =VLOOKUP(G:G,Служебный!B:G,6,) -> NYSE | AF101: =VLOOKUP(G:G,Служебный!B:G,3,FALSE) -> Basic Materials | AG101: =VLOOKUP(G:G,Служебный!B:G,4,FALSE) -> Oil & Gas Refining & Marketing | AH101: =ROUND(((E101+F101)-(C101+D101))*86400,0) -> 22 | AI101: =IF(FLOOR((AH101/60),15)>400,"Среднесрок",FLOOR((AH101/60),15)) -> 0 | AJ101: =IFERROR(IF(FLOOR((AH101/86400),1)=0,"интрадей",(FLOOR((AH101/86400),1))-(FLOOR((AH101/86400),1))-NETWORKDAYS(E101,C101)),IF(FLOOR((AH101/86400),1)=0,"интрадей",(FLOOR((AH101/86400),1)))) -> интрадей | AK101: =IF(D101<Служебный!P$3,"Раньше открытия",IF(D101>Служебный!P$6,"Позже закрытия",IF(D101<Служебный!P$4,Служебный!N$4,IF((D101>Служебный!P$5),Служебный!N$6,Служебный!N$5)))) -> 9:30 - 11:00 | AL101: =IF(X101>0,X101,0) -> 0 | AM101: =IF(X101<0,X101,0) -> -2.36 | AN101: =IF(G101<>"",YEAR(C101),"") -> 2009 | AO101: =IF(G101<>"",(IF(TEXT(C101,"MMMM") = "MMMM",TEXT(C101,"ММММ"),TEXT(C101,"MMMM"))),"") -> Декабрь | AP101: =IF(G101<>"",CEILING((C101-DATE(YEAR(C101),1,1)+WEEKDAY(DATE(YEAR(C101),1,1),2))/7,1),"") -> 51 | AQ101: =IF(AV101<>0,S101,0) -> 0 | AR101: =AR100+R101 -> 30000 | AS101: =IFERROR(100*(S101-AR101)/AR101,"Заполните депозит") -> -0.3231826 | AT101: =IFERROR(100*(S101-S100-R101)/(S100+R101),"Заполните депозит") -> -0.00789155 | AU101: =IF(C101<>C100,Z101,0) -> 0 | AV101: =IF(C101<>C102,AB101,0) -> 0 | AW101: =CEILING(I101,5) -> 60 | AX101: =IF(AV101=0,AX100,IF(VLOOKUP(C100,Сводный!I:L,2,FALSE)<0,IF(AX100<0,AX100-1,-1),IF(AX100>0,AX100+1,1))) -> -2
B102: 101 | C102: 40163 | D102: 0.40619213 | E102: =C102 -> 40163 | F102: 0.40625 | G102: HES | H102: S | I102: 56.99 | J102: 56.99 | K102: 100 | L102: 2.66 | M102: отбой от уровня | N102: стоп | O102: 1 | P102: Разворотная | S102: =S101+R102+X102 -> 29900.385 | T102: =L102 -> 2.66 | U102: =I102*ABS(K102) -> 5699 | V102: =J102*ABS(K102) -> 5699 | W102: =IF(H102="s",U102-V102,V102-U102) -> 0 | X102: =W102-T102 -> -2.66 | Y102: =Y101+W101 -> 190.01 | Z102: =Z101+X101 -> -96.95478 | AA102: =Y102+W102 -> 190.01 | AB102: =Z102+X102 -> -99.61478 | AC102: =IF(G102<>"",VLOOKUP(WEEKDAY(C102,2),Служебный!K$4:L$10,2),"") -> ср | AD102: =IF(G102 <> "",TEXT((HOUR(D102)),0)&"-"&TEXT(HOUR(D102)+1,0),"") -> 9-10 | AE102: =VLOOKUP(G:G,Служебный!B:G,6,) -> NYSE | AF102: =VLOOKUP(G:G,Служебный!B:G,3,FALSE) -> Basic Materials | AG102: =VLOOKUP(G:G,Служебный!B:G,4,FALSE) -> Oil & Gas Refining & Marketing | AH102: =ROUND(((E102+F102)-(C102+D102))*86400,0) -> 5 | AI102: =IF(FLOOR((AH102/60),15)>400,"Среднесрок",FLOOR((AH102/60),15)) -> 0 | AJ102: =IFERROR(IF(FLOOR((AH102/86400),1)=0,"интрадей",(FLOOR((AH102/86400),1))-(FLOOR((AH102/86400),1))-NETWORKDAYS(E102,C102)),IF(FLOOR((AH102/86400),1)=0,"интрадей",(FLOOR((AH102/86400),1)))) -> интрадей | AK102: =IF(D102<Служебный!P$3,"Раньше открытия",IF(D102>Служебный!P$6,"Позже закрытия",IF(D102<Служебный!P$4,Служебный!N$4,IF((D102>Служебный!P$5),Служебный!N$6,Служебный!N$5)))) -> 9:30 - 11:00 | AL102: =IF(X102>0,X102,0) -> 0 | AM102: =IF(X102<0,X102,0) -> -2.66 | AN102: =IF(G102<>"",YEAR(C102),"") -> 2009 | AO102: =IF(G102<>"",(IF(TEXT(C102,"MMMM") = "MMMM",TEXT(C102,"ММММ"),TEXT(C102,"MMMM"))),"") -> Декабрь | AP102: =IF(G102<>"",CEILING((C102-DATE(YEAR(C102),1,1)+WEEKDAY(DATE(YEAR(C102),1,1),2))/7,1),"") -> 51 | AQ102: =IF(AV102<>0,S102,0) -> 29900.385 | AR102: =AR101+R102 -> 30000 | AS102: =IFERROR(100*(S102-AR102)/AR102,"Заполните депозит") -> -0.33204927 | AT102: =IFERROR(100*(S102-S101-R102)/(S101+R102),"Заполните депозит") -> -0.0088954151 | AU102: =IF(C102<>C101,Z102,0) -> 0 | AV102: =IF(C102<>C103,AB102,0) -> -99.61478 | AW102: =CEILING(I102,5) -> 60 | AX102: =IF(AV102=0,AX101,IF(VLOOKUP(C101,Сводный!I:L,2,FALSE)<0,IF(AX101<0,AX101-1,-1),IF(AX101>0,AX101+1,1))) -> -3
B103: 102 | C103: 40168 | D103: 0.54372685 | E103: =C103 -> 40168 | F103: 0.54814815 | G103: UNH | H103: S | I103: 31.96 | J103: 32.06 | K103: 100 | L103: 2.58 | M103: продолжение движения | N103: трейлинг стоп | O103: 2 | P103: Стратегия №2 | S103: =S102+R103+X103 -> 29887.805 | T103: =L103 -> 2.58 | U103: =I103*ABS(K103) -> 3196 | V103: =J103*ABS(K103) -> 3206 | W103: =IF(H103="s",U103-V103,V103-U103) -> -10 | X103: =W103-T103 -> -12.58 | Y103: =Y102+W102 -> 190.01 | Z103: =Z102+X102 -> -99.61478 | AA103: =Y103+W103 -> 180.01 | AB103: =Z103+X103 -> -112.19478 | AC103: =IF(G103<>"",VLOOKUP(WEEKDAY(C103,2),Служебный!K$4:L$10,2),"") -> пн | AD103: =IF(G103 <> "",TEXT((HOUR(D103)),0)&"-"&TEXT(HOUR(D103)+1,0),"") -> 13-14 | AE103: =VLOOKUP(G:G,Служебный!B:G,6,) -> NYSE | AF103: =VLOOKUP(G:G,Служебный!B:G,3,FALSE) -> Healthcare | AG103: =VLOOKUP(G:G,Служебный!B:G,4,FALSE) -> Health Care Plans | AH103: =ROUND(((E103+F103)-(C103+D103))*86400,0) -> 382 | AI103: =IF(FLOOR((AH103/60),15)>400,"Среднесрок",FLOOR((AH103/60),15)) -> 0 | AJ103: =IFERROR(IF(FLOOR((AH103/86400),1)=0,"интрадей",(FLOOR((AH103/86400),1))-(FLOOR((AH103/86400),1))-NETWORKDAYS(E103,C103)),IF(FLOOR((AH103/86400),1)=0,"интрадей",(FLOOR((AH103/86400),1)))) -> интрадей | AK103: =IF(D103<Служебный!P$3,"Раньше открытия",IF(D103>Служебный!P$6,"Позже закрытия",IF(D103<Служебный!P$4,Служебный!N$4,IF((D103>Служебный!P$5),Служебный!N$6,Служебный!N$5)))) -> 11:00 - 14:30 | AL103: =IF(X103>0,X103,0) -> 0 | AM103: =IF(X103<0,X103,0) -> -12.58 | AN103: =IF(G103<>"",YEAR(C103),"") -> 2009 | AO103: =IF(G103<>"",(IF(TEXT(C103,"MMMM") = "MMMM",TEXT(C103,"ММММ"),TEXT(C103,"MMMM"))),"") -> Декабрь | AP103: =IF(G103<>"",CEILING((C103-DATE(YEAR(C103),1,1)+WEEKDAY(DATE(YEAR(C103),1,1),2))/7,1),"") -> 52 | AQ103: =IF(AV103<>0,S103,0) -> 0 | AR103: =AR102+R103 -> 30000 | AS103: =IFERROR(100*(S103-AR103)/AR103,"Заполните депозит") -> -0.3739826 | AT103: =IFERROR(100*(S103-S102-R103)/(S102+R103),"Заполните депозит") -> -0.042073037 | AU103: =IF(C103<>C102,Z103,0) -> -99.61478 | AV103: =IF(C103<>C104,AB103,0) -> 0 | AW103: =CEILING(I103,5) -> 35 | AX103: =IF(AV103=0,AX102,IF(VLOOKUP(C102,Сводный!I:L,2,FALSE)<0,IF(AX102<0,AX102-1,-1),IF(AX102>0,AX102+1,1))) -> -3
B104: 103 | C104: 40168 | D104: 0.55122685 | E104: =C104 -> 40168 | F104: 0.57537037 | G104: RCL | H104: S | I104: 25.46 | J104: 25.51 | K104: 100 | L104: 2.56 | M104: продолжение движения | N104: трейлинг стоп | O104: 2 | P104: Стратегия №2 | S104: =S103+R104+X104 -> 29880.245 | T104: =L104 -> 2.56 | U104: =I104*ABS(K104) -> 2546 | V104: =J104*ABS(K104) -> 2551 | W104: =IF(H104="s",U104-V104,V104-U104) -> -5 | X104: =W104-T104 -> -7.56 | Y104: =Y103+W103 -> 180.01 | Z104: =Z103+X103 -> -112.19478 | AA104: =Y104+W104 -> 175.01 | AB104: =Z104+X104 -> -119.75478 | AC104: =IF(G104<>"",VLOOKUP(WEEKDAY(C104,2),Служебный!K$4:L$10,2),"") -> пн | AD104: =IF(G104 <> "",TEXT((HOUR(D104)),0)&"-"&TEXT(HOUR(D104)+1,0),"") -> 13-14 | AE104: =VLOOKUP(G:G,Служебный!B:G,6,) -> NYSE | AF104: =VLOOKUP(G:G,Служебный!B:G,3,FALSE) -> Services | AG104: =VLOOKUP(G:G,Служебный!B:G,4,FALSE) -> General Entertainment | AH104: =ROUND(((E104+F104)-(C104+D104))*86400,0) -> 2086 | AI104: =IF(FLOOR((AH104/60),15)>400,"Среднесрок",FLOOR((AH104/60),15)) -> 30 | AJ104: =IFERROR(IF(FLOOR((AH104/86400),1)=0,"интрадей",(FLOOR((AH104/86400),1))-(FLOOR((AH104/86400),1))-NETWORKDAYS(E104,C104)),IF(FLOOR((AH104/86400),1)=0,"интрадей",(FLOOR((AH104/86400),1)))) -> интрадей | AK104: =IF(D104<Служебный!P$3,"Раньше открытия",IF(D104>Служебный!P$6,"Позже закрытия",IF(D104<Служебный!P$4,Служебный!N$4,IF((D104>Служебный!P$5),Служебный!N$6,Служебный!N$5)))) -> 11:00 - 14:30 | AL104: =IF(X104>0,X104,0) -> 0 | AM104: =IF(X104<0,X104,0) -> -7.56 | AN104: =IF(G104<>"",YEAR(C104),"") -> 2009 | AO104: =IF(G104<>"",(IF(TEXT(C104,"MMMM") = "MMMM",TEXT(C104,"ММММ"),TEXT(C104,"MMMM"))),"") -> Декабрь | AP104: =IF(G104<>"",CEILING((C104-DATE(YEAR(C104),1,1)+WEEKDAY(DATE(YEAR(C104),1,1),2))/7,1),"") -> 52 | AQ104: =IF(AV104<>0,S104,0) -> 0 | AR104: =AR103+R104 -> 30000 | AS104: =IFERROR(100*(S104-AR104)/AR104,"Заполните депозит") -> -0.3991826 | AT104: =IFERROR(100*(S104-S103-R104)/(S103+R104),"Заполните депозит") -> -0.025294597 | AU104: =IF(C104<>C103,Z104,0) -> 0 | AV104: =IF(C104<>C105,AB104,0) -> 0 | AW104: =CEILING(I104,5) -> 30 | AX104: =IF(AV104=0,AX103,IF(VLOOKUP(C103,Сводный!I:L,2,FALSE)<0,IF(AX103<0,AX103-1,-1),IF(AX103>0,AX103+1,1))) -> -3
... B283: 282 | C283: 40185 | D283: 0.6002662 | E283: =C283 -> 40185 | F283: 0.62883102 | G283: GPS | H283: L | I283: 20.02 | J283: 20.07 | K283: 100 | L283: 2.43 | M283: необоснованный вход | N283: стоп | O283: 1 | P283: Стратегия №2 | S283: =S282+R283+X283 -> 30216.426 | T283: =L283 -> 2.43 | U283: =I283*ABS(K283) -> 2002 | V283: =J283*ABS(K283) -> 2007 | W283: =IF(H283="s",U283-V283,V283-U283) -> 5 | X283: =W283-T283 -> 2.57 | Y283: =Y282+W282 -> 931.01 | Z283: =Z282+X282 -> 213.85622 | AA283: =Y283+W283 -> 936.01 | AB283: =Z283+X283 -> 216.42622 | AC283: =IF(G283<>"",VLOOKUP(WEEKDAY(C283,2),Служебный!K$4:L$10,2),"") -> чт | AD283: =IF(G283 <> "",TEXT((HOUR(D283)),0)&"-"&TEXT(HOUR(D283)+1,0),"") -> 14-15 | AE283: =VLOOKUP(G:G,Служебный!B:G,6,) -> NYSE | AF283: =VLOOKUP(G:G,Служебный!B:G,3,FALSE) -> Services | AG283: =VLOOKUP(G:G,Служебный!B:G,4,FALSE) -> Apparel Stores | AH283: =ROUND(((E283+F283)-(C283+D283))*86400,0) -> 2468 | AI283: =IF(FLOOR((AH283/60),15)>400,"Среднесрок",FLOOR((AH283/60),15)) -> 30 | AJ283: =IFERROR(IF(FLOOR((AH283/86400),1)=0,"интрадей",(FLOOR((AH283/86400),1))-(FLOOR((AH283/86400),1))-NETWORKDAYS(E283,C283)),IF(FLOOR((AH283/86400),1)=0,"интрадей",(FLOOR((AH283/86400),1)))) -> интрадей | AK283: =IF(D283<Служебный!P$3,"Раньше открытия",IF(D283>Служебный!P$6,"Позже закрытия",IF(D283<Служебный!P$4,Служебный!N$4,IF((D283>Служебный!P$5),Служебный!N$6,Служебный!N$5)))) -> 11:00 - 14:30 | AL283: =IF(X283>0,X283,0) -> 2.57 | AM283: =IF(X283<0,X283,0) -> 0 | AN283: =IF(G283<>"",YEAR(C283),"") -> 2010 | AO283: =IF(G283<>"",(IF(TEXT(C283,"MMMM") = "MMMM",TEXT(C283,"ММММ"),TEXT(C283,"MMMM"))),"") -> Январь | AP283: =IF(G283<>"",CEILING((C283-DATE(YEAR(C283),1,1)+WEEKDAY(DATE(YEAR(C283),1,1),2))/7,1),"") -> 2 | AQ283: =IF(AV283<>0,S283,0) -> 30216.426 | AR283: =AR282+R283 -> 30000 | AS283: =IFERROR(100*(S283-AR283)/AR283,"Заполните депозит") -> 0.72142073 | AT283: =IFERROR(100*(S283-S282-R283)/(S282+R283),"Заполните депозит") -> 0.0085060311 | AU283: =IF(C283<>C282,Z283,0) -> 0 | AV283: =IF(C283<>C284,AB283,0) -> 216.42622 | AW283: =CEILING(I283,5) -> 25 | AX283: =IF(AV283=0,AX282,IF(VLOOKUP(C282,Сводный!I:L,2,FALSE)<0,IF(AX282<0,AX282-1,-1),IF(AX282>0,AX282+1,1))) -> 5
B284: 283 | C284: 40232 | D284: 0.39936343 | E284: 40232 | F284: 0.40670139 | G284: AKS | H284: L | I284: 23.04 | J284: 23.01 | K284: 100 | L284: 2.24 | M284: необоснованный вход | N284: стоп | O284: -2 | P284: Стратегия №2 | S284: =S283+R284+X284 -> 30211.186 | T284: =L284 -> 2.24 | U284: =I284*ABS(K284) -> 2304 | V284: =J284*ABS(K284) -> 2301 | W284: =IF(H284="s",U284-V284,V284-U284) -> -3 | X284: =W284-T284 -> -5.24 | Y284: =Y283+W283 -> 936.01 | Z284: =Z283+X283 -> 216.42622 | AA284: =Y284+W284 -> 933.01 | AB284: =Z284+X284 -> 211.18622 | AC284: =IF(G284<>"",VLOOKUP(WEEKDAY(C284,2),Служебный!K$4:L$10,2),"") -> вт | AD284: =IF(G284 <> "",TEXT((HOUR(D284)),0)&"-"&TEXT(HOUR(D284)+1,0),"") -> 9-10 | AE284: =VLOOKUP(G:G,Служебный!B:G,6,) -> NYSE | AF284: =VLOOKUP(G:G,Служебный!B:G,3,FALSE) -> Basic Materials | AG284: =VLOOKUP(G:G,Служебный!B:G,4,FALSE) -> Steel & Iron | AH284: =ROUND(((E284+F284)-(C284+D284))*86400,0) -> 634 | AI284: =IF(FLOOR((AH284/60),15)>400,"Среднесрок",FLOOR((AH284/60),15)) -> 0 | AJ284: =IFERROR(IF(FLOOR((AH284/86400),1)=0,"интрадей",(FLOOR((AH284/86400),1))-(FLOOR((AH284/86400),1))-NETWORKDAYS(E284,C284)),IF(FLOOR((AH284/86400),1)=0,"интрадей",(FLOOR((AH284/86400),1)))) -> интрадей | AK284: =IF(D284<Служебный!P$3,"Раньше открытия",IF(D284>Служебный!P$6,"Позже закрытия",IF(D284<Служебный!P$4,Служебный!N$4,IF((D284>Служебный!P$5),Служебный!N$6,Служебный!N$5)))) -> 9:30 - 11:00 | AL284: =IF(X284>0,X284,0) -> 0 | AM284: =IF(X284<0,X284,0) -> -5.24 | AN284: =IF(G284<>"",YEAR(C284),"") -> 2010 | AO284: =IF(G284<>"",(IF(TEXT(C284,"MMMM") = "MMMM",TEXT(C284,"ММММ"),TEXT(C284,"MMMM"))),"") -> Февраль | AP284: =IF(G284<>"",CEILING((C284-DATE(YEAR(C284),1,1)+WEEKDAY(DATE(YEAR(C284),1,1),2))/7,1),"") -> 9 | AQ284: =IF(AV284<>0,S284,0) -> 0 | AR284: =AR283+R284 -> 30000 | AS284: =IFERROR(100*(S284-AR284)/AR284,"Заполните депозит") -> 0.70395407 | AT284: =IFERROR(100*(S284-S283-R284)/(S283+R284),"Заполните депозит") -> -0.017341561 | AU284: =IF(C284<>C283,Z284,0) -> 216.42622 | AV284: =IF(C284<>C285,AB284,0) -> 0 | AW284: =CEILING(I284,5) -> 25 | AX284: =IF(AV284=0,AX283,IF(VLOOKUP(C283,Сводный!I:L,2,FALSE)<0,IF(AX283<0,AX283-1,-1),IF(AX283>0,AX283+1,1))) -> 5
B285: 284 | C285: 40232 | D285: 0.40230324 | E285: 40232 | F285: 0.4125463 | G285: AKS | H285: L | I285: 22.91 | J285: 22.88 | K285: 100 | L285: 2.24 | M285: Прочее | N285: стоп | O285: 0 | P285: Стратегия №2 | S285: =S284+R285+X285 -> 30205.946 | T285: =L285 -> 2.24 | U285: =I285*ABS(K285) -> 2291 | V285: =J285*ABS(K285) -> 2288 | W285: =IF(H285="s",U285-V285,V285-U285) -> -3 | X285: =W285-T285 -> -5.24 | Y285: =Y284+W284 -> 933.01 | Z285: =Z284+X284 -> 211.18622 | AA285: =Y285+W285 -> 930.01 | AB285: =Z285+X285 -> 205.94622 | AC285: =IF(G285<>"",VLOOKUP(WEEKDAY(C285,2),Служебный!K$4:L$10,2),"") -> вт | AD285: =IF(G285 <> "",TEXT((HOUR(D285)),0)&"-"&TEXT(HOUR(D285)+1,0),"") -> 9-10 | AE285: =VLOOKUP(G:G,Служебный!B:G,6,) -> NYSE | AF285: =VLOOKUP(G:G,Служебный!B:G,3,FALSE) -> Basic Materials | AG285: =VLOOKUP(G:G,Служебный!B:G,4,FALSE) -> Steel & Iron | AH285: =ROUND(((E285+F285)-(C285+D285))*86400,0) -> 885 | AI285: =IF(FLOOR((AH285/60),15)>400,"Среднесрок",FLOOR((AH285/60),15)) -> 0 | AJ285: =IFERROR(IF(FLOOR((AH285/86400),1)=0,"интрадей",(FLOOR((AH285/86400),1))-(FLOOR((AH285/86400),1))-NETWORKDAYS(E285,C285)),IF(FLOOR((AH285/86400),1)=0,"интрадей",(FLOOR((AH285/86400),1)))) -> интрадей | AK285: =IF(D285<Служебный!P$3,"Раньше открытия",IF(D285>Служебный!P$6,"Позже закрытия",IF(D285<Служебный!P$4,Служебный!N$4,IF((D285>Служебный!P$5),Служебный!N$6,Служебный!N$5)))) -> 9:30 - 11:00 | AL285: =IF(X285>0,X285,0) -> 0 | AM285: =IF(X285<0,X285,0) -> -5.24 | AN285: =IF(G285<>"",YEAR(C285),"") -> 2010 | AO285: =IF(G285<>"",(IF(TEXT(C285,"MMMM") = "MMMM",TEXT(C285,"ММММ"),TEXT(C285,"MMMM"))),"") -> Февраль | AP285: =IF(G285<>"",CEILING((C285-DATE(YEAR(C285),1,1)+WEEKDAY(DATE(YEAR(C285),1,1),2))/7,1),"") -> 9 | AQ285: =IF(AV285<>0,S285,0) -> 30205.946 | AR285: =AR284+R285 -> 30000 | AS285: =IFERROR(100*(S285-AR285)/AR285,"Заполните депозит") -> 0.6864874 | AT285: =IFERROR(100*(S285-S284-R285)/(S284+R285),"Заполните депозит") -> -0.017344569 | AU285: =IF(C285<>C284,Z285,0) -> 0 | AV285: =IF(C285<>C286,AB285,0) -> 205.94622 | AW285: =CEILING(I285,5) -> 25 | AX285: =IF(AV285=0,AX284,IF(VLOOKUP(C284,Сводный!I:L,2,FALSE)<0,IF(AX284<0,AX284-1,-1),IF(AX284>0,AX284+1,1))) -> -1
B286: 285 | C286: 40234 | D286: 0.398125 | E286: 40234 | F286: 0.40634259 | G286: HPQ | H286: L | I286: 50.01 | J286: 49.96 | K286: 100 | L286: 2.61 | M286: отбой от уровня | N286: стоп | O286: -2 | P286: Разворотная | S286: =S285+R286+X286 -> 30198.336 | T286: =L286 -> 2.61 | U286: =I286*ABS(K286) -> 5001 | V286: =J286*ABS(K286) -> 4996 | W286: =IF(H286="s",U286-V286,V286-U286) -> -5 | X286: =W286-T286 -> -7.61 | Y286: =Y285+W285 -> 930.01 | Z286: =Z285+X285 -> 205.94622 | AA286: =Y286+W286 -> 925.01 | AB286: =Z286+X286 -> 198.33622 | AC286: =IF(G286<>"",VLOOKUP(WEEKDAY(C286,2),Служебный!K$4:L$10,2),"") -> чт | AD286: =IF(G286 <> "",TEXT((HOUR(D286)),0)&"-"&TEXT(HOUR(D286)+1,0),"") -> 9-10 | AE286: =VLOOKUP(G:G,Служебный!B:G,6,) -> NYSE | AF286: =VLOOKUP(G:G,Служебный!B:G,3,FALSE) -> Technology | AG286: =VLOOKUP(G:G,Служебный!B:G,4,FALSE) -> Diversified Computer Systems | AH286: =ROUND(((E286+F286)-(C286+D286))*86400,0) -> 710 | AI286: =IF(FLOOR((AH286/60),15)>400,"Среднесрок",FLOOR((AH286/60),15)) -> 0 | AJ286: =IFERROR(IF(FLOOR((AH286/86400),1)=0,"интрадей",(FLOOR((AH286/86400),1))-(FLOOR((AH286/86400),1))-NETWORKDAYS(E286,C286)),IF(FLOOR((AH286/86400),1)=0,"интрадей",(FLOOR((AH286/86400),1)))) -> интрадей | AK286: =IF(D286<Служебный!P$3,"Раньше открытия",IF(D286>Служебный!P$6,"Позже закрытия",IF(D286<Служебный!P$4,Служебный!N$4,IF((D286>Служебный!P$5),Служебный!N$6,Служебный!N$5)))) -> 9:30 - 11:00 | AL286: =IF(X286>0,X286,0) -> 0 | AM286: =IF(X286<0,X286,0) -> -7.61 | AN286: =IF(G286<>"",YEAR(C286),"") -> 2010 | AO286: =IF(G286<>"",(IF(TEXT(C286,"MMMM") = "MMMM",TEXT(C286,"ММММ"),TEXT(C286,"MMMM"))),"") -> Февраль | AP286: =IF(G286<>"",CEILING((C286-DATE(YEAR(C286),1,1)+WEEKDAY(DATE(YEAR(C286),1,1),2))/7,1),"") -> 9 | AQ286: =IF(AV286<>0,S286,0) -> 0 | AR286: =AR285+R286 -> 30000 | AS286: =IFERROR(100*(S286-AR286)/AR286,"Заполните депозит") -> 0.66112073 | AT286: =IFERROR(100*(S286-S285-R286)/(S285+R286),"Заполните депозит") -> -0.025193715 | AU286: =IF(C286<>C285,Z286,0) -> 205.94622 | AV286: =IF(C286<>C287,AB286,0) -> 0 | AW286: =CEILING(I286,5) -> 55 | AX286: =IF(AV286=0,AX285,IF(VLOOKUP(C285,Сводный!I:L,2,FALSE)<0,IF(AX285<0,AX285-1,-1),IF(AX285>0,AX285+1,1))) -> -1
B287: 286 | C287: 40234 | D287: 0.40002315 | E287: 40234 | F287: 0.40162037 | G287: GNK | H287: L | I287: 19.85 | J287: 19.85 | K287: 100 | L287: 2.39913 | M287: разворотная формация | N287: стоп | O287: -2 | P287: Стратегия №2 | S287: =S286+R287+X287 -> 30195.937 | T287: =L287 -> 2.39913 | U287: =I287*ABS(K287) -> 1985 | V287: =J287*ABS(K287) -> 1985 | W287: =IF(H287="s",U287-V287,V287-U287) -> 0 | X287: =W287-T287 -> -2.39913 | Y287: =Y286+W286 -> 925.01 | Z287: =Z286+X286 -> 198.33622 | AA287: =Y287+W287 -> 925.01 | AB287: =Z287+X287 -> 195.93709 | AC287: =IF(G287<>"",VLOOKUP(WEEKDAY(C287,2),Служебный!K$4:L$10,2),"") -> чт | AD287: =IF(G287 <> "",TEXT((HOUR(D287)),0)&"-"&TEXT(HOUR(D287)+1,0),"") -> 9-10 | AE287: =VLOOKUP(G:G,Служебный!B:G,6,) -> NYSE | AF287: =VLOOKUP(G:G,Служебный!B:G,3,FALSE) -> Services | AG287: =VLOOKUP(G:G,Служебный!B:G,4,FALSE) -> Shipping | AH287: =ROUND(((E287+F287)-(C287+D287))*86400,0) -> 138 | AI287: =IF(FLOOR((AH287/60),15)>400,"Среднесрок",FLOOR((AH287/60),15)) -> 0 | AJ287: =IFERROR(IF(FLOOR((AH287/86400),1)=0,"интрадей",(FLOOR((AH287/86400),1))-(FLOOR((AH287/86400),1))-NETWORKDAYS(E287,C287)),IF(FLOOR((AH287/86400),1)=0,"интрадей",(FLOOR((AH287/86400),1)))) -> интрадей | AK287: =IF(D287<Служебный!P$3,"Раньше открытия",IF(D287>Служебный!P$6,"Позже закрытия",IF(D287<Служебный!P$4,Служебный!N$4,IF((D287>Служебный!P$5),Служебный!N$6,Служебный!N$5)))) -> 9:30 - 11:00 | AL287: =IF(X287>0,X287,0) -> 0 | AM287: =IF(X287<0,X287,0) -> -2.39913 | AN287: =IF(G287<>"",YEAR(C287),"") -> 2010 | AO287: =IF(G287<>"",(IF(TEXT(C287,"MMMM") = "MMMM",TEXT(C287,"ММММ"),TEXT(C287,"MMMM"))),"") -> Февраль | AP287: =IF(G287<>"",CEILING((C287-DATE(YEAR(C287),1,1)+WEEKDAY(DATE(YEAR(C287),1,1),2))/7,1),"") -> 9 | AQ287: =IF(AV287<>0,S287,0) -> 0 | AR287: =AR286+R287 -> 30000 | AS287: =IFERROR(100*(S287-AR287)/AR287,"Заполните депозит") -> 0.65312363 | AT287: =IFERROR(100*(S287-S286-R287)/(S286+R287),"Заполните депозит") -> -0.0079445768 | AU287: =IF(C287<>C286,Z287,0) -> 0 | AV287: =IF(C287<>C288,AB287,0) -> 0 | AW287: =CEILING(I287,5) -> 20 | AX287: =IF(AV287=0,AX286,IF(VLOOKUP(C286,Сводный!I:L,2,FALSE)<0,IF(AX286<0,AX286-1,-1),IF(AX286>0,AX286+1,1))) -> -1
B288: 287 | C288: 40234 | D288: 0.40002315 | E288: 40234 | F288: 0.41230324 | G288: GNK | H288: L | I288: 19.85 | J288: 20.2 | K288: 100 | L288: 2.39913 | M288: разворотная формация | N288: стоп | O288: -2 | P288: Стратегия №2 | S288: =S287+R288+X288 -> 30228.538 | T288: =L288 -> 2.39913 | U288: =I288*ABS(K288) -> 1985 | V288: =J288*ABS(K288) -> 2020 | W288: =IF(H288="s",U288-V288,V288-U288) -> 35 | X288: =W288-T288 -> 32.60087 | Y288: =Y287+W287 -> 925.01 | Z288: =Z287+X287 -> 195.93709 | AA288: =Y288+W288 -> 960.01 | AB288: =Z288+X288 -> 228.53796 | AC288: =IF(G288<>"",VLOOKUP(WEEKDAY(C288,2),Служебный!K$4:L$10,2),"") -> чт | AD288: =IF(G288 <> "",TEXT((HOUR(D288)),0)&"-"&TEXT(HOUR(D288)+1,0),"") -> 9-10 | AE288: =VLOOKUP(G:G,Служебный!B:G,6,) -> NYSE | AF288: =VLOOKUP(G:G,Служебный!B:G,3,FALSE) -> Services | AG288: =VLOOKUP(G:G,Служебный!B:G,4,FALSE) -> Shipping | AH288: =ROUND(((E288+F288)-(C288+D288))*86400,0) -> 1061 | AI288: =IF(FLOOR((AH288/60),15)>400,"Среднесрок",FLOOR((AH288/60),15)) -> 15 | AJ288: =IFERROR(IF(FLOOR((AH288/86400),1)=0,"интрадей",(FLOOR((AH288/86400),1))-(FLOOR((AH288/86400),1))-NETWORKDAYS(E288,C288)),IF(FLOOR((AH288/86400),1)=0,"интрадей",(FLOOR((AH288/86400),1)))) -> интрадей | AK288: =IF(D288<Служебный!P$3,"Раньше открытия",IF(D288>Служебный!P$6,"Позже закрытия",IF(D288<Служебный!P$4,Служебный!N$4,IF((D288>Служебный!P$5),Служебный!N$6,Служебный!N$5)))) -> 9:30 - 11:00 | AL288: =IF(X288>0,X288,0) -> 32.60087 | AM288: =IF(X288<0,X288,0) -> 0 | AN288: =IF(G288<>"",YEAR(C288),"") -> 2010 | AO288: =IF(G288<>"",(IF(TEXT(C288,"MMMM") = "MMMM",TEXT(C288,"ММММ"),TEXT(C288,"MMMM"))),"") -> Февраль | AP288: =IF(G288<>"",CEILING((C288-DATE(YEAR(C288),1,1)+WEEKDAY(DATE(YEAR(C288),1,1),2))/7,1),"") -> 9 | AQ288: =IF(AV288<>0,S288,0) -> 0 | AR288: =AR287+R288 -> 30000 | AS288: =IFERROR(100*(S288-AR288)/AR288,"Заполните депозит") -> 0.7617932 | AT288: =IFERROR(100*(S288-S287-R288)/(S287+R288),"Заполните депозит") -> 0.10796443 | AU288: =IF(C288<>C287,Z288,0) -> 0 | AV288: =IF(C288<>C289,AB288,0) -> 0 | AW288: =CEILING(I288,5) -> 20 | AX288: =IF(AV288=0,AX287,IF(VLOOKUP(C287,Сводный!I:L,2,FALSE)<0,IF(AX287<0,AX287-1,-1),IF(AX287>0,AX287+1,1))) -> -1
B289: 288 | C289: 40234 | D289: 0.40952546 | E289: 40234 | F289: 0.41288194 | G289: AUY | H289: s | I289: 9.99 | J289: 10.05 | K289: 100 | L289: 2.39913 | M289: отбой от уровня | N289: стоп | O289: 1 | P289: Разворотная | S289: =S288+R289+X289 -> 30220.139 | T289: =L289 -> 2.39913 | U289: =I289*ABS(K289) -> 999 | V289: =J289*ABS(K289) -> 1005 | W289: =IF(H289="s",U289-V289,V289-U289) -> -6 | X289: =W289-T289 -> -8.39913 | Y289: =Y288+W288 -> 960.01 | Z289: =Z288+X288 -> 228.53796 | AA289: =Y289+W289 -> 954.01 | AB289: =Z289+X289 -> 220.13883 | AC289: =IF(G289<>"",VLOOKUP(WEEKDAY(C289,2),Служебный!K$4:L$10,2),"") -> чт | AD289: =IF(G289 <> "",TEXT((HOUR(D289)),0)&"-"&TEXT(HOUR(D289)+1,0),"") -> 9-10 | AE289: =VLOOKUP(G:G,Служебный!B:G,6,) -> NYSE | AF289: =VLOOKUP(G:G,Служебный!B:G,3,FALSE) -> Basic Materials | AG289: =VLOOKUP(G:G,Служебный!B:G,4,FALSE) -> Gold | AH289: =ROUND(((E289+F289)-(C289+D289))*86400,0) -> 290 | AI289: =IF(FLOOR((AH289/60),15)>400,"Среднесрок",FLOOR((AH289/60),15)) -> 0 | AJ289: =IFERROR(IF(FLOOR((AH289/86400),1)=0,"интрадей",(FLOOR((AH289/86400),1))-(FLOOR((AH289/86400),1))-NETWORKDAYS(E289,C289)),IF(FLOOR((AH289/86400),1)=0,"интрадей",(FLOOR((AH289/86400),1)))) -> интрадей | AK289: =IF(D289<Служебный!P$3,"Раньше открытия",IF(D289>Служебный!P$6,"Позже закрытия",IF(D289<Служебный!P$4,Служебный!N$4,IF((D289>Служебный!P$5),Служебный!N$6,Служебный!N$5)))) -> 9:30 - 11:00 | AL289: =IF(X289>0,X289,0) -> 0 | AM289: =IF(X289<0,X289,0) -> -8.39913 | AN289: =IF(G289<>"",YEAR(C289),"") -> 2010 | AO289: =IF(G289<>"",(IF(TEXT(C289,"MMMM") = "MMMM",TEXT(C289,"ММММ"),TEXT(C289,"MMMM"))),"") -> Февраль | AP289: =IF(G289<>"",CEILING((C289-DATE(YEAR(C289),1,1)+WEEKDAY(DATE(YEAR(C289),1,1),2))/7,1),"") -> 9 | AQ289: =IF(AV289<>0,S289,0) -> 0 | AR289: =AR288+R289 -> 30000 | AS289: =IFERROR(100*(S289-AR289)/AR289,"Заполните депозит") -> 0.7337961 | AT289: =IFERROR(100*(S289-S288-R289)/(S288+R289),"Заполните депозит") -> -0.027785432 | AU289: =IF(C289<>C288,Z289,0) -> 0 | AV289: =IF(C289<>C290,AB289,0) -> 0 | AW289: =CEILING(I289,5) -> 10 | AX289: =IF(AV289=0,AX288,IF(VLOOKUP(C288,Сводный!I:L,2,FALSE)<0,IF(AX288<0,AX288-1,-1),IF(AX288>0,AX288+1,1))) -> -1
B290: 289 | C290: 40234 | D290: 0.40982639 | E290: 40234 | F290: 0.41288194 | G290: AUY | H290: s | I290: 9.99 | J290: 10.05 | K290: 100 | L290: 2.39913 | M290: пробой уровня | N290: стоп | O290: 2 | P290: Черепахи | S290: =S289+R290+X290 -> 30211.74 | T290: =L290 -> 2.39913 | U290: =I290*ABS(K290) -> 999 | V290: =J290*ABS(K290) -> 1005 | W290: =IF(H290="s",U290-V290,V290-U290) -> -6 | X290: =W290-T290 -> -8.39913 | Y290: =Y289+W289 -> 954.01 | Z290: =Z289+X289 -> 220.13883 | AA290: =Y290+W290 -> 948.01 | AB290: =Z290+X290 -> 211.7397 | AC290: =IF(G290<>"",VLOOKUP(WEEKDAY(C290,2),Служебный!K$4:L$10,2),"") -> чт | AD290: =IF(G290 <> "",TEXT((HOUR(D290)),0)&"-"&TEXT(HOUR(D290)+1,0),"") -> 9-10 | AE290: =VLOOKUP(G:G,Служебный!B:G,6,) -> NYSE | AF290: =VLOOKUP(G:G,Служебный!B:G,3,FALSE) -> Basic Materials | AG290: =VLOOKUP(G:G,Служебный!B:G,4,FALSE) -> Gold | AH290: =ROUND(((E290+F290)-(C290+D290))*86400,0) -> 264 | AI290: =IF(FLOOR((AH290/60),15)>400,"Среднесрок",FLOOR((AH290/60),15)) -> 0 | AJ290: =IFERROR(IF(FLOOR((AH290/86400),1)=0,"интрадей",(FLOOR((AH290/86400),1))-(FLOOR((AH290/86400),1))-NETWORKDAYS(E290,C290)),IF(FLOOR((AH290/86400),1)=0,"интрадей",(FLOOR((AH290/86400),1)))) -> интрадей | AK290: =IF(D290<Служебный!P$3,"Раньше открытия",IF(D290>Служебный!P$6,"Позже закрытия",IF(D290<Служебный!P$4,Служебный!N$4,IF((D290>Служебный!P$5),Служебный!N$6,Служебный!N$5)))) -> 9:30 - 11:00 | AL290: =IF(X290>0,X290,0) -> 0 | AM290: =IF(X290<0,X290,0) -> -8.39913 | AN290: =IF(G290<>"",YEAR(C290),"") -> 2010 | AO290: =IF(G290<>"",(IF(TEXT(C290,"MMMM") = "MMMM",TEXT(C290,"ММММ"),TEXT(C290,"MMMM"))),"") -> Февраль | AP290: =IF(G290<>"",CEILING((C290-DATE(YEAR(C290),1,1)+WEEKDAY(DATE(YEAR(C290),1,1),2))/7,1),"") -> 9 | AQ290: =IF(AV290<>0,S290,0) -> 0 | AR290: =AR289+R290 -> 30000 | AS290: =IFERROR(100*(S290-AR290)/AR290,"Заполните депозит") -> 0.705799 | AT290: =IFERROR(100*(S290-S289-R290)/(S289+R290),"Заполните депозит") -> -0.027793155 | AU290: =IF(C290<>C289,Z290,0) -> 0 | AV290: =IF(C290<>C291,AB290,0) -> 0 | AW290: =CEILING(I290,5) -> 10 | AX290: =IF(AV290=0,AX289,IF(VLOOKUP(C289,Сводный!I:L,2,FALSE)<0,IF(AX289<0,AX289-1,-1),IF(AX289>0,AX289+1,1))) -> -1
B291: 290 | C291: 40234 | D291: 0.40982639 | E291: 40234 | F291: 0.41496528 | G291: AUY | H291: s | I291: 9.99 | J291: 10.11 | K291: 100 | L291: 2.39913 | M291: отбой от уровня | N291: стоп | O291: 2 | P291: Разворотная | S291: =S290+R291+X291 -> 30197.341 | T291: =L291 -> 2.39913 | U291: =I291*ABS(K291) -> 999 | V291: =J291*ABS(K291) -> 1011 | W291: =IF(H291="s",U291-V291,V291-U291) -> -12 | X291: =W291-T291 -> -14.39913 | Y291: =Y290+W290 -> 948.01 | Z291: =Z290+X290 -> 211.7397 | AA291: =Y291+W291 -> 936.01 | AB291: =Z291+X291 -> 197.34057 | AC291: =IF(G291<>"",VLOOKUP(WEEKDAY(C291,2),Служебный!K$4:L$10,2),"") -> чт | AD291: =IF(G291 <> "",TEXT((HOUR(D291)),0)&"-"&TEXT(HOUR(D291)+1,0),"") -> 9-10 | AE291: =VLOOKUP(G:G,Служебный!B:G,6,) -> NYSE | AF291: =VLOOKUP(G:G,Служебный!B:G,3,FALSE) -> Basic Materials | AG291: =VLOOKUP(G:G,Служебный!B:G,4,FALSE) -> Gold | AH291: =ROUND(((E291+F291)-(C291+D291))*86400,0) -> 444 | AI291: =IF(FLOOR((AH291/60),15)>400,"Среднесрок",FLOOR((AH291/60),15)) -> 0 | AJ291: =IFERROR(IF(FLOOR((AH291/86400),1)=0,"интрадей",(FLOOR((AH291/86400),1))-(FLOOR((AH291/86400),1))-NETWORKDAYS(E291,C291)),IF(FLOOR((AH291/86400),1)=0,"интрадей",(FLOOR((AH291/86400),1)))) -> интрадей | AK291: =IF(D291<Служебный!P$3,"Раньше открытия",IF(D291>Служебный!P$6,"Позже закрытия",IF(D291<Служебный!P$4,Служебный!N$4,IF((D291>Служебный!P$5),Служебный!N$6,Служебный!N$5)))) -> 9:30 - 11:00 | AL291: =IF(X291>0,X291,0) -> 0 | AM291: =IF(X291<0,X291,0) -> -14.39913 | AN291: =IF(G291<>"",YEAR(C291),"") -> 2010 | AO291: =IF(G291<>"",(IF(TEXT(C291,"MMMM") = "MMMM",TEXT(C291,"ММММ"),TEXT(C291,"MMMM"))),"") -> Февраль | AP291: =IF(G291<>"",CEILING((C291-DATE(YEAR(C291),1,1)+WEEKDAY(DATE(YEAR(C291),1,1),2))/7,1),"") -> 9 | AQ291: =IF(AV291<>0,S291,0) -> 0 | AR291: =AR290+R291 -> 30000 | AS291: =IFERROR(100*(S291-AR291)/AR291,"Заполните депозит") -> 0.6578019 | AT291: =IFERROR(100*(S291-S290-R291)/(S290+R291),"Заполните депозит") -> -0.047660711 | AU291: =IF(C291<>C290,Z291,0) -> 0 | AV291: =IF(C291<>C292,AB291,0) -> 0 | AW291: =CEILING(I291,5) -> 10 | AX291: =IF(AV291=0,AX290,IF(VLOOKUP(C290,Сводный!I:L,2,FALSE)<0,IF(AX290<0,AX290-1,-1),IF(AX290>0,AX290+1,1))) -> -1
B292: 291 | C292: 40234 | D292: 0.41803241 | E292: 40234 | F292: 0.46579861 | G292: HPQ | H292: L | I292: 50.01 | J292: 50.22 | K292: 100 | L292: 2.39913 | M292: отбой от уровня | N292: цель | O292: 0 | P292: Разворотная | S292: =S291+R292+X292 -> 30215.941 | T292: =L292 -> 2.39913 | U292: =I292*ABS(K292) -> 5001 | V292: =J292*ABS(K292) -> 5022 | W292: =IF(H292="s",U292-V292,V292-U292) -> 21 | X292: =W292-T292 -> 18.60087 | Y292: =Y291+W291 -> 936.01 | Z292: =Z291+X291 -> 197.34057 | AA292: =Y292+W292 -> 957.01 | AB292: =Z292+X292 -> 215.94144 | AC292: =IF(G292<>"",VLOOKUP(WEEKDAY(C292,2),Служебный!K$4:L$10,2),"") -> чт | AD292: =IF(G292 <> "",TEXT((HOUR(D292)),0)&"-"&TEXT(HOUR(D292)+1,0),"") -> 10-11 | AE292: =VLOOKUP(G:G,Служебный!B:G,6,) -> NYSE | AF292: =VLOOKUP(G:G,Служебный!B:G,3,FALSE) -> Technology | AG292: =VLOOKUP(G:G,Служебный!B:G,4,FALSE) -> Diversified Computer Systems | AH292: =ROUND(((E292+F292)-(C292+D292))*86400,0) -> 4127 | AI292: =IF(FLOOR((AH292/60),15)>400,"Среднесрок",FLOOR((AH292/60),15)) -> 60 | AJ292: =IFERROR(IF(FLOOR((AH292/86400),1)=0,"интрадей",(FLOOR((AH292/86400),1))-(FLOOR((AH292/86400),1))-NETWORKDAYS(E292,C292)),IF(FLOOR((AH292/86400),1)=0,"интрадей",(FLOOR((AH292/86400),1)))) -> интрадей | AK292: =IF(D292<Служебный!P$3,"Раньше открытия",IF(D292>Служебный!P$6,"Позже закрытия",IF(D292<Служебный!P$4,Служебный!N$4,IF((D292>Служебный!P$5),Служебный!N$6,Служебный!N$5)))) -> 9:30 - 11:00 | AL292: =IF(X292>0,X292,0) -> 18.60087 | AM292: =IF(X292<0,X292,0) -> 0 | AN292: =IF(G292<>"",YEAR(C292),"") -> 2010 | AO292: =IF(G292<>"",(IF(TEXT(C292,"MMMM") = "MMMM",TEXT(C292,"ММММ"),TEXT(C292,"MMMM"))),"") -> Февраль | AP292: =IF(G292<>"",CEILING((C292-DATE(YEAR(C292),1,1)+WEEKDAY(DATE(YEAR(C292),1,1),2))/7,1),"") -> 9 | AQ292: =IF(AV292<>0,S292,0) -> 0 | AR292: =AR291+R292 -> 30000 | AS292: =IFERROR(100*(S292-AR292)/AR292,"Заполните депозит") -> 0.7198048 | AT292: =IFERROR(100*(S292-S291-R292)/(S291+R292),"Заполните депозит") -> 0.061597709 | AU292: =IF(C292<>C291,Z292,0) -> 0 | AV292: =IF(C292<>C293,AB292,0) -> 0 | AW292: =CEILING(I292,5) -> 55 | AX292: =IF(AV292=0,AX291,IF(VLOOKUP(C291,Сводный!I:L,2,FALSE)<0,IF(AX291<0,AX291-1,-1),IF(AX291>0,AX291+1,1))) -> -1
B293: 292 | C293: 40234 | D293: 0.44346065 | E293: 40234 | F293: 0.4653125 | G293: SKX | H293: L | I293: 30.02 | J293: 30.15 | K293: 100 | L293: 2.39913 | M293: отбой от уровня | N293: стоп | O293: -1 | P293: Разворотная | S293: =S292+R293+X293 -> 30226.542 | T293: =L293 -> 2.39913 | U293: =I293*ABS(K293) -> 3002 | V293: =J293*ABS(K293) -> 3015 | W293: =IF(H293="s",U293-V293,V293-U293) -> 13 | X293: =W293-T293 -> 10.60087 | Y293: =Y292+W292 -> 957.01 | Z293: =Z292+X292 -> 215.94144 | AA293: =Y293+W293 -> 970.01 | AB293: =Z293+X293 -> 226.54231 | AC293: =IF(G293<>"",VLOOKUP(WEEKDAY(C293,2),Служебный!K$4:L$10,2),"") -> чт | AD293: =IF(G293 <> "",TEXT((HOUR(D293)),0)&"-"&TEXT(HOUR(D293)+1,0),"") -> 10-11 | AE293: =VLOOKUP(G:G,Служебный!B:G,6,) -> NYSE | AF293: =VLOOKUP(G:G,Служебный!B:G,3,FALSE) -> Consumer Goods | AG293: =VLOOKUP(G:G,Служебный!B:G,4,FALSE) -> Textile - Apparel Footwear & Accessories | AH293: =ROUND(((E293+F293)-(C293+D293))*86400,0) -> 1888 | AI293: =IF(FLOOR((AH293/60),15)>400,"Среднесрок",FLOOR((AH293/60),15)) -> 30 | AJ293: =IFERROR(IF(FLOOR((AH293/86400),1)=0,"интрадей",(FLOOR((AH293/86400),1))-(FLOOR((AH293/86400),1))-NETWORKDAYS(E293,C293)),IF(FLOOR((AH293/86400),1)=0,"интрадей",(FLOOR((AH293/86400),1)))) -> интрадей | AK293: =IF(D293<Служебный!P$3,"Раньше открытия",IF(D293>Служебный!P$6,"Позже закрытия",IF(D293<Служебный!P$4,Служебный!N$4,IF((D293>Служебный!P$5),Служебный!N$6,Служебный!N$5)))) -> 9:30 - 11:00 | AL293: =IF(X293>0,X293,0) -> 10.60087 | AM293: =IF(X293<0,X293,0) -> 0 | AN293: =IF(G293<>"",YEAR(C293),"") -> 2010 | AO293: =IF(G293<>"",(IF(TEXT(C293,"MMMM") = "MMMM",TEXT(C293,"ММММ"),TEXT(C293,"MMMM"))),"") -> Февраль | AP293: =IF(G293<>"",CEILING((C293-DATE(YEAR(C293),1,1)+WEEKDAY(DATE(YEAR(C293),1,1),2))/7,1),"") -> 9 | AQ293: =IF(AV293<>0,S293,0) -> 0 | AR293: =AR292+R293 -> 30000 | AS293: =IFERROR(100*(S293-AR293)/AR293,"Заполните депозит") -> 0.75514103 | AT293: =IFERROR(100*(S293-S292-R293)/(S292+R293),"Заполните депозит") -> 0.035083699 | AU293: =IF(C293<>C292,Z293,0) -> 0 | AV293: =IF(C293<>C294,AB293,0) -> 0 | AW293: =CEILING(I293,5) -> 35 | AX293: =IF(AV293=0,AX292,IF(VLOOKUP(C292,Сводный!I:L,2,FALSE)<0,IF(AX292<0,AX292-1,-1),IF(AX292>0,AX292+1,1))) -> -1
B294: 293 | C294: 40234 | D294: 0.45197917 | E294: 40234 | F294: 0.45246528 | G294: CF | H294: s | I294: 101.99 | J294: 102.1 | K294: 100 | L294: 2.39913 | M294: отбой от уровня | N294: стоп | O294: -1 | P294: Разворотная | S294: =S293+R294+X294 -> 30213.143 | T294: =L294 -> 2.39913 | U294: =I294*ABS(K294) -> 10199 | V294: =J294*ABS(K294) -> 10210 | W294: =IF(H294="s",U294-V294,V294-U294) -> -11 | X294: =W294-T294 -> -13.39913 | Y294: =Y293+W293 -> 970.01 | Z294: =Z293+X293 -> 226.54231 | AA294: =Y294+W294 -> 959.01 | AB294: =Z294+X294 -> 213.14318 | AC294: =IF(G294<>"",VLOOKUP(WEEKDAY(C294,2),Служебный!K$4:L$10,2),"") -> чт | AD294: =IF(G294 <> "",TEXT((HOUR(D294)),0)&"-"&TEXT(HOUR(D294)+1,0),"") -> 10-11 | AE294: =VLOOKUP(G:G,Служебный!B:G,6,) -> NYSE | AF294: =VLOOKUP(G:G,Служебный!B:G,3,FALSE) -> Basic Materials | AG294: =VLOOKUP(G:G,Служебный!B:G,4,FALSE) -> Agricultural Chemicals | AH294: =ROUND(((E294+F294)-(C294+D294))*86400,0) -> 42 | AI294: =IF(FLOOR((AH294/60),15)>400,"Среднесрок",FLOOR((AH294/60),15)) -> 0 | AJ294: =IFERROR(IF(FLOOR((AH294/86400),1)=0,"интрадей",(FLOOR((AH294/86400),1))-(FLOOR((AH294/86400),1))-NETWORKDAYS(E294,C294)),IF(FLOOR((AH294/86400),1)=0,"интрадей",(FLOOR((AH294/86400),1)))) -> интрадей | AK294: =IF(D294<Служебный!P$3,"Раньше открытия",IF(D294>Служебный!P$6,"Позже закрытия",IF(D294<Служебный!P$4,Служебный!N$4,IF((D294>Служебный!P$5),Служебный!N$6,Служебный!N$5)))) -> 9:30 - 11:00 | AL294: =IF(X294>0,X294,0) -> 0 | AM294: =IF(X294<0,X294,0) -> -13.39913 | AN294: =IF(G294<>"",YEAR(C294),"") -> 2010 | AO294: =IF(G294<>"",(IF(TEXT(C294,"MMMM") = "MMMM",TEXT(C294,"ММММ"),TEXT(C294,"MMMM"))),"") -> Февраль | AP294: =IF(G294<>"",CEILING((C294-DATE(YEAR(C294),1,1)+WEEKDAY(DATE(YEAR(C294),1,1),2))/7,1),"") -> 9 | AQ294: =IF(AV294<>0,S294,0) -> 0 | AR294: =AR293+R294 -> 30000 | AS294: =IFERROR(100*(S294-AR294)/AR294,"Заполните депозит") -> 0.71047727 | AT294: =IFERROR(100*(S294-S293-R294)/(S293+R294),"Заполните депозит") -> -0.04432902 | AU294: =IF(C294<>C293,Z294,0) -> 0 | AV294: =IF(C294<>C295,AB294,0) -> 0 | AW294: =CEILING(I294,5) -> 105 | AX294: =IF(AV294=0,AX293,IF(VLOOKUP(C293,Сводный!I:L,2,FALSE)<0,IF(AX293<0,AX293-1,-1),IF(AX293>0,AX293+1,1))) -> -1
B295: 294 | C295: 40234 | D295: 0.45293981 | E295: 40234 | F295: 0.46388889 | G295: CF | H295: L | I295: 102.13 | J295: 102.5 | K295: 100 | L295: 2.39913 | M295: в канале | N295: стоп | O295: -2 | P295: Стратегия №2 | S295: =S294+R295+X295 -> 30247.744 | T295: =L295 -> 2.39913 | U295: =I295*ABS(K295) -> 10213 | V295: =J295*ABS(K295) -> 10250 | W295: =IF(H295="s",U295-V295,V295-U295) -> 37 | X295: =W295-T295 -> 34.60087 | Y295: =Y294+W294 -> 959.01 | Z295: =Z294+X294 -> 213.14318 | AA295: =Y295+W295 -> 996.01 | AB295: =Z295+X295 -> 247.74405 | AC295: =IF(G295<>"",VLOOKUP(WEEKDAY(C295,2),Служебный!K$4:L$10,2),"") -> чт | AD295: =IF(G295 <> "",TEXT((HOUR(D295)),0)&"-"&TEXT(HOUR(D295)+1,0),"") -> 10-11 | AE295: =VLOOKUP(G:G,Служебный!B:G,6,) -> NYSE | AF295: =VLOOKUP(G:G,Служебный!B:G,3,FALSE) -> Basic Materials | AG295: =VLOOKUP(G:G,Служебный!B:G,4,FALSE) -> Agricultural Chemicals | AH295: =ROUND(((E295+F295)-(C295+D295))*86400,0) -> 946 | AI295: =IF(FLOOR((AH295/60),15)>400,"Среднесрок",FLOOR((AH295/60),15)) -> 15 | AJ295: =IFERROR(IF(FLOOR((AH295/86400),1)=0,"интрадей",(FLOOR((AH295/86400),1))-(FLOOR((AH295/86400),1))-NETWORKDAYS(E295,C295)),IF(FLOOR((AH295/86400),1)=0,"интрадей",(FLOOR((AH295/86400),1)))) -> интрадей | AK295: =IF(D295<Служебный!P$3,"Раньше открытия",IF(D295>Служебный!P$6,"Позже закрытия",IF(D295<Служебный!P$4,Служебный!N$4,IF((D295>Служебный!P$5),Служебный!N$6,Служебный!N$5)))) -> 9:30 - 11:00 | AL295: =IF(X295>0,X295,0) -> 34.60087 | AM295: =IF(X295<0,X295,0) -> 0 | AN295: =IF(G295<>"",YEAR(C295),"") -> 2010 | AO295: =IF(G295<>"",(IF(TEXT(C295,"MMMM") = "MMMM",TEXT(C295,"ММММ"),TEXT(C295,"MMMM"))),"") -> Февраль | AP295: =IF(G295<>"",CEILING((C295-DATE(YEAR(C295),1,1)+WEEKDAY(DATE(YEAR(C295),1,1),2))/7,1),"") -> 9 | AQ295: =IF(AV295<>0,S295,0) -> 0 | AR295: =AR294+R295 -> 30000 | AS295: =IFERROR(100*(S295-AR295)/AR295,"Заполните депозит") -> 0.8258135 | AT295: =IFERROR(100*(S295-S294-R295)/(S294+R295),"Заполните депозит") -> 0.11452258 | AU295: =IF(C295<>C294,Z295,0) -> 0 | AV295: =IF(C295<>C296,AB295,0) -> 0 | AW295: =CEILING(I295,5) -> 105 | AX295: =IF(AV295=0,AX294,IF(VLOOKUP(C294,Сводный!I:L,2,FALSE)<0,IF(AX294<0,AX294-1,-1),IF(AX294>0,AX294+1,1))) -> -1
... B336: 335 | C336: 40237 | D336: 0.98050926 | E336: 40237 | F336: 0.99909722 | G336: NOA | H336: L | I336: 10.32 | J336: 10.45 | K336: 100 | L336: 2.26 | M336: Отбой от уровня | N336: Трейлинг-стоп | O336: 3 | P336: Обозначился явный уровень. Сделка с маленьким риском. Не нужно было использовать трейлинг стоп. Акция сходила на 70 центов | S336: =S335+R336+X336 -> 30349.589 | T336: =L336 -> 2.26 | U336: =I336*ABS(K336) -> 1032 | V336: =J336*ABS(K336) -> 1045 | W336: =IF(H336="s",U336-V336,V336-U336) -> 13 | X336: =W336-T336 -> 10.74 | Y336: =Y335+W335 -> 1184.01 | Z336: =Z335+X335 -> 338.84927 | AA336: =Y336+W336 -> 1197.01 | AB336: =Z336+X336 -> 349.58927 | AC336: =IF(G336<>"",VLOOKUP(WEEKDAY(C336,2),Служебный!K$4:L$10,2),"") -> вс | AD336: =IF(G336 <> "",TEXT((HOUR(D336)),0)&"-"&TEXT(HOUR(D336)+1,0),"") -> 23-24 | AE336: =VLOOKUP(G:G,Служебный!B:G,6,) -> NYSE | AF336: =VLOOKUP(G:G,Служебный!B:G,3,FALSE) -> Basic Materials | AG336: =VLOOKUP(G:G,Служебный!B:G,4,FALSE) -> Oil & Gas Equipment & Services | AH336: =ROUND(((E336+F336)-(C336+D336))*86400,0) -> 1606 | AI336: =IF(FLOOR((AH336/60),15)>400,"Среднесрок",FLOOR((AH336/60),15)) -> 15 | AJ336: =IFERROR(IF(FLOOR((AH336/86400),1)=0,"интрадей",(FLOOR((AH336/86400),1))-(FLOOR((AH336/86400),1))-NETWORKDAYS(E336,C336)),IF(FLOOR((AH336/86400),1)=0,"интрадей",(FLOOR((AH336/86400),1)))) -> интрадей | AK336: =IF(D336<Служебный!P$3,"Раньше открытия",IF(D336>Служебный!P$6,"Позже закрытия",IF(D336<Служебный!P$4,Служебный!N$4,IF((D336>Служебный!P$5),Служебный!N$6,Служебный!N$5)))) -> Позже закрытия | AL336: =IF(X336>0,X336,0) -> 10.74 | AM336: =IF(X336<0,X336,0) -> 0 | AN336: =IF(G336<>"",YEAR(C336),"") -> 2010 | AO336: =IF(G336<>"",(IF(TEXT(C336,"MMMM") = "MMMM",TEXT(C336,"ММММ"),TEXT(C336,"MMMM"))),"") -> Февраль | AP336: =IF(G336<>"",CEILING((C336-DATE(YEAR(C336),1,1)+WEEKDAY(DATE(YEAR(C336),1,1),2))/7,1),"") -> 9 | AQ336: =IF(AV336<>0,S336,0) -> 0 | AR336: =AR335+R336 -> 30000 | AS336: =IFERROR(100*(S336-AR336)/AR336,"Заполните депозит") -> 1.1652976 | AT336: =IFERROR(100*(S336-S335-R336)/(S335+R336),"Заполните депозит") -> 0.035400156 | AU336: =IF(C336<>C335,Z336,0) -> 338.84927 | AV336: =IF(C336<>C337,AB336,0) -> 0 | AW336: =CEILING(I336,5) -> 15 | AX336: =IF(AV336=0,AX335,IF(VLOOKUP(C335,Сводный!I:L,2,FALSE)<0,IF(AX335<0,AX335-1,-1),IF(AX335>0,AX335+1,1))) -> -1
B337: 336 | C337: 40237 | D337: 0.97978009 | E337: 40238 | F337: 0.015891204 | G337: KEG | H337: L | I337: 10.28 | J337: 10.45 | K337: 100 | L337: 2.26 | M337: Сигнал ТС | N337: Трейлинг-стоп | O337: 4 | S337: =S336+R337+X337 -> 30364.329 | T337: =L337 -> 2.26 | U337: =I337*ABS(K337) -> 1028 | V337: =J337*ABS(K337) -> 1045 | W337: =IF(H337="s",U337-V337,V337-U337) -> 17 | X337: =W337-T337 -> 14.74 | Y337: =Y336+W336 -> 1197.01 | Z337: =Z336+X336 -> 349.58927 | AA337: =Y337+W337 -> 1214.01 | AB337: =Z337+X337 -> 364.32927 | AC337: =VLOOKUP(WEEKDAY(C337,2),Служебный!K$4:L$10,2) -> вс | AD337: =IF(G337 <> "",TEXT((HOUR(D337)),0)&"-"&TEXT(HOUR(D337)+1,0),"") -> 23-24 | AE337: =VLOOKUP(G:G,Служебный!B:G,6,) -> NYSE | AF337: =VLOOKUP(G:G,Служебный!B:G,3,FALSE) -> Basic Materials | AG337: =VLOOKUP(G:G,Служебный!B:G,4,FALSE) -> Oil & Gas Drilling & Exploration | AH337: =ROUND(((E337+F337)-(C337+D337))*86400,0) -> 3120 | AI337: =IF(FLOOR((AH337/60),15)>400,"Среднесрок",FLOOR((AH337/60),15)) -> 45 | AJ337: =IFERROR(IF(FLOOR((AH337/86400),1)=0,"интрадей",(FLOOR((AH337/86400),1))-(FLOOR((AH337/86400),1))-NETWORKDAYS(E337,C337)),IF(FLOOR((AH337/86400),1)=0,"интрадей",(FLOOR((AH337/86400),1)))) -> интрадей | AK337: =IF(D337<Служебный!P$3,"Раньше открытия",IF(D337>Служебный!P$6,"Позже закрытия",IF(D337<Служебный!P$4,Служебный!N$4,IF((D337>Служебный!P$5),Служебный!N$6,Служебный!N$5)))) -> Позже закрытия | AL337: =IF(X337>0,X337,0) -> 14.74 | AM337: =IF(X337<0,X337,0) -> 0 | AN337: =IF(G337<>"",YEAR(C337),"") -> 2010 | AO337: =IF(G337<>"",(IF(TEXT(C337,"MMMM") = "MMMM",TEXT(C337,"ММММ"),TEXT(C337,"MMMM"))),"") -> Февраль | AP337: =IF(G337<>"",CEILING((C337-DATE(YEAR(C337),1,1)+WEEKDAY(DATE(YEAR(C337),1,1),2))/7,1),"") -> 9 | AQ337: =IF(AV337<>0,S337,0) -> 30364.329 | AR337: =AR336+R337 -> 30000 | AS337: =IFERROR(100*(S337-AR337)/AR337,"Заполните депозит") -> 1.2144309 | AT337: =IFERROR(100*(S337-S336-R337)/(S336+R337),"Заполните депозит") -> 0.048567379 | AU337: =IF(C337<>C336,Z337,0) -> 0 | AV337: =IF(C337<>C338,AB337,0) -> 364.32927 | AW337: =CEILING(I337,5) -> 15 | AX337: =IF(AV337=0,AX336,IF(VLOOKUP(C336,Сводный!I:L,2,FALSE)<0,IF(AX336<0,AX336-1,-1),IF(AX336>0,AX336+1,1))) -> 1
B338: 337 | C338: 40238 | D338: 0.99353009 | E338: 40238 | F338: 0.99951389 | G338: USG | H338: S | I338: 14.47 | J338: 14.58 | K338: 100 | L338: 2.23 | M338: Сигнал ТС | N338: Трейлинг-стоп | O338: 2 | S338: =S337+R338+X338 -> 30351.099 | T338: =L338 -> 2.23 | U338: =I338*ABS(K338) -> 1447 | V338: =J338*ABS(K338) -> 1458 | W338: =IF(H338="s",U338-V338,V338-U338) -> -11 | X338: =W338-T338 -> -13.23 | Y338: =Y337+W337 -> 1214.01 | Z338: =Z337+X337 -> 364.32927 | AA338: =Y338+W338 -> 1203.01 | AB338: =Z338+X338 -> 351.09927 | AC338: =VLOOKUP(WEEKDAY(C338,2),Служебный!K$4:L$10,2) -> пн | AD338: =IF(G338 <> "",TEXT((HOUR(D338)),0)&"-"&TEXT(HOUR(D338)+1,0),"") -> 23-24 | AE338: =VLOOKUP(G:G,Служебный!B:G,6,) -> NYSE | AF338: =VLOOKUP(G:G,Служебный!B:G,3,FALSE) -> Industrial Goods | AG338: =VLOOKUP(G:G,Служебный!B:G,4,FALSE) -> General Building Materials | AH338: =ROUND(((E338+F338)-(C338+D338))*86400,0) -> 517 | AI338: =IF(FLOOR((AH338/60),15)>400,"Среднесрок",FLOOR((AH338/60),15)) -> 0 | AJ338: =IFERROR(IF(FLOOR((AH338/86400),1)=0,"интрадей",(FLOOR((AH338/86400),1))-(FLOOR((AH338/86400),1))-NETWORKDAYS(E338,C338)),IF(FLOOR((AH338/86400),1)=0,"интрадей",(FLOOR((AH338/86400),1)))) -> интрадей | AK338: =IF(D338<Служебный!P$3,"Раньше открытия",IF(D338>Служебный!P$6,"Позже закрытия",IF(D338<Служебный!P$4,Служебный!N$4,IF((D338>Служебный!P$5),Служебный!N$6,Служебный!N$5)))) -> Позже закрытия | AL338: =IF(X338>0,X338,0) -> 0 | AM338: =IF(X338<0,X338,0) -> -13.23 | AN338: =IF(G338<>"",YEAR(C338),"") -> 2010 | AO338: =IF(G338<>"",(IF(TEXT(C338,"MMMM") = "MMMM",TEXT(C338,"ММММ"),TEXT(C338,"MMMM"))),"") -> Март | AP338: =IF(G338<>"",CEILING((C338-DATE(YEAR(C338),1,1)+WEEKDAY(DATE(YEAR(C338),1,1),2))/7,1),"") -> 10 | AQ338: =IF(AV338<>0,S338,0) -> 0 | AR338: =AR337+R338 -> 30000 | AS338: =IFERROR(100*(S338-AR338)/AR338,"Заполните депозит") -> 1.1703309 | AT338: =IFERROR(100*(S338-S337-R338)/(S337+R338),"Заполните депозит") -> -0.043570862 | AU338: =IF(C338<>C337,Z338,0) -> 364.32927 | AV338: =IF(C338<>C339,AB338,0) -> 0 | AW338: =CEILING(I338,5) -> 15 | AX338: =IF(AV338=0,AX337,IF(VLOOKUP(C337,Сводный!I:L,2,FALSE)<0,IF(AX337<0,AX337-1,-1),IF(AX337>0,AX337+1,1))) -> 1
B339: 338 | C339: 40238 | D339: 0.98976852 | E339: 40239 | F339: 0.0012384259 | G339: LZB | H339: S | I339: 13.99 | J339: 14.04 | K339: 100 | L339: 2.23 | M339: Пробой уровня | N339: Стоп | O339: 4 | P339: Попробовали сварить "черепаший суп". Откатом зацепило стоп | S339: =S338+R339+X339 -> 30343.869 | T339: =L339 -> 2.23 | U339: =I339*ABS(K339) -> 1399 | V339: =J339*ABS(K339) -> 1404 | W339: =IF(H339="s",U339-V339,V339-U339) -> -5 | X339: =W339-T339 -> -7.23 | Y339: =Y338+W338 -> 1203.01 | Z339: =Z338+X338 -> 351.09927 | AA339: =Y339+W339 -> 1198.01 | AB339: =Z339+X339 -> 343.86927 | AC339: =VLOOKUP(WEEKDAY(C339,2),Служебный!K$4:L$10,2) -> пн | AD339: =IF(G339 <> "",TEXT((HOUR(D339)),0)&"-"&TEXT(HOUR(D339)+1,0),"") -> 23-24 | AE339: =VLOOKUP(G:G,Служебный!B:G,6,) -> NYSE | AF339: =VLOOKUP(G:G,Служебный!B:G,3,FALSE) -> Consumer Goods | AG339: =VLOOKUP(G:G,Служебный!B:G,4,FALSE) -> Home Furnishings & Fixtures | AH339: =ROUND(((E339+F339)-(C339+D339))*86400,0) -> 991 | AI339: =IF(FLOOR((AH339/60),15)>400,"Среднесрок",FLOOR((AH339/60),15)) -> 15 | AJ339: =IFERROR(IF(FLOOR((AH339/86400),1)=0,"интрадей",(FLOOR((AH339/86400),1))-(FLOOR((AH339/86400),1))-NETWORKDAYS(E339,C339)),IF(FLOOR((AH339/86400),1)=0,"интрадей",(FLOOR((AH339/86400),1)))) -> интрадей | AK339: =IF(D339<Служебный!P$3,"Раньше открытия",IF(D339>Служебный!P$6,"Позже закрытия",IF(D339<Служебный!P$4,Служебный!N$4,IF((D339>Служебный!P$5),Служебный!N$6,Служебный!N$5)))) -> Позже закрытия | AL339: =IF(X339>0,X339,0) -> 0 | AM339: =IF(X339<0,X339,0) -> -7.23 | AN339: =IF(G339<>"",YEAR(C339),"") -> 2010 | AO339: =IF(G339<>"",(IF(TEXT(C339,"MMMM") = "MMMM",TEXT(C339,"ММММ"),TEXT(C339,"MMMM"))),"") -> Март | AP339: =IF(G339<>"",CEILING((C339-DATE(YEAR(C339),1,1)+WEEKDAY(DATE(YEAR(C339),1,1),2))/7,1),"") -> 10 | AQ339: =IF(AV339<>0,S339,0) -> 30343.869 | AR339: =AR338+R339 -> 30000 | AS339: =IFERROR(100*(S339-AR339)/AR339,"Заполните депозит") -> 1.1462309 | AT339: =IFERROR(100*(S339-S338-R339)/(S338+R339),"Заполните депозит") -> -0.023821213 | AU339: =IF(C339<>C338,Z339,0) -> 0 | AV339: =IF(C339<>C340,AB339,0) -> 343.86927 | AW339: =CEILING(I339,5) -> 15 | AX339: =IF(AV339=0,AX338,IF(VLOOKUP(C338,Сводный!I:L,2,FALSE)<0,IF(AX338<0,AX338-1,-1),IF(AX338>0,AX338+1,1))) -> 2
B340: 339 | C340: 40239 | D340: 0.0018865741 | E340: 40239 | F340: 0.0055902778 | G340: ASH | H340: S | I340: 49.98 | J340: 49.82 | K340: 100 | L340: 1.88 | M340: Пробой уровня | N340: Сигнал ТС | O340: 4 | S340: =S339+R340+X340 -> 30357.989 | T340: =L340 -> 1.88 | U340: =I340*ABS(K340) -> 4998 | V340: =J340*ABS(K340) -> 4982 | W340: =IF(H340="s",U340-V340,V340-U340) -> 16 | X340: =W340-T340 -> 14.12 | Y340: =Y339+W339 -> 1198.01 | Z340: =Z339+X339 -> 343.86927 | AA340: =Y340+W340 -> 1214.01 | AB340: =Z340+X340 -> 357.98927 | AC340: =VLOOKUP(WEEKDAY(C340,2),Служебный!K$4:L$10,2) -> вт | AD340: =IF(G340 <> "",TEXT((HOUR(D340)),0)&"-"&TEXT(HOUR(D340)+1,0),"") -> 0-1 | AE340: =VLOOKUP(G:G,Служебный!B:G,6,) -> NYSE | AF340: =VLOOKUP(G:G,Служебный!B:G,3,FALSE) -> Basic Materials | AG340: =VLOOKUP(G:G,Служебный!B:G,4,FALSE) -> Chemicals - Major Diversified | AH340: =ROUND(((E340+F340)-(C340+D340))*86400,0) -> 320 | AI340: =IF(FLOOR((AH340/60),15)>400,"Среднесрок",FLOOR((AH340/60),15)) -> 0 | AJ340: =IFERROR(IF(FLOOR((AH340/86400),1)=0,"интрадей",(FLOOR((AH340/86400),1))-(FLOOR((AH340/86400),1))-NETWORKDAYS(E340,C340)),IF(FLOOR((AH340/86400),1)=0,"интрадей",(FLOOR((AH340/86400),1)))) -> интрадей | AK340: =IF(D340<Служебный!P$3,"Раньше открытия",IF(D340>Служебный!P$6,"Позже закрытия",IF(D340<Служебный!P$4,Служебный!N$4,IF((D340>Служебный!P$5),Служебный!N$6,Служебный!N$5)))) -> 9:30 - 11:00 | AL340: =IF(X340>0,X340,0) -> 14.12 | AM340: =IF(X340<0,X340,0) -> 0 | AN340: =IF(G340<>"",YEAR(C340),"") -> 2010 | AO340: =IF(G340<>"",(IF(TEXT(C340,"MMMM") = "MMMM",TEXT(C340,"ММММ"),TEXT(C340,"MMMM"))),"") -> Март | AP340: =IF(G340<>"",CEILING((C340-DATE(YEAR(C340),1,1)+WEEKDAY(DATE(YEAR(C340),1,1),2))/7,1),"") -> 10 | AQ340: =IF(AV340<>0,S340,0) -> 30357.989 | AR340: =AR339+R340 -> 30000 | AS340: =IFERROR(100*(S340-AR340)/AR340,"Заполните депозит") -> 1.1932976 | AT340: =IFERROR(100*(S340-S339-R340)/(S339+R340),"Заполните депозит") -> 0.046533288 | AU340: =IF(C340<>C339,Z340,0) -> 343.86927 | AV340: =IF(C340<>C341,AB340,0) -> 357.98927 | AW340: =CEILING(I340,5) -> 50 | AX340: =IF(AV340=0,AX339,IF(VLOOKUP(C339,Сводный!I:L,2,FALSE)<0,IF(AX339<0,AX339-1,-1),IF(AX339>0,AX339+1,1))) -> 3
B341: 340 | C341: 40238 | D341: 0.99710648 | E341: 40239 | F341: 0.0069444444 | G341: GGC | H341: L | I341: 15.04 | J341: 14.95 | K341: 100 | L341: 2.11 | M341: Сигнал ТС | N341: Трейлинг-стоп | O341: 2 | S341: =S340+R341+X341 -> 30346.879 | T341: =L341 -> 2.11 | U341: =I341*ABS(K341) -> 1504 | V341: =J341*ABS(K341) -> 1495 | W341: =IF(H341="s",U341-V341,V341-U341) -> -9 | X341: =W341-T341 -> -11.11 | Y341: =Y340+W340 -> 1214.01 | Z341: =Z340+X340 -> 357.98927 | AA341: =Y341+W341 -> 1205.01 | AB341: =Z341+X341 -> 346.87927 | AC341: =VLOOKUP(WEEKDAY(C341,2),Служебный!K$4:L$10,2) -> пн | AD341: =IF(G341 <> "",TEXT((HOUR(D341)),0)&"-"&TEXT(HOUR(D341)+1,0),"") -> 23-24 | AE341: =VLOOKUP(G:G,Служебный!B:G,6,) -> NYSE | AF341: =VLOOKUP(G:G,Служебный!B:G,3,FALSE) -> Basic Materials | AG341: =VLOOKUP(G:G,Служебный!B:G,4,FALSE) -> Synthetics | AH341: =ROUND(((E341+F341)-(C341+D341))*86400,0) -> 850 | AI341: =IF(FLOOR((AH341/60),15)>400,"Среднесрок",FLOOR((AH341/60),15)) -> 0 | AJ341: =IFERROR(IF(FLOOR((AH341/86400),1)=0,"интрадей",(FLOOR((AH341/86400),1))-(FLOOR((AH341/86400),1))-NETWORKDAYS(E341,C341)),IF(FLOOR((AH341/86400),1)=0,"интрадей",(FLOOR((AH341/86400),1)))) -> интрадей | AK341: =IF(D341<Служебный!P$3,"Раньше открытия",IF(D341>Служебный!P$6,"Позже закрытия",IF(D341<Служебный!P$4,Служебный!N$4,IF((D341>Служебный!P$5),Служебный!N$6,Служебный!N$5)))) -> Позже закрытия | AL341: =IF(X341>0,X341,0) -> 0 | AM341: =IF(X341<0,X341,0) -> -11.11 | AN341: =IF(G341<>"",YEAR(C341),"") -> 2010 | AO341: =IF(G341<>"",(IF(TEXT(C341,"MMMM") = "MMMM",TEXT(C341,"ММММ"),TEXT(C341,"MMMM"))),"") -> Март | AP341: =IF(G341<>"",CEILING((C341-DATE(YEAR(C341),1,1)+WEEKDAY(DATE(YEAR(C341),1,1),2))/7,1),"") -> 10 | AQ341: =IF(AV341<>0,S341,0) -> 0 | AR341: =AR340+R341 -> 30000 | AS341: =IFERROR(100*(S341-AR341)/AR341,"Заполните депозит") -> 1.1562642 | AT341: =IFERROR(100*(S341-S340-R341)/(S340+R341),"Заполните депозит") -> -0.036596627 | AU341: =IF(C341<>C340,Z341,0) -> 357.98927 | AV341: =IF(C341<>C342,AB341,0) -> 0 | AW341: =CEILING(I341,5) -> 20 | AX341: =IF(AV341=0,AX340,IF(VLOOKUP(C340,Сводный!I:L,2,FALSE)<0,IF(AX340<0,AX340-1,-1),IF(AX340>0,AX340+1,1))) -> 3
B342: 341 | C342: 40238 | D342: 0.98633102 | E342: 40239 | F342: 0.01443287 | G342: TTI | H342: S | I342: 11.94 | J342: 11.56 | K342: 100 | L342: 2.23 | M342: Пересечение средних | N342: Цель в сделке | O342: 5 | P342: Хороший сигнал, акция дошла до цели! | S342: =S341+R342+X342 -> 30382.649 | T342: =L342 -> 2.23 | U342: =I342*ABS(K342) -> 1194 | V342: =J342*ABS(K342) -> 1156 | W342: =IF(H342="s",U342-V342,V342-U342) -> 38 | X342: =W342-T342 -> 35.77 | Y342: =Y341+W341 -> 1205.01 | Z342: =Z341+X341 -> 346.87927 | AA342: =Y342+W342 -> 1243.01 | AB342: =Z342+X342 -> 382.64927 | AC342: =VLOOKUP(WEEKDAY(C342,2),Служебный!K$4:L$10,2) -> пн | AD342: =IF(G342 <> "",TEXT((HOUR(D342)),0)&"-"&TEXT(HOUR(D342)+1,0),"") -> 23-24 | AE342: =VLOOKUP(G:G,Служебный!B:G,6,) -> NYSE | AF342: =VLOOKUP(G:G,Служебный!B:G,3,FALSE) -> Basic Materials | AG342: =VLOOKUP(G:G,Служебный!B:G,4,FALSE) -> Oil & Gas Equipment & Services | AH342: =ROUND(((E342+F342)-(C342+D342))*86400,0) -> 2428 | AI342: =IF(FLOOR((AH342/60),15)>400,"Среднесрок",FLOOR((AH342/60),15)) -> 30 | AJ342: =IFERROR(IF(FLOOR((AH342/86400),1)=0,"интрадей",(FLOOR((AH342/86400),1))-(FLOOR((AH342/86400),1))-NETWORKDAYS(E342,C342)),IF(FLOOR((AH342/86400),1)=0,"интрадей",(FLOOR((AH342/86400),1)))) -> интрадей | AK342: =IF(D342<Служебный!P$3,"Раньше открытия",IF(D342>Служебный!P$6,"Позже закрытия",IF(D342<Служебный!P$4,Служебный!N$4,IF((D342>Служебный!P$5),Служебный!N$6,Служебный!N$5)))) -> Позже закрытия | AL342: =IF(X342>0,X342,0) -> 35.77 | AM342: =IF(X342<0,X342,0) -> 0 | AN342: =IF(G342<>"",YEAR(C342),"") -> 2010 | AO342: =IF(G342<>"",(IF(TEXT(C342,"MMMM") = "MMMM",TEXT(C342,"ММММ"),TEXT(C342,"MMMM"))),"") -> Март | AP342: =IF(G342<>"",CEILING((C342-DATE(YEAR(C342),1,1)+WEEKDAY(DATE(YEAR(C342),1,1),2))/7,1),"") -> 10 | AQ342: =IF(AV342<>0,S342,0) -> 0 | AR342: =AR341+R342 -> 30000 | AS342: =IFERROR(100*(S342-AR342)/AR342,"Заполните депозит") -> 1.2754976 | AT342: =IFERROR(100*(S342-S341-R342)/(S341+R342),"Заполните депозит") -> 0.11787044 | AU342: =IF(C342<>C341,Z342,0) -> 0 | AV342: =IF(C342<>C343,AB342,0) -> 0 | AW342: =CEILING(I342,5) -> 15 | AX342: =IF(AV342=0,AX341,IF(VLOOKUP(C341,Сводный!I:L,2,FALSE)<0,IF(AX341<0,AX341-1,-1),IF(AX341>0,AX341+1,1))) -> 3
B343: 342 | C343: 40238 | D343: 0.99135417 | E343: 40239 | F343: 0.015486111 | G343: PHH | H343: L | I343: 21.03 | J343: 20.98 | K343: 100 | L343: 2.12 | M343: Пробой уровня | N343: Завершение движения | O343: 2 | S343: =S342+R343+X343 -> 30375.529 | T343: =L343 -> 2.12 | U343: =I343*ABS(K343) -> 2103 | V343: =J343*ABS(K343) -> 2098 | W343: =IF(H343="s",U343-V343,V343-U343) -> -5 | X343: =W343-T343 -> -7.12 | Y343: =Y342+W342 -> 1243.01 | Z343: =Z342+X342 -> 382.64927 | AA343: =Y343+W343 -> 1238.01 | AB343: =Z343+X343 -> 375.52927 | AC343: =VLOOKUP(WEEKDAY(C343,2),Служебный!K$4:L$10,2) -> пн | AD343: =IF(G343 <> "",TEXT((HOUR(D343)),0)&"-"&TEXT(HOUR(D343)+1,0),"") -> 23-24 | AE343: =VLOOKUP(G:G,Служебный!B:G,6,) -> NYSE | AF343: =VLOOKUP(G:G,Служебный!B:G,3,FALSE) -> Financial | AG343: =VLOOKUP(G:G,Служебный!B:G,4,FALSE) -> Credit Services | AH343: =ROUND(((E343+F343)-(C343+D343))*86400,0) -> 2085 | AI343: =IF(FLOOR((AH343/60),15)>400,"Среднесрок",FLOOR((AH343/60),15)) -> 30 | AJ343: =IFERROR(IF(FLOOR((AH343/86400),1)=0,"интрадей",(FLOOR((AH343/86400),1))-(FLOOR((AH343/86400),1))-NETWORKDAYS(E343,C343)),IF(FLOOR((AH343/86400),1)=0,"интрадей",(FLOOR((AH343/86400),1)))) -> интрадей | AK343: =IF(D343<Служебный!P$3,"Раньше открытия",IF(D343>Служебный!P$6,"Позже закрытия",IF(D343<Служебный!P$4,Служебный!N$4,IF((D343>Служебный!P$5),Служебный!N$6,Служебный!N$5)))) -> Позже закрытия | AL343: =IF(X343>0,X343,0) -> 0 | AM343: =IF(X343<0,X343,0) -> -7.12 | AN343: =IF(G343<>"",YEAR(C343),"") -> 2010 | AO343: =IF(G343<>"",(IF(TEXT(C343,"MMMM") = "MMMM",TEXT(C343,"ММММ"),TEXT(C343,"MMMM"))),"") -> Март | AP343: =IF(G343<>"",CEILING((C343-DATE(YEAR(C343),1,1)+WEEKDAY(DATE(YEAR(C343),1,1),2))/7,1),"") -> 10 | AQ343: =IF(AV343<>0,S343,0) -> 0 | AR343: =AR342+R343 -> 30000 | AS343: =IFERROR(100*(S343-AR343)/AR343,"Заполните депозит") -> 1.2517642 | AT343: =IFERROR(100*(S343-S342-R343)/(S342+R343),"Заполните депозит") -> -0.023434428 | AU343: =IF(C343<>C342,Z343,0) -> 0 | AV343: =IF(C343<>C344,AB343,0) -> 0 | AW343: =CEILING(I343,5) -> 25 | AX343: =IF(AV343=0,AX342,IF(VLOOKUP(C342,Сводный!I:L,2,FALSE)<0,IF(AX342<0,AX342-1,-1),IF(AX342>0,AX342+1,1))) -> 3
B344: 343 | C344: 40238 | D344: 0.99099537 | E344: 40239 | F344: 0.015486111 | G344: PHH | H344: L | I344: 21.05 | J344: 20.98 | K344: 100 | L344: 2.4 | M344: Контр-тренд | N344: Стоп | O344: 3 | P344: Тренд май френд | S344: =S343+R344+X344 -> 30366.129 | T344: =L344 -> 2.4 | U344: =I344*ABS(K344) -> 2105 | V344: =J344*ABS(K344) -> 2098 | W344: =IF(H344="s",U344-V344,V344-U344) -> -7 | X344: =W344-T344 -> -9.4 | Y344: =Y343+W343 -> 1238.01 | Z344: =Z343+X343 -> 375.52927 | AA344: =Y344+W344 -> 1231.01 | AB344: =Z344+X344 -> 366.12927 | AC344: =VLOOKUP(WEEKDAY(C344,2),Служебный!K$4:L$10,2) -> пн | AD344: =IF(G344 <> "",TEXT((HOUR(D344)),0)&"-"&TEXT(HOUR(D344)+1,0),"") -> 23-24 | AE344: =VLOOKUP(G:G,Служебный!B:G,6,) -> NYSE | AF344: =VLOOKUP(G:G,Служебный!B:G,3,FALSE) -> Financial | AG344: =VLOOKUP(G:G,Служебный!B:G,4,FALSE) -> Credit Services | AH344: =ROUND(((E344+F344)-(C344+D344))*86400,0) -> 2116 | AI344: =IF(FLOOR((AH344/60),15)>400,"Среднесрок",FLOOR((AH344/60),15)) -> 30 | AJ344: =IFERROR(IF(FLOOR((AH344/86400),1)=0,"интрадей",(FLOOR((AH344/86400),1))-(FLOOR((AH344/86400),1))-NETWORKDAYS(E344,C344)),IF(FLOOR((AH344/86400),1)=0,"интрадей",(FLOOR((AH344/86400),1)))) -> интрадей | AK344: =IF(D344<Служебный!P$3,"Раньше открытия",IF(D344>Служебный!P$6,"Позже закрытия",IF(D344<Служебный!P$4,Служебный!N$4,IF((D344>Служебный!P$5),Служебный!N$6,Служебный!N$5)))) -> Позже закрытия | AL344: =IF(X344>0,X344,0) -> 0 | AM344: =IF(X344<0,X344,0) -> -9.4 | AN344: =IF(G344<>"",YEAR(C344),"") -> 2010 | AO344: =IF(G344<>"",(IF(TEXT(C344,"MMMM") = "MMMM",TEXT(C344,"ММММ"),TEXT(C344,"MMMM"))),"") -> Март | AP344: =IF(G344<>"",CEILING((C344-DATE(YEAR(C344),1,1)+WEEKDAY(DATE(YEAR(C344),1,1),2))/7,1),"") -> 10 | AQ344: =IF(AV344<>0,S344,0) -> 0 | AR344: =AR343+R344 -> 30000 | AS344: =IFERROR(100*(S344-AR344)/AR344,"Заполните депозит") -> 1.2204309 | AT344: =IFERROR(100*(S344-S343-R344)/(S343+R344),"Заполните депозит") -> -0.030945963 | AU344: =IF(C344<>C343,Z344,0) -> 0 | AV344: =IF(C344<>C345,AB344,0) -> 0 | AW344: =CEILING(I344,5) -> 25 | AX344: =IF(AV344=0,AX343,IF(VLOOKUP(C343,Сводный!I:L,2,FALSE)<0,IF(AX343<0,AX343-1,-1),IF(AX343>0,AX343+1,1))) -> 3
B345: 344 | C345: 40238 | D345: 0.98303241 | E345: 40239 | F345: 0.017569444 | G345: M | H345: S | I345: 19.92 | J345: 19.76 | K345: 100 | L345: 2.4 | M345: Пробой уровня | N345: Завершение движения | O345: 3 | P345: Пробила один уровень - уперлась в другой | S345: =S344+R345+X345 -> 30379.729 | T345: =L345 -> 2.4 | U345: =I345*ABS(K345) -> 1992 | V345: =J345*ABS(K345) -> 1976 | W345: =IF(H345="s",U345-V345,V345-U345) -> 16 | X345: =W345-T345 -> 13.6 | Y345: =Y344+W344 -> 1231.01 | Z345: =Z344+X344 -> 366.12927 | AA345: =Y345+W345 -> 1247.01 | AB345: =Z345+X345 -> 379.72927 | AC345: =VLOOKUP(WEEKDAY(C345,2),Служебный!K$4:L$10,2) -> пн | AD345: =IF(G345 <> "",TEXT((HOUR(D345)),0)&"-"&TEXT(HOUR(D345)+1,0),"") -> 23-24 | AE345: =VLOOKUP(G:G,Служебный!B:G,6,) -> NYSE | AF345: =VLOOKUP(G:G,Служебный!B:G,3,FALSE) -> Services | AG345: =VLOOKUP(G:G,Служебный!B:G,4,FALSE) -> Department Stores | AH345: =ROUND(((E345+F345)-(C345+D345))*86400,0) -> 2984 | AI345: =IF(FLOOR((AH345/60),15)>400,"Среднесрок",FLOOR((AH345/60),15)) -> 45 | AJ345: =IFERROR(IF(FLOOR((AH345/86400),1)=0,"интрадей",(FLOOR((AH345/86400),1))-(FLOOR((AH345/86400),1))-NETWORKDAYS(E345,C345)),IF(FLOOR((AH345/86400),1)=0,"интрадей",(FLOOR((AH345/86400),1)))) -> интрадей | AK345: =IF(D345<Служебный!P$3,"Раньше открытия",IF(D345>Служебный!P$6,"Позже закрытия",IF(D345<Служебный!P$4,Служебный!N$4,IF((D345>Служебный!P$5),Служебный!N$6,Служебный!N$5)))) -> Позже закрытия | AL345: =IF(X345>0,X345,0) -> 13.6 | AM345: =IF(X345<0,X345,0) -> 0 | AN345: =IF(G345<>"",YEAR(C345),"") -> 2010 | AO345: =IF(G345<>"",(IF(TEXT(C345,"MMMM") = "MMMM",TEXT(C345,"ММММ"),TEXT(C345,"MMMM"))),"") -> Март | AP345: =IF(G345<>"",CEILING((C345-DATE(YEAR(C345),1,1)+WEEKDAY(DATE(YEAR(C345),1,1),2))/7,1),"") -> 10 | AQ345: =IF(AV345<>0,S345,0) -> 0 | AR345: =AR344+R345 -> 30000 | AS345: =IFERROR(100*(S345-AR345)/AR345,"Заполните депозит") -> 1.2657642 | AT345: =IFERROR(100*(S345-S344-R345)/(S344+R345),"Заполните депозит") -> 0.044786742 | AU345: =IF(C345<>C344,Z345,0) -> 0 | AV345: =IF(C345<>C346,AB345,0) -> 0 | AW345: =CEILING(I345,5) -> 20 | AX345: =IF(AV345=0,AX344,IF(VLOOKUP(C344,Сводный!I:L,2,FALSE)<0,IF(AX344<0,AX344-1,-1),IF(AX344>0,AX344+1,1))) -> 3
B346: 345 | C346: 40238 | D346: 0.9925 | E346: 40239 | F346: 0.023564815 | G346: DDS | H346: S | I346: 19.92 | J346: 19.65 | K346: 100 | L346: 2.24 | M346: Пересечение средних | N346: Завершение движения | O346: 5 | S346: =S345+R346+X346 -> 30404.489 | T346: =L346 -> 2.24 | U346: =I346*ABS(K346) -> 1992 | V346: =J346*ABS(K346) -> 1965 | W346: =IF(H346="s",U346-V346,V346-U346) -> 27 | X346: =W346-T346 -> 24.76 | Y346: =Y345+W345 -> 1247.01 | Z346: =Z345+X345 -> 379.72927 | AA346: =Y346+W346 -> 1274.01 | AB346: =Z346+X346 -> 404.48927 | AC346: =VLOOKUP(WEEKDAY(C346,2),Служебный!K$4:L$10,2) -> пн | AD346: =IF(G346 <> "",TEXT((HOUR(D346)),0)&"-"&TEXT(HOUR(D346)+1,0),"") -> 23-24 | AE346: =VLOOKUP(G:G,Служебный!B:G,6,) -> NYSE | AF346: =VLOOKUP(G:G,Служебный!B:G,3,FALSE) -> Services | AG346: =VLOOKUP(G:G,Служебный!B:G,4,FALSE) -> Department Stores | AH346: =ROUND(((E346+F346)-(C346+D346))*86400,0) -> 2684 | AI346: =IF(FLOOR((AH346/60),15)>400,"Среднесрок",FLOOR((AH346/60),15)) -> 30 | AJ346: =IFERROR(IF(FLOOR((AH346/86400),1)=0,"интрадей",(FLOOR((AH346/86400),1))-(FLOOR((AH346/86400),1))-NETWORKDAYS(E346,C346)),IF(FLOOR((AH346/86400),1)=0,"интрадей",(FLOOR((AH346/86400),1)))) -> интрадей | AK346: =IF(D346<Служебный!P$3,"Раньше открытия",IF(D346>Служебный!P$6,"Позже закрытия",IF(D346<Служебный!P$4,Служебный!N$4,IF((D346>Служебный!P$5),Служебный!N$6,Служебный!N$5)))) -> Позже закрытия | AL346: =IF(X346>0,X346,0) -> 24.76 | AM346: =IF(X346<0,X346,0) -> 0 | AN346: =IF(G346<>"",YEAR(C346),"") -> 2010 | AO346: =IF(G346<>"",(IF(TEXT(C346,"MMMM") = "MMMM",TEXT(C346,"ММММ"),TEXT(C346,"MMMM"))),"") -> Март | AP346: =IF(G346<>"",CEILING((C346-DATE(YEAR(C346),1,1)+WEEKDAY(DATE(YEAR(C346),1,1),2))/7,1),"") -> 10 | AQ346: =IF(AV346<>0,S346,0) -> 30404.489 | AR346: =AR345+R346 -> 30000 | AS346: =IFERROR(100*(S346-AR346)/AR346,"Заполните депозит") -> 1.3482976 | AT346: =IFERROR(100*(S346-S345-R346)/(S345+R346),"Заполните депозит") -> 0.081501714 | AU346: =IF(C346<>C345,Z346,0) -> 0 | AV346: =IF(C346<>C347,AB346,0) -> 404.48927 | AW346: =CEILING(I346,5) -> 20 | AX346: =IF(AV346=0,AX345,IF(VLOOKUP(C345,Сводный!I:L,2,FALSE)<0,IF(AX345<0,AX345-1,-1),IF(AX345>0,AX345+1,1))) -> 4
B347: 346 | C347: 40239 | D347: 0.03005787 | E347: 40239 | F347: 0.04818287 | G347: AME | H347: S | I347: 39.96 | J347: 39.9 | K347: 100 | L347: 1.87 | M347: Сигнал ТС | N347: Сигнал ТС | O347: 3 | S347: =S346+R347+X347 -> 30408.619 | T347: =L347 -> 1.87 | U347: =I347*ABS(K347) -> 3996 | V347: =J347*ABS(K347) -> 3990 | W347: =IF(H347="s",U347-V347,V347-U347) -> 6 | X347: =W347-T347 -> 4.13 | Y347: =Y346+W346 -> 1274.01 | Z347: =Z346+X346 -> 404.48927 | AA347: =Y347+W347 -> 1280.01 | AB347: =Z347+X347 -> 408.61927 | AC347: =VLOOKUP(WEEKDAY(C347,2),Служебный!K$4:L$10,2) -> вт | AD347: =IF(G347 <> "",TEXT((HOUR(D347)),0)&"-"&TEXT(HOUR(D347)+1,0),"") -> 0-1 | AE347: =VLOOKUP(G:G,Служебный!B:G,6,) -> NYSE | AF347: =VLOOKUP(G:G,Служебный!B:G,3,FALSE) -> Industrial Goods | AG347: =VLOOKUP(G:G,Служебный!B:G,4,FALSE) -> Industrial Electrical Equipment | AH347: =ROUND(((E347+F347)-(C347+D347))*86400,0) -> 1566 | AI347: =IF(FLOOR((AH347/60),15)>400,"Среднесрок",FLOOR((AH347/60),15)) -> 15 | AJ347: =IFERROR(IF(FLOOR((AH347/86400),1)=0,"интрадей",(FLOOR((AH347/86400),1))-(FLOOR((AH347/86400),1))-NETWORKDAYS(E347,C347)),IF(FLOOR((AH347/86400),1)=0,"интрадей",(FLOOR((AH347/86400),1)))) -> интрадей | AK347: =IF(D347<Служебный!P$3,"Раньше открытия",IF(D347>Служебный!P$6,"Позже закрытия",IF(D347<Служебный!P$4,Служебный!N$4,IF((D347>Служебный!P$5),Служебный!N$6,Служебный!N$5)))) -> 9:30 - 11:00 | AL347: =IF(X347>0,X347,0) -> 4.13 | AM347: =IF(X347<0,X347,0) -> 0 | AN347: =IF(G347<>"",YEAR(C347),"") -> 2010 | AO347: =IF(G347<>"",(IF(TEXT(C347,"MMMM") = "MMMM",TEXT(C347,"ММММ"),TEXT(C347,"MMMM"))),"") -> Март | AP347: =IF(G347<>"",CEILING((C347-DATE(YEAR(C347),1,1)+WEEKDAY(DATE(YEAR(C347),1,1),2))/7,1),"") -> 10 | AQ347: =IF(AV347<>0,S347,0) -> 0 | AR347: =AR346+R347 -> 30000 | AS347: =IFERROR(100*(S347-AR347)/AR347,"Заполните депозит") -> 1.3620642 | AT347: =IFERROR(100*(S347-S346-R347)/(S346+R347),"Заполните депозит") -> 0.01358352 | AU347: =IF(C347<>C346,Z347,0) -> 404.48927 | AV347: =IF(C347<>C348,AB347,0) -> 0 | AW347: =CEILING(I347,5) -> 40 | AX347: =IF(AV347=0,AX346,IF(VLOOKUP(C346,Сводный!I:L,2,FALSE)<0,IF(AX346<0,AX346-1,-1),IF(AX346>0,AX346+1,1))) -> 4
B348: 347 | C348: 40239 | D348: 0.23144676 | E348: 40239 | F348: 0.23347222 | G348: BTU | H348: L | I348: 47.79 | J348: 47.83 | K348: 100 | L348: 2.28 | M348: Сигнал ТС | N348: Конец дня | O348: 3 | S348: =S347+R348+X348 -> 30410.339 | T348: =L348 -> 2.28 | U348: =I348*ABS(K348) -> 4779 | V348: =J348*ABS(K348) -> 4783 | W348: =IF(H348="s",U348-V348,V348-U348) -> 4 | X348: =W348-T348 -> 1.72 | Y348: =Y347+W347 -> 1280.01 | Z348: =Z347+X347 -> 408.61927 | AA348: =Y348+W348 -> 1284.01 | AB348: =Z348+X348 -> 410.33927 | AC348: =VLOOKUP(WEEKDAY(C348,2),Служебный!K$4:L$10,2) -> вт | AD348: =IF(G348 <> "",TEXT((HOUR(D348)),0)&"-"&TEXT(HOUR(D348)+1,0),"") -> 5-6 | AE348: =VLOOKUP(G:G,Служебный!B:G,6,) -> NYSE | AF348: =VLOOKUP(G:G,Служебный!B:G,3,FALSE) -> Basic Materials | AG348: =VLOOKUP(G:G,Служебный!B:G,4,FALSE) -> Industrial Metals & Minerals | AH348: =ROUND(((E348+F348)-(C348+D348))*86400,0) -> 175 | AI348: =IF(FLOOR((AH348/60),15)>400,"Среднесрок",FLOOR((AH348/60),15)) -> 0 | AJ348: =IFERROR(IF(FLOOR((AH348/86400),1)=0,"интрадей",(FLOOR((AH348/86400),1))-(FLOOR((AH348/86400),1))-NETWORKDAYS(E348,C348)),IF(FLOOR((AH348/86400),1)=0,"интрадей",(FLOOR((AH348/86400),1)))) -> интрадей | AK348: =IF(D348<Служебный!P$3,"Раньше открытия",IF(D348>Служебный!P$6,"Позже закрытия",IF(D348<Служебный!P$4,Служебный!N$4,IF((D348>Служебный!P$5),Служебный!N$6,Служебный!N$5)))) -> 9:30 - 11:00 | AL348: =IF(X348>0,X348,0) -> 1.72 | AM348: =IF(X348<0,X348,0) -> 0 | AN348: =IF(G348<>"",YEAR(C348),"") -> 2010 | AO348: =IF(G348<>"",(IF(TEXT(C348,"MMMM") = "MMMM",TEXT(C348,"ММММ"),TEXT(C348,"MMMM"))),"") -> Март | AP348: =IF(G348<>"",CEILING((C348-DATE(YEAR(C348),1,1)+WEEKDAY(DATE(YEAR(C348),1,1),2))/7,1),"") -> 10 | AQ348: =IF(AV348<>0,S348,0) -> 0 | AR348: =AR347+R348 -> 30000 | AS348: =IFERROR(100*(S348-AR348)/AR348,"Заполните депозит") -> 1.3677976 | AT348: =IFERROR(100*(S348-S347-R348)/(S347+R348),"Заполните депозит") -> 0.005656291 | AU348: =IF(C348<>C347,Z348,0) -> 0 | AV348: =IF(C348<>C349,AB348,0) -> 0 | AW348: =CEILING(I348,5) -> 50 | AX348: =IF(AV348=0,AX347,IF(VLOOKUP(C347,Сводный!I:L,2,FALSE)<0,IF(AX347<0,AX347-1,-1),IF(AX347>0,AX347+1,1))) -> 4
B349: 348 | C349: 40239 | D349: 0.23954861 | E349: 40239 | F349: 0.24862269 | G349: BTU | H349: L | I349: 47.79 | J349: 47.82 | K349: 100 | L349: 2.16 | M349: Пробой уровня | N349: Конец дня | O349: 5 | S349: =S348+R349+X349 -> 30411.179 | T349: =L349 -> 2.16 | U349: =I349*ABS(K349) -> 4779 | V349: =J349*ABS(K349) -> 4782 | W349: =IF(H349="s",U349-V349,V349-U349) -> 3 | X349: =W349-T349 -> 0.84 | Y349: =Y348+W348 -> 1284.01 | Z349: =Z348+X348 -> 410.33927 | AA349: =Y349+W349 -> 1287.01 | AB349: =Z349+X349 -> 411.17927 | AC349: =VLOOKUP(WEEKDAY(C349,2),Служебный!K$4:L$10,2) -> вт | AD349: =IF(G349 <> "",TEXT((HOUR(D349)),0)&"-"&TEXT(HOUR(D349)+1,0),"") -> 5-6 | AE349: =VLOOKUP(G:G,Служебный!B:G,6,) -> NYSE | AF349: =VLOOKUP(G:G,Служебный!B:G,3,FALSE) -> Basic Materials | AG349: =VLOOKUP(G:G,Служебный!B:G,4,FALSE) -> Industrial Metals & Minerals | AH349: =ROUND(((E349+F349)-(C349+D349))*86400,0) -> 784 | AI349: =IF(FLOOR((AH349/60),15)>400,"Среднесрок",FLOOR((AH349/60),15)) -> 0 | AJ349: =IFERROR(IF(FLOOR((AH349/86400),1)=0,"интрадей",(FLOOR((AH349/86400),1))-(FLOOR((AH349/86400),1))-NETWORKDAYS(E349,C349)),IF(FLOOR((AH349/86400),1)=0,"интрадей",(FLOOR((AH349/86400),1)))) -> интрадей | AK349: =IF(D349<Служебный!P$3,"Раньше открытия",IF(D349>Служебный!P$6,"Позже закрытия",IF(D349<Служебный!P$4,Служебный!N$4,IF((D349>Служебный!P$5),Служебный!N$6,Служебный!N$5)))) -> 9:30 - 11:00 | AL349: =IF(X349>0,X349,0) -> 0.84 | AM349: =IF(X349<0,X349,0) -> 0 | AN349: =IF(G349<>"",YEAR(C349),"") -> 2010 | AO349: =IF(G349<>"",(IF(TEXT(C349,"MMMM") = "MMMM",TEXT(C349,"ММММ"),TEXT(C349,"MMMM"))),"") -> Март | AP349: =IF(G349<>"",CEILING((C349-DATE(YEAR(C349),1,1)+WEEKDAY(DATE(YEAR(C349),1,1),2))/7,1),"") -> 10 | AQ349: =IF(AV349<>0,S349,0) -> 0 | AR349: =AR348+R349 -> 30000 | AS349: =IFERROR(100*(S349-AR349)/AR349,"Заполните депозит") -> 1.3705976 | AT349: =IFERROR(100*(S349-S348-R349)/(S348+R349),"Заполните депозит") -> 0.0027622184 | AU349: =IF(C349<>C348,Z349,0) -> 0 | AV349: =IF(C349<>C350,AB349,0) -> 0 | AW349: =CEILING(I349,5) -> 50 | AX349: =IF(AV349=0,AX348,IF(VLOOKUP(C348,Сводный!I:L,2,FALSE)<0,IF(AX348<0,AX348-1,-1),IF(AX348>0,AX348+1,1))) -> 4
B350: 349 | C350: 40239 | D350: 0.98608796 | E350: 40239 | F350: 0.98829861 | G350: ASH | H350: S | I350: 49.97 | J350: 50.06 | K350: 100 | L350: 2.16 | M350: Отбой от уровня | N350: Сигнал ТС | O350: 4 | S350: =S349+R350+X350 -> 30400.019 | T350: =L350 -> 2.16 | U350: =I350*ABS(K350) -> 4997 | V350: =J350*ABS(K350) -> 5006 | W350: =IF(H350="s",U350-V350,V350-U350) -> -9 | X350: =W350-T350 -> -11.16 | Y350: =Y349+W349 -> 1287.01 | Z350: =Z349+X349 -> 411.17927 | AA350: =Y350+W350 -> 1278.01 | AB350: =Z350+X350 -> 400.01927 | AC350: =VLOOKUP(WEEKDAY(C350,2),Служебный!K$4:L$10,2) -> вт | AD350: =IF(G350 <> "",TEXT((HOUR(D350)),0)&"-"&TEXT(HOUR(D350)+1,0),"") -> 23-24 | AE350: =VLOOKUP(G:G,Служебный!B:G,6,) -> NYSE | AF350: =VLOOKUP(G:G,Служебный!B:G,3,FALSE) -> Basic Materials | AG350: =VLOOKUP(G:G,Служебный!B:G,4,FALSE) -> Chemicals - Major Diversified | AH350: =ROUND(((E350+F350)-(C350+D350))*86400,0) -> 191 | AI350: =IF(FLOOR((AH350/60),15)>400,"Среднесрок",FLOOR((AH350/60),15)) -> 0 | AJ350: =IFERROR(IF(FLOOR((AH350/86400),1)=0,"интрадей",(FLOOR((AH350/86400),1))-(FLOOR((AH350/86400),1))-NETWORKDAYS(E350,C350)),IF(FLOOR((AH350/86400),1)=0,"интрадей",(FLOOR((AH350/86400),1)))) -> интрадей | AK350: =IF(D350<Служебный!P$3,"Раньше открытия",IF(D350>Служебный!P$6,"Позже закрытия",IF(D350<Служебный!P$4,Служебный!N$4,IF((D350>Служебный!P$5),Служебный!N$6,Служебный!N$5)))) -> Позже закрытия | AL350: =IF(X350>0,X350,0) -> 0 | AM350: =IF(X350<0,X350,0) -> -11.16 | AN350: =IF(G350<>"",YEAR(C350),"") -> 2010 | AO350: =IF(G350<>"",(IF(TEXT(C350,"MMMM") = "MMMM",TEXT(C350,"ММММ"),TEXT(C350,"MMMM"))),"") -> Март | AP350: =IF(G350<>"",CEILING((C350-DATE(YEAR(C350),1,1)+WEEKDAY(DATE(YEAR(C350),1,1),2))/7,1),"") -> 10 | AQ350: =IF(AV350<>0,S350,0) -> 0 | AR350: =AR349+R350 -> 30000 | AS350: =IFERROR(100*(S350-AR350)/AR350,"Заполните депозит") -> 1.3333976 | AT350: =IFERROR(100*(S350-S349-R350)/(S349+R350),"Заполните депозит") -> -0.036697031 | AU350: =IF(C350<>C349,Z350,0) -> 0 | AV350: =IF(C350<>C351,AB350,0) -> 0 | AW350: =CEILING(I350,5) -> 50 | AX350: =IF(AV350=0,AX349,IF(VLOOKUP(C349,Сводный!I:L,2,FALSE)<0,IF(AX349<0,AX349-1,-1),IF(AX349>0,AX349+1,1))) -> 4
B351: 350 | C351: 40239 | D351: 0.98130787 | E351: 40239 | F351: 0.98961806 | G351: COP | H351: S | I351: 49.93 | J351: 49.6 | K351: 100 | L351: 2.16 | M351: Продолжение движения | N351: Цель в сделке | O351: 5 | S351: =S350+R351+X351 -> 30430.859 | T351: =L351 -> 2.16 | U351: =I351*ABS(K351) -> 4993 | V351: =J351*ABS(K351) -> 4960 | W351: =IF(H351="s",U351-V351,V351-U351) -> 33 | X351: =W351-T351 -> 30.84 | Y351: =Y350+W350 -> 1278.01 | Z351: =Z350+X350 -> 400.01927 | AA351: =Y351+W351 -> 1311.01 | AB351: =Z351+X351 -> 430.85927 | AC351: =VLOOKUP(WEEKDAY(C351,2),Служебный!K$4:L$10,2) -> вт | AD351: =IF(G351 <> "",TEXT((HOUR(D351)),0)&"-"&TEXT(HOUR(D351)+1,0),"") -> 23-24 | AE351: =VLOOKUP(G:G,Служебный!B:G,6,) -> NYSE | AF351: =VLOOKUP(G:G,Служебный!B:G,3,FALSE) -> Basic Materials | AG351: =VLOOKUP(G:G,Служебный!B:G,4,FALSE) -> Major Integrated Oil & Gas | AH351: =ROUND(((E351+F351)-(C351+D351))*86400,0) -> 718 | AI351: =IF(FLOOR((AH351/60),15)>400,"Среднесрок",FLOOR((AH351/60),15)) -> 0 | AJ351: =IFERROR(IF(FLOOR((AH351/86400),1)=0,"интрадей",(FLOOR((AH351/86400),1))-(FLOOR((AH351/86400),1))-NETWORKDAYS(E351,C351)),IF(FLOOR((AH351/86400),1)=0,"интрадей",(FLOOR((AH351/86400),1)))) -> интрадей | AK351: =IF(D351<Служебный!P$3,"Раньше открытия",IF(D351>Служебный!P$6,"Позже закрытия",IF(D351<Служебный!P$4,Служебный!N$4,IF((D351>Служебный!P$5),Служебный!N$6,Служебный!N$5)))) -> Позже закрытия | AL351: =IF(X351>0,X351,0) -> 30.84 | AM351: =IF(X351<0,X351,0) -> 0 | AN351: =IF(G351<>"",YEAR(C351),"") -> 2010 | AO351: =IF(G351<>"",(IF(TEXT(C351,"MMMM") = "MMMM",TEXT(C351,"ММММ"),TEXT(C351,"MMMM"))),"") -> Март | AP351: =IF(G351<>"",CEILING((C351-DATE(YEAR(C351),1,1)+WEEKDAY(DATE(YEAR(C351),1,1),2))/7,1),"") -> 10 | AQ351: =IF(AV351<>0,S351,0) -> 0 | AR351: =AR350+R351 -> 30000 | AS351: =IFERROR(100*(S351-AR351)/AR351,"Заполните депозит") -> 1.4361976 | AT351: =IFERROR(100*(S351-S350-R351)/(S350+R351),"Заполните депозит") -> 0.1014473 | AU351: =IF(C351<>C350,Z351,0) -> 0 | AV351: =IF(C351<>C352,AB351,0) -> 0 | AW351: =CEILING(I351,5) -> 50 | AX351: =IF(AV351=0,AX350,IF(VLOOKUP(C350,Сводный!I:L,2,FALSE)<0,IF(AX350<0,AX350-1,-1),IF(AX350>0,AX350+1,1))) -> 4
B352: 351 | C352: 40239 | D352: 0.98210648 | E352: 40239 | F352: 0.99689815 | G352: SON | H352: S | I352: 29.97 | J352: 29.91 | K352: 100 | L352: 1.85 | M352: Пересечение средних | N352: Сигнал ТС | O352: 5 | S352: =S351+R352+X352 -> 30435.009 | T352: =L352 -> 1.85 | U352: =I352*ABS(K352) -> 2997 | V352: =J352*ABS(K352) -> 2991 | W352: =IF(H352="s",U352-V352,V352-U352) -> 6 | X352: =W352-T352 -> 4.15 | Y352: =Y351+W351 -> 1311.01 | Z352: =Z351+X351 -> 430.85927 | AA352: =Y352+W352 -> 1317.01 | AB352: =Z352+X352 -> 435.00927 | AC352: =VLOOKUP(WEEKDAY(C352,2),Служебный!K$4:L$10,2) -> вт | AD352: =IF(G352 <> "",TEXT((HOUR(D352)),0)&"-"&TEXT(HOUR(D352)+1,0),"") -> 23-24 | AE352: =VLOOKUP(G:G,Служебный!B:G,6,) -> NYSE | AF352: =VLOOKUP(G:G,Служебный!B:G,3,FALSE) -> Consumer Goods | AG352: =VLOOKUP(G:G,Служебный!B:G,4,FALSE) -> Paper & Paper Products | AH352: =ROUND(((E352+F352)-(C352+D352))*86400,0) -> 1278 | AI352: =IF(FLOOR((AH352/60),15)>400,"Среднесрок",FLOOR((AH352/60),15)) -> 15 | AJ352: =IFERROR(IF(FLOOR((AH352/86400),1)=0,"интрадей",(FLOOR((AH352/86400),1))-(FLOOR((AH352/86400),1))-NETWORKDAYS(E352,C352)),IF(FLOOR((AH352/86400),1)=0,"интрадей",(FLOOR((AH352/86400),1)))) -> интрадей | AK352: =IF(D352<Служебный!P$3,"Раньше открытия",IF(D352>Служебный!P$6,"Позже закрытия",IF(D352<Служебный!P$4,Служебный!N$4,IF((D352>Служебный!P$5),Служебный!N$6,Служебный!N$5)))) -> Позже закрытия | AL352: =IF(X352>0,X352,0) -> 4.15 | AM352: =IF(X352<0,X352,0) -> 0 | AN352: =IF(G352<>"",YEAR(C352),"") -> 2010 | AO352: =IF(G352<>"",(IF(TEXT(C352,"MMMM") = "MMMM",TEXT(C352,"ММММ"),TEXT(C352,"MMMM"))),"") -> Март | AP352: =IF(G352<>"",CEILING((C352-DATE(YEAR(C352),1,1)+WEEKDAY(DATE(YEAR(C352),1,1),2))/7,1),"") -> 10 | AQ352: =IF(AV352<>0,S352,0) -> 0 | AR352: =AR351+R352 -> 30000 | AS352: =IFERROR(100*(S352-AR352)/AR352,"Заполните депозит") -> 1.4500309 | AT352: =IFERROR(100*(S352-S351-R352)/(S351+R352),"Заполните депозит") -> 0.013637472 | AU352: =IF(C352<>C351,Z352,0) -> 0 | AV352: =IF(C352<>C353,AB352,0) -> 0 | AW352: =CEILING(I352,5) -> 30 | AX352: =IF(AV352=0,AX351,IF(VLOOKUP(C351,Сводный!I:L,2,FALSE)<0,IF(AX351<0,AX351-1,-1),IF(AX351>0,AX351+1,1))) -> 4
B353: 352 | C353: 40239 | D353: 0.98892361 | E353: 40239 | F353: 0.99814815 | G353: TXT | H353: L | I353: 21.08 | J353: 21.15 | K353: 100 | L353: 2.52 | M353: Отбой от уровня | N353: Трейлинг-стоп | O353: 4 | S353: =S352+R353+X353 -> 30439.489 | T353: =L353 -> 2.52 | U353: =I353*ABS(K353) -> 2108 | V353: =J353*ABS(K353) -> 2115 | W353: =IF(H353="s",U353-V353,V353-U353) -> 7 | X353: =W353-T353 -> 4.48 | Y353: =Y352+W352 -> 1317.01 | Z353: =Z352+X352 -> 435.00927 | AA353: =Y353+W353 -> 1324.01 | AB353: =Z353+X353 -> 439.48927 | AC353: =VLOOKUP(WEEKDAY(C353,2),Служебный!K$4:L$10,2) -> вт | AD353: =IF(G353 <> "",TEXT((HOUR(D353)),0)&"-"&TEXT(HOUR(D353)+1,0),"") -> 23-24 | AE353: =VLOOKUP(G:G,Служебный!B:G,6,) -> NYSE | AF353: =VLOOKUP(G:G,Служебный!B:G,3,FALSE) -> Conglomerates | AG353: =VLOOKUP(G:G,Служебный!B:G,4,FALSE) -> Conglomerates | AH353: =ROUND(((E353+F353)-(C353+D353))*86400,0) -> 797 | AI353: =IF(FLOOR((AH353/60),15)>400,"Среднесрок",FLOOR((AH353/60),15)) -> 0 | AJ353: =IFERROR(IF(FLOOR((AH353/86400),1)=0,"интрадей",(FLOOR((AH353/86400),1))-(FLOOR((AH353/86400),1))-NETWORKDAYS(E353,C353)),IF(FLOOR((AH353/86400),1)=0,"интрадей",(FLOOR((AH353/86400),1)))) -> интрадей | AK353: =IF(D353<Служебный!P$3,"Раньше открытия",IF(D353>Служебный!P$6,"Позже закрытия",IF(D353<Служебный!P$4,Служебный!N$4,IF((D353>Служебный!P$5),Служебный!N$6,Служебный!N$5)))) -> Позже закрытия | AL353: =IF(X353>0,X353,0) -> 4.48 | AM353: =IF(X353<0,X353,0) -> 0 | AN353: =IF(G353<>"",YEAR(C353),"") -> 2010 | AO353: =IF(G353<>"",(IF(TEXT(C353,"MMMM") = "MMMM",TEXT(C353,"ММММ"),TEXT(C353,"MMMM"))),"") -> Март | AP353: =IF(G353<>"",CEILING((C353-DATE(YEAR(C353),1,1)+WEEKDAY(DATE(YEAR(C353),1,1),2))/7,1),"") -> 10 | AQ353: =IF(AV353<>0,S353,0) -> 0 | AR353: =AR352+R353 -> 30000 | AS353: =IFERROR(100*(S353-AR353)/AR353,"Заполните депозит") -> 1.4649642 | AT353: =IFERROR(100*(S353-S352-R353)/(S352+R353),"Заполните депозит") -> 0.01471989 | AU353: =IF(C353<>C352,Z353,0) -> 0 | AV353: =IF(C353<>C354,AB353,0) -> 0 | AW353: =CEILING(I353,5) -> 25 | AX353: =IF(AV353=0,AX352,IF(VLOOKUP(C352,Сводный!I:L,2,FALSE)<0,IF(AX352<0,AX352-1,-1),IF(AX352>0,AX352+1,1))) -> 4
B354: 353 | C354: 40239 | D354: 0.9824537 | E354: 40239 | F354: 0.99833333 | G354: SON | H354: S | I354: 29.99 | J354: 29.86 | K354: 100 | L354: 2.25 | M354: Пробой уровня | N354: Сигнал ТС | O354: 3 | S354: =S353+R354+X354 -> 30450.239 | T354: =L354 -> 2.25 | U354: =I354*ABS(K354) -> 2999 | V354: =J354*ABS(K354) -> 2986 | W354: =IF(H354="s",U354-V354,V354-U354) -> 13 | X354: =W354-T354 -> 10.75 | Y354: =Y353+W353 -> 1324.01 | Z354: =Z353+X353 -> 439.48927 | AA354: =Y354+W354 -> 1337.01 | AB354: =Z354+X354 -> 450.23927 | AC354: =VLOOKUP(WEEKDAY(C354,2),Служебный!K$4:L$10,2) -> вт | AD354: =IF(G354 <> "",TEXT((HOUR(D354)),0)&"-"&TEXT(HOUR(D354)+1,0),"") -> 23-24 | AE354: =VLOOKUP(G:G,Служебный!B:G,6,) -> NYSE | AF354: =VLOOKUP(G:G,Служебный!B:G,3,FALSE) -> Consumer Goods | AG354: =VLOOKUP(G:G,Служебный!B:G,4,FALSE) -> Paper & Paper Products | AH354: =ROUND(((E354+F354)-(C354+D354))*86400,0) -> 1372 | AI354: =IF(FLOOR((AH354/60),15)>400,"Среднесрок",FLOOR((AH354/60),15)) -> 15 | AJ354: =IFERROR(IF(FLOOR((AH354/86400),1)=0,"интрадей",(FLOOR((AH354/86400),1))-(FLOOR((AH354/86400),1))-NETWORKDAYS(E354,C354)),IF(FLOOR((AH354/86400),1)=0,"интрадей",(FLOOR((AH354/86400),1)))) -> интрадей | AK354: =IF(D354<Служебный!P$3,"Раньше открытия",IF(D354>Служебный!P$6,"Позже закрытия",IF(D354<Служебный!P$4,Служебный!N$4,IF((D354>Служебный!P$5),Служебный!N$6,Служебный!N$5)))) -> Позже закрытия | AL354: =IF(X354>0,X354,0) -> 10.75 | AM354: =IF(X354<0,X354,0) -> 0 | AN354: =IF(G354<>"",YEAR(C354),"") -> 2010 | AO354: =IF(G354<>"",(IF(TEXT(C354,"MMMM") = "MMMM",TEXT(C354,"ММММ"),TEXT(C354,"MMMM"))),"") -> Март | AP354: =IF(G354<>"",CEILING((C354-DATE(YEAR(C354),1,1)+WEEKDAY(DATE(YEAR(C354),1,1),2))/7,1),"") -> 10 | AQ354: =IF(AV354<>0,S354,0) -> 30450.239 | AR354: =AR353+R354 -> 30000 | AS354: =IFERROR(100*(S354-AR354)/AR354,"Заполните депозит") -> 1.5007976 | AT354: =IFERROR(100*(S354-S353-R354)/(S353+R354),"Заполните депозит") -> 0.035315967 | AU354: =IF(C354<>C353,Z354,0) -> 0 | AV354: =IF(C354<>C355,AB354,0) -> 450.23927 | AW354: =CEILING(I354,5) -> 30 | AX354: =IF(AV354=0,AX353,IF(VLOOKUP(C353,Сводный!I:L,2,FALSE)<0,IF(AX353<0,AX353-1,-1),IF(AX353>0,AX353+1,1))) -> 5
B355: 354 | C355: 40240 | D355: 0.0025694444 | E355: 40240 | F355: 0.0032060185 | G355: BID | H355: S | I355: 28.975 | J355: 29.05 | K355: 100 | L355: 2.25 | M355: Пробой уровня | N355: Стоп | O355: 3 | S355: =S354+R355+X355 -> 30440.489 | T355: =L355 -> 2.25 | U355: =I355*ABS(K355) -> 2897.5 | V355: =J355*ABS(K355) -> 2905 | W355: =IF(H355="s",U355-V355,V355-U355) -> -7.5 | X355: =W355-T355 -> -9.75 | Y355: =Y354+W354 -> 1337.01 | Z355: =Z354+X354 -> 450.23927 | AA355: =Y355+W355 -> 1329.51 | AB355: =Z355+X355 -> 440.48927 | AC355: =VLOOKUP(WEEKDAY(C355,2),Служебный!K$4:L$10,2) -> ср | AD355: =IF(G355 <> "",TEXT((HOUR(D355)),0)&"-"&TEXT(HOUR(D355)+1,0),"") -> 0-1 | AE355: =VLOOKUP(G:G,Служебный!B:G,6,) -> NYSE | AF355: =VLOOKUP(G:G,Служебный!B:G,3,FALSE) -> Services | AG355: =VLOOKUP(G:G,Служебный!B:G,4,FALSE) -> Specialty Retail, Other | AH355: =ROUND(((E355+F355)-(C355+D355))*86400,0) -> 55 | AI355: =IF(FLOOR((AH355/60),15)>400,"Среднесрок",FLOOR((AH355/60),15)) -> 0 | AJ355: =IFERROR(IF(FLOOR((AH355/86400),1)=0,"интрадей",(FLOOR((AH355/86400),1))-(FLOOR((AH355/86400),1))-NETWORKDAYS(E355,C355)),IF(FLOOR((AH355/86400),1)=0,"интрадей",(FLOOR((AH355/86400),1)))) -> интрадей | AK355: =IF(D355<Служебный!P$3,"Раньше открытия",IF(D355>Служебный!P$6,"Позже закрытия",IF(D355<Служебный!P$4,Служебный!N$4,IF((D355>Служебный!P$5),Служебный!N$6,Служебный!N$5)))) -> 9:30 - 11:00 | AL355: =IF(X355>0,X355,0) -> 0 | AM355: =IF(X355<0,X355,0) -> -9.75 | AN355: =IF(G355<>"",YEAR(C355),"") -> 2010 | AO355: =IF(G355<>"",(IF(TEXT(C355,"MMMM") = "MMMM",TEXT(C355,"ММММ"),TEXT(C355,"MMMM"))),"") -> Март | AP355: =IF(G355<>"",CEILING((C355-DATE(YEAR(C355),1,1)+WEEKDAY(DATE(YEAR(C355),1,1),2))/7,1),"") -> 10 | AQ355: =IF(AV355<>0,S355,0) -> 0 | AR355: =AR354+R355 -> 30000 | AS355: =IFERROR(100*(S355-AR355)/AR355,"Заполните депозит") -> 1.4682976 | AT355: =IFERROR(100*(S355-S354-R355)/(S354+R355),"Заполните депозит") -> -0.032019453 | AU355: =IF(C355<>C354,Z355,0) -> 450.23927 | AV355: =IF(C355<>C356,AB355,0) -> 0 | AW355: =CEILING(I355,5) -> 30 | AX355: =IF(AV355=0,AX354,IF(VLOOKUP(C354,Сводный!I:L,2,FALSE)<0,IF(AX354<0,AX354-1,-1),IF(AX354>0,AX354+1,1))) -> 5
B356: 355 | C356: 40240 | D356: 0.0025694444 | E356: 40240 | F356: 0.0038310185 | G356: BID | H356: S | I356: 28.975 | J356: 29.07 | K356: 100 | L356: 1.85 | M356: Пробой уровня | N356: Завершение движения | O356: 4 | S356: =S355+R356+X356 -> 30429.139 | T356: =L356 -> 1.85 | U356: =I356*ABS(K356) -> 2897.5 | V356: =J356*ABS(K356) -> 2907 | W356: =IF(H356="s",U356-V356,V356-U356) -> -9.5 | X356: =W356-T356 -> -11.35 | Y356: =Y355+W355 -> 1329.51 | Z356: =Z355+X355 -> 440.48927 | AA356: =Y356+W356 -> 1320.01 | AB356: =Z356+X356 -> 429.13927 | AC356: =VLOOKUP(WEEKDAY(C356,2),Служебный!K$4:L$10,2) -> ср | AD356: =IF(G356 <> "",TEXT((HOUR(D356)),0)&"-"&TEXT(HOUR(D356)+1,0),"") -> 0-1 | AE356: =VLOOKUP(G:G,Служебный!B:G,6,) -> NYSE | AF356: =VLOOKUP(G:G,Служебный!B:G,3,FALSE) -> Services | AG356: =VLOOKUP(G:G,Служебный!B:G,4,FALSE) -> Specialty Retail, Other | AH356: =ROUND(((E356+F356)-(C356+D356))*86400,0) -> 109 | AI356: =IF(FLOOR((AH356/60),15)>400,"Среднесрок",FLOOR((AH356/60),15)) -> 0 | AJ356: =IFERROR(IF(FLOOR((AH356/86400),1)=0,"интрадей",(FLOOR((AH356/86400),1))-(FLOOR((AH356/86400),1))-NETWORKDAYS(E356,C356)),IF(FLOOR((AH356/86400),1)=0,"интрадей",(FLOOR((AH356/86400),1)))) -> интрадей | AK356: =IF(D356<Служебный!P$3,"Раньше открытия",IF(D356>Служебный!P$6,"Позже закрытия",IF(D356<Служебный!P$4,Служебный!N$4,IF((D356>Служебный!P$5),Служебный!N$6,Служебный!N$5)))) -> 9:30 - 11:00 | AL356: =IF(X356>0,X356,0) -> 0 | AM356: =IF(X356<0,X356,0) -> -11.35 | AN356: =IF(G356<>"",YEAR(C356),"") -> 2010 | AO356: =IF(G356<>"",(IF(TEXT(C356,"MMMM") = "MMMM",TEXT(C356,"ММММ"),TEXT(C356,"MMMM"))),"") -> Март | AP356: =IF(G356<>"",CEILING((C356-DATE(YEAR(C356),1,1)+WEEKDAY(DATE(YEAR(C356),1,1),2))/7,1),"") -> 10 | AQ356: =IF(AV356<>0,S356,0) -> 30429.139 | AR356: =AR355+R356 -> 30000 | AS356: =IFERROR(100*(S356-AR356)/AR356,"Заполните депозит") -> 1.4304642 | AT356: =IFERROR(100*(S356-S355-R356)/(S355+R356),"Заполните депозит") -> -0.037285866 | AU356: =IF(C356<>C355,Z356,0) -> 0 | AV356: =IF(C356<>C357,AB356,0) -> 429.13927 | AW356: =CEILING(I356,5) -> 30 | AX356: =IF(AV356=0,AX355,IF(VLOOKUP(C355,Сводный!I:L,2,FALSE)<0,IF(AX355<0,AX355-1,-1),IF(AX355>0,AX355+1,1))) -> 6
B357: 356 | C357: 40239 | D357: 0.99603009 | E357: 40240 | F357: 0.0045949074 | G357: DRI | H357: S | I357: 40.96 | J357: 40.9 | K357: 100 | L357: 2.15 | M357: Контр-тренд | N357: Завершение движения | O357: 3 | S357: =S356+R357+X357 -> 30432.989 | T357: =L357 -> 2.15 | U357: =I357*ABS(K357) -> 4096 | V357: =J357*ABS(K357) -> 4090 | W357: =IF(H357="s",U357-V357,V357-U357) -> 6 | X357: =W357-T357 -> 3.85 | Y357: =Y356+W356 -> 1320.01 | Z357: =Z356+X356 -> 429.13927 | AA357: =Y357+W357 -> 1326.01 | AB357: =Z357+X357 -> 432.98927 | AC357: =VLOOKUP(WEEKDAY(C357,2),Служебный!K$4:L$10,2) -> вт | AD357: =IF(G357 <> "",TEXT((HOUR(D357)),0)&"-"&TEXT(HOUR(D357)+1,0),"") -> 23-24 | AE357: =VLOOKUP(G:G,Служебный!B:G,6,) -> NYSE | AF357: =VLOOKUP(G:G,Служебный!B:G,3,FALSE) -> Services | AG357: =VLOOKUP(G:G,Служебный!B:G,4,FALSE) -> Restaurants | AH357: =ROUND(((E357+F357)-(C357+D357))*86400,0) -> 740 | AI357: =IF(FLOOR((AH357/60),15)>400,"Среднесрок",FLOOR((AH357/60),15)) -> 0 | AJ357: =IFERROR(IF(FLOOR((AH357/86400),1)=0,"интрадей",(FLOOR((AH357/86400),1))-(FLOOR((AH357/86400),1))-NETWORKDAYS(E357,C357)),IF(FLOOR((AH357/86400),1)=0,"интрадей",(FLOOR((AH357/86400),1)))) -> интрадей | AK357: =IF(D357<Служебный!P$3,"Раньше открытия",IF(D357>Служебный!P$6,"Позже закрытия",IF(D357<Служебный!P$4,Служебный!N$4,IF((D357>Служебный!P$5),Служебный!N$6,Служебный!N$5)))) -> Позже закрытия | AL357: =IF(X357>0,X357,0) -> 3.85 | AM357: =IF(X357<0,X357,0) -> 0 | AN357: =IF(G357<>"",YEAR(C357),"") -> 2010 | AO357: =IF(G357<>"",(IF(TEXT(C357,"MMMM") = "MMMM",TEXT(C357,"ММММ"),TEXT(C357,"MMMM"))),"") -> Март | AP357: =IF(G357<>"",CEILING((C357-DATE(YEAR(C357),1,1)+WEEKDAY(DATE(YEAR(C357),1,1),2))/7,1),"") -> 10 | AQ357: =IF(AV357<>0,S357,0) -> 30432.989 | AR357: =AR356+R357 -> 30000 | AS357: =IFERROR(100*(S357-AR357)/AR357,"Заполните депозит") -> 1.4432976 | AT357: =IFERROR(100*(S357-S356-R357)/(S356+R357),"Заполните депозит") -> 0.012652346 | AU357: =IF(C357<>C356,Z357,0) -> 429.13927 | AV357: =IF(C357<>C358,AB357,0) -> 432.98927 | AW357: =CEILING(I357,5) -> 45 | AX357: =IF(AV357=0,AX356,IF(VLOOKUP(C356,Сводный!I:L,2,FALSE)<0,IF(AX356<0,AX356-1,-1),IF(AX356>0,AX356+1,1))) -> 7
... B372: 371 | C372: 40241 | D372: 0.015069444 | E372: 40241 | F372: 0.027997685 | G372: MWW | H372: L | I372: 15.06 | J372: 14.99 | K372: 200 | L372: 4.77333 | M372: Контр-тренд | N372: Стоп | O372: 2 | S372: =S371+R372+X372 -> 30479.846 | T372: =L372 -> 4.77333 | U372: =I372*ABS(K372) -> 3012 | V372: =J372*ABS(K372) -> 2998 | W372: =IF(H372="s",U372-V372,V372-U372) -> -14 | X372: =W372-T372 -> -18.77333 | Y372: =Y371+W371 -> 1421.01 | Z372: =Z371+X371 -> 498.61927 | AA372: =Y372+W372 -> 1407.01 | AB372: =Z372+X372 -> 479.84594 | AC372: =VLOOKUP(WEEKDAY(C372,2),Служебный!K$4:L$10,2) -> чт | AD372: =IF(G372 <> "",TEXT((HOUR(D372)),0)&"-"&TEXT(HOUR(D372)+1,0),"") -> 0-1 | AE372: =VLOOKUP(G:G,Служебный!B:G,6,) -> NYSE | AF372: =VLOOKUP(G:G,Служебный!B:G,3,FALSE) -> Services | AG372: =VLOOKUP(G:G,Служебный!B:G,4,FALSE) -> Advertising Agencies | AH372: =ROUND(((E372+F372)-(C372+D372))*86400,0) -> 1117 | AI372: =IF(FLOOR((AH372/60),15)>400,"Среднесрок",FLOOR((AH372/60),15)) -> 15 | AJ372: =IFERROR(IF(FLOOR((AH372/86400),1)=0,"интрадей",(FLOOR((AH372/86400),1))-(FLOOR((AH372/86400),1))-NETWORKDAYS(E372,C372)),IF(FLOOR((AH372/86400),1)=0,"интрадей",(FLOOR((AH372/86400),1)))) -> интрадей | AK372: =IF(D372<Служебный!P$3,"Раньше открытия",IF(D372>Служебный!P$6,"Позже закрытия",IF(D372<Служебный!P$4,Служебный!N$4,IF((D372>Служебный!P$5),Служебный!N$6,Служебный!N$5)))) -> 9:30 - 11:00 | AL372: =IF(X372>0,X372,0) -> 0 | AM372: =IF(X372<0,X372,0) -> -18.77333 | AN372: =IF(G372<>"",YEAR(C372),"") -> 2010 | AO372: =IF(G372<>"",(IF(TEXT(C372,"MMMM") = "MMMM",TEXT(C372,"ММММ"),TEXT(C372,"MMMM"))),"") -> Март | AP372: =IF(G372<>"",CEILING((C372-DATE(YEAR(C372),1,1)+WEEKDAY(DATE(YEAR(C372),1,1),2))/7,1),"") -> 10 | AQ372: =IF(AV372<>0,S372,0) -> 30479.846 | AR372: =AR371+R372 -> 30000 | AS372: =IFERROR(100*(S372-AR372)/AR372,"Заполните депозит") -> 1.5994865 | AT372: =IFERROR(100*(S372-S371-R372)/(S371+R372),"Заполните депозит") -> -0.061554688 | AU372: =IF(C372<>C371,Z372,0) -> 0 | AV372: =IF(C372<>C373,AB372,0) -> 479.84594 | AW372: =CEILING(I372,5) -> 20 | AX372: =IF(AV372=0,AX371,IF(VLOOKUP(C371,Сводный!I:L,2,FALSE)<0,IF(AX371<0,AX371-1,-1),IF(AX371>0,AX371+1,1))) -> -1
B373: 372 | S373: =S372+R373+X373 -> 30479.846 | T373: =L373 -> 0 | U373: =I373*ABS(K373) -> 0 | V373: =J373*ABS(K373) -> 0 | W373: =IF(H373="s",U373-V373,V373-U373) -> 0 | X373: =W373-T373 -> 0 | Y373: =Y372+W372 -> 1407.01 | Z373: =Z372+X372 -> 479.84594 | AA373: =Y373+W373 -> 1407.01 | AB373: =Z373+X373 -> 479.84594 | AC373: =VLOOKUP(WEEKDAY(C373,2),Служебный!K$4:L$10,2) -> сб | AD373: =IF(G373 <> "",TEXT((HOUR(D373)),0)&"-"&TEXT(HOUR(D373)+1,0),"") | AE373: =VLOOKUP(G:G,Служебный!B:G,6,) -> #N/A | AF373: =VLOOKUP(G:G,Служебный!B:G,3,FALSE) -> #N/A | AG373: =VLOOKUP(G:G,Служебный!B:G,4,FALSE) -> #N/A | AH373: =ROUND(((E373+F373)-(C373+D373))*86400,0) -> 0 | AI373: =IF(FLOOR((AH373/60),15)>400,"Среднесрок",FLOOR((AH373/60),15)) -> 0 | AJ373: =IFERROR(IF(FLOOR((AH373/86400),1)=0,"интрадей",(FLOOR((AH373/86400),1))-(FLOOR((AH373/86400),1))-NETWORKDAYS(E373,C373)),IF(FLOOR((AH373/86400),1)=0,"интрадей",(FLOOR((AH373/86400),1)))) -> интрадей | AK373: =IF(D373<Служебный!P$3,"Раньше открытия",IF(D373>Служебный!P$6,"Позже закрытия",IF(D373<Служебный!P$4,Служебный!N$4,IF((D373>Служебный!P$5),Служебный!N$6,Служебный!N$5)))) -> 9:30 - 11:00 | AL373: =IF(X373>0,X373,0) -> 0 | AM373: =IF(X373<0,X373,0) -> 0 | AN373: =IF(G373<>"",YEAR(C373),"") | AO373: =IF(G373<>"",(IF(TEXT(C373,"MMMM") = "MMMM",TEXT(C373,"ММММ"),TEXT(C373,"MMMM"))),"") | AP373: =IF(G373<>"",CEILING((C373-DATE(YEAR(C373),1,1)+WEEKDAY(DATE(YEAR(C373),1,1),2))/7,1),"") | AQ373: =IF(AV373<>0,S373,0) -> 0 | AR373: =AR372+R373 -> 30000 | AS373: =IFERROR(100*(S373-AR373)/AR373,"Заполните депозит") -> 1.5994865 | AT373: =IFERROR(100*(S373-S372-R373)/(S372+R373),"Заполните депозит") -> 0 | AU373: =IF(C373<>C372,Z373,0) -> 479.84594 | AV373: =IF(C373<>C374,AB373,0) -> 0 | AW373: =CEILING(I373,5) -> 0 | AX373: =IF(AV373=0,AX372,IF(VLOOKUP(C372,Сводный!I:L,2,FALSE)<0,IF(AX372<0,AX372-1,-1),IF(AX372>0,AX372+1,1))) -> -1
B374: 373 | S374: =S373+R374+X374 -> 30479.846 | T374: =L374 -> 0 | U374: =I374*ABS(K374) -> 0 | V374: =J374*ABS(K374) -> 0 | W374: =IF(H374="s",U374-V374,V374-U374) -> 0 | X374: =W374-T374 -> 0 | Y374: =Y373+W373 -> 1407.01 | Z374: =Z373+X373 -> 479.84594 | AA374: =Y374+W374 -> 1407.01 | AB374: =Z374+X374 -> 479.84594 | AC374: =VLOOKUP(WEEKDAY(C374,2),Служебный!K$4:L$10,2) -> сб | AD374: =IF(G374 <> "",TEXT((HOUR(D374)),0)&"-"&TEXT(HOUR(D374)+1,0),"") | AE374: =VLOOKUP(G:G,Служебный!B:G,6,) -> #N/A | AF374: =VLOOKUP(G:G,Служебный!B:G,3,FALSE) -> #N/A | AG374: =VLOOKUP(G:G,Служебный!B:G,4,FALSE) -> #N/A | AH374: =ROUND(((E374+F374)-(C374+D374))*86400,0) -> 0 | AI374: =IF(FLOOR((AH374/60),15)>400,"Среднесрок",FLOOR((AH374/60),15)) -> 0 | AJ374: =IFERROR(IF(FLOOR((AH374/86400),1)=0,"интрадей",(FLOOR((AH374/86400),1))-(FLOOR((AH374/86400),1))-NETWORKDAYS(E374,C374)),IF(FLOOR((AH374/86400),1)=0,"интрадей",(FLOOR((AH374/86400),1)))) -> интрадей | AK374: =IF(D374<Служебный!P$3,"Раньше открытия",IF(D374>Служебный!P$6,"Позже закрытия",IF(D374<Служебный!P$4,Служебный!N$4,IF((D374>Служебный!P$5),Служебный!N$6,Служебный!N$5)))) -> 9:30 - 11:00 | AL374: =IF(X374>0,X374,0) -> 0 | AM374: =IF(X374<0,X374,0) -> 0 | AN374: =IF(G374<>"",YEAR(C374),"") | AO374: =IF(G374<>"",(IF(TEXT(C374,"MMMM") = "MMMM",TEXT(C374,"ММММ"),TEXT(C374,"MMMM"))),"") | AP374: =IF(G374<>"",CEILING((C374-DATE(YEAR(C374),1,1)+WEEKDAY(DATE(YEAR(C374),1,1),2))/7,1),"") | AQ374: =IF(AV374<>0,S374,0) -> 0 | AR374: =AR373+R374 -> 30000 | AS374: =IFERROR(100*(S374-AR374)/AR374,"Заполните депозит") -> 1.5994865 | AT374: =IFERROR(100*(S374-S373-R374)/(S373+R374),"Заполните депозит") -> 0 | AU374: =IF(C374<>C373,Z374,0) -> 0 | AV374: =IF(C374<>C375,AB374,0) -> 0 | AW374: =CEILING(I374,5) -> 0 | AX374: =IF(AV374=0,AX373,IF(VLOOKUP(C373,Сводный!I:L,2,FALSE)<0,IF(AX373<0,AX373-1,-1),IF(AX373>0,AX373+1,1))) -> -1
B375: 374 | S375: =S374+R375+X375 -> 30479.846 | T375: =L375 -> 0 | U375: =I375*ABS(K375) -> 0 | V375: =J375*ABS(K375) -> 0 | W375: =IF(H375="s",U375-V375,V375-U375) -> 0 | X375: =W375-T375 -> 0 | Y375: =Y374+W374 -> 1407.01 | Z375: =Z374+X374 -> 479.84594 | AA375: =Y375+W375 -> 1407.01 | AB375: =Z375+X375 -> 479.84594 | AC375: =VLOOKUP(WEEKDAY(C375,2),Служебный!K$4:L$10,2) -> сб | AD375: =IF(G375 <> "",TEXT((HOUR(D375)),0)&"-"&TEXT(HOUR(D375)+1,0),"") | AE375: =VLOOKUP(G:G,Служебный!B:G,6,) -> #N/A | AF375: =VLOOKUP(G:G,Служебный!B:G,3,FALSE) -> #N/A | AG375: =VLOOKUP(G:G,Служебный!B:G,4,FALSE) -> #N/A | AH375: =ROUND(((E375+F375)-(C375+D375))*86400,0) -> 0 | AI375: =IF(FLOOR((AH375/60),15)>400,"Среднесрок",FLOOR((AH375/60),15)) -> 0 | AJ375: =IFERROR(IF(FLOOR((AH375/86400),1)=0,"интрадей",(FLOOR((AH375/86400),1))-(FLOOR((AH375/86400),1))-NETWORKDAYS(E375,C375)),IF(FLOOR((AH375/86400),1)=0,"интрадей",(FLOOR((AH375/86400),1)))) -> интрадей | AK375: =IF(D375<Служебный!P$3,"Раньше открытия",IF(D375>Служебный!P$6,"Позже закрытия",IF(D375<Служебный!P$4,Служебный!N$4,IF((D375>Служебный!P$5),Служебный!N$6,Служебный!N$5)))) -> 9:30 - 11:00 | AL375: =IF(X375>0,X375,0) -> 0 | AM375: =IF(X375<0,X375,0) -> 0 | AN375: =IF(G375<>"",YEAR(C375),"") | AO375: =IF(G375<>"",(IF(TEXT(C375,"MMMM") = "MMMM",TEXT(C375,"ММММ"),TEXT(C375,"MMMM"))),"") | AP375: =IF(G375<>"",CEILING((C375-DATE(YEAR(C375),1,1)+WEEKDAY(DATE(YEAR(C375),1,1),2))/7,1),"") | AQ375: =IF(AV375<>0,S375,0) -> 0 | AR375: =AR374+R375 -> 30000 | AS375: =IFERROR(100*(S375-AR375)/AR375,"Заполните депозит") -> 1.5994865 | AT375: =IFERROR(100*(S375-S374-R375)/(S374+R375),"Заполните депозит") -> 0 | AU375: =IF(C375<>C374,Z375,0) -> 0 | AV375: =IF(C375<>C376,AB375,0) -> 0 | AW375: =CEILING(I375,5) -> 0 | AX375: =IF(AV375=0,AX374,IF(VLOOKUP(C374,Сводный!I:L,2,FALSE)<0,IF(AX374<0,AX374-1,-1),IF(AX374>0,AX374+1,1))) -> -1
B376: 375 | S376: =S375+R376+X376 -> 30479.846 | T376: =L376 -> 0 | U376: =I376*ABS(K376) -> 0 | V376: =J376*ABS(K376) -> 0 | W376: =IF(H376="s",U376-V376,V376-U376) -> 0 | X376: =W376-T376 -> 0 | Y376: =Y375+W375 -> 1407.01 | Z376: =Z375+X375 -> 479.84594 | AA376: =Y376+W376 -> 1407.01 | AB376: =Z376+X376 -> 479.84594 | AC376: =VLOOKUP(WEEKDAY(C376,2),Служебный!K$4:L$10,2) -> сб | AD376: =IF(G376 <> "",TEXT((HOUR(D376)),0)&"-"&TEXT(HOUR(D376)+1,0),"") | AE376: =VLOOKUP(G:G,Служебный!B:G,6,) -> #N/A | AF376: =VLOOKUP(G:G,Служебный!B:G,3,FALSE) -> #N/A | AG376: =VLOOKUP(G:G,Служебный!B:G,4,FALSE) -> #N/A | AH376: =ROUND(((E376+F376)-(C376+D376))*86400,0) -> 0 | AI376: =IF(FLOOR((AH376/60),15)>400,"Среднесрок",FLOOR((AH376/60),15)) -> 0 | AJ376: =IFERROR(IF(FLOOR((AH376/86400),1)=0,"интрадей",(FLOOR((AH376/86400),1))-(FLOOR((AH376/86400),1))-NETWORKDAYS(E376,C376)),IF(FLOOR((AH376/86400),1)=0,"интрадей",(FLOOR((AH376/86400),1)))) -> интрадей | AK376: =IF(D376<Служебный!P$3,"Раньше открытия",IF(D376>Служебный!P$6,"Позже закрытия",IF(D376<Служебный!P$4,Служебный!N$4,IF((D376>Служебный!P$5),Служебный!N$6,Служебный!N$5)))) -> 9:30 - 11:00 | AL376: =IF(X376>0,X376,0) -> 0 | AM376: =IF(X376<0,X376,0) -> 0 | AN376: =IF(G376<>"",YEAR(C376),"") | AO376: =IF(G376<>"",(IF(TEXT(C376,"MMMM") = "MMMM",TEXT(C376,"ММММ"),TEXT(C376,"MMMM"))),"") | AP376: =IF(G376<>"",CEILING((C376-DATE(YEAR(C376),1,1)+WEEKDAY(DATE(YEAR(C376),1,1),2))/7,1),"") | AQ376: =IF(AV376<>0,S376,0) -> 0 | AR376: =AR375+R376 -> 30000 | AS376: =IFERROR(100*(S376-AR376)/AR376,"Заполните депозит") -> 1.5994865 | AT376: =IFERROR(100*(S376-S375-R376)/(S375+R376),"Заполните депозит") -> 0 | AU376: =IF(C376<>C375,Z376,0) -> 0 | AV376: =IF(C376<>C377,AB376,0) -> 0 | AW376: =CEILING(I376,5) -> 0 | AX376: =IF(AV376=0,AX375,IF(VLOOKUP(C375,Сводный!I:L,2,FALSE)<0,IF(AX375<0,AX375-1,-1),IF(AX375>0,AX375+1,1))) -> -1
B377: 376 | S377: =S376+R377+X377 -> 30479.846 | T377: =L377 -> 0 | U377: =I377*ABS(K377) -> 0 | V377: =J377*ABS(K377) -> 0 | W377: =IF(H377="s",U377-V377,V377-U377) -> 0 | X377: =W377-T377 -> 0 | Y377: =Y376+W376 -> 1407.01 | Z377: =Z376+X376 -> 479.84594 | AA377: =Y377+W377 -> 1407.01 | AB377: =Z377+X377 -> 479.84594 | AC377: =VLOOKUP(WEEKDAY(C377,2),Служебный!K$4:L$10,2) -> сб | AD377: =IF(G377 <> "",TEXT((HOUR(D377)),0)&"-"&TEXT(HOUR(D377)+1,0),"") | AE377: =VLOOKUP(G:G,Служебный!B:G,6,) -> #N/A | AF377: =VLOOKUP(G:G,Служебный!B:G,3,FALSE) -> #N/A | AG377: =VLOOKUP(G:G,Служебный!B:G,4,FALSE) -> #N/A | AH377: =ROUND(((E377+F377)-(C377+D377))*86400,0) -> 0 | AI377: =IF(FLOOR((AH377/60),15)>400,"Среднесрок",FLOOR((AH377/60),15)) -> 0 | AJ377: =IFERROR(IF(FLOOR((AH377/86400),1)=0,"интрадей",(FLOOR((AH377/86400),1))-(FLOOR((AH377/86400),1))-NETWORKDAYS(E377,C377)),IF(FLOOR((AH377/86400),1)=0,"интрадей",(FLOOR((AH377/86400),1)))) -> интрадей | AK377: =IF(D377<Служебный!P$3,"Раньше открытия",IF(D377>Служебный!P$6,"Позже закрытия",IF(D377<Служебный!P$4,Служебный!N$4,IF((D377>Служебный!P$5),Служебный!N$6,Служебный!N$5)))) -> 9:30 - 11:00 | AL377: =IF(X377>0,X377,0) -> 0 | AM377: =IF(X377<0,X377,0) -> 0 | AN377: =IF(G377<>"",YEAR(C377),"") | AO377: =IF(G377<>"",(IF(TEXT(C377,"MMMM") = "MMMM",TEXT(C377,"ММММ"),TEXT(C377,"MMMM"))),"") | AP377: =IF(G377<>"",CEILING((C377-DATE(YEAR(C377),1,1)+WEEKDAY(DATE(YEAR(C377),1,1),2))/7,1),"") | AQ377: =IF(AV377<>0,S377,0) -> 0 | AR377: =AR376+R377 -> 30000 | AS377: =IFERROR(100*(S377-AR377)/AR377,"Заполните депозит") -> 1.5994865 | AT377: =IFERROR(100*(S377-S376-R377)/(S376+R377),"Заполните депозит") -> 0 | AU377: =IF(C377<>C376,Z377,0) -> 0 | AV377: =IF(C377<>C378,AB377,0) -> 0 | AW377: =CEILING(I377,5) -> 0 | AX377: =IF(AV377=0,AX376,IF(VLOOKUP(C376,Сводный!I:L,2,FALSE)<0,IF(AX376<0,AX376-1,-1),IF(AX376>0,AX376+1,1))) -> -1
B378: 377 | S378: =S377+R378+X378 -> 30479.846 | T378: =L378 -> 0 | U378: =I378*ABS(K378) -> 0 | V378: =J378*ABS(K378) -> 0 | W378: =IF(H378="s",U378-V378,V378-U378) -> 0 | X378: =W378-T378 -> 0 | Y378: =Y377+W377 -> 1407.01 | Z378: =Z377+X377 -> 479.84594 | AA378: =Y378+W378 -> 1407.01 | AB378: =Z378+X378 -> 479.84594 | AC378: =VLOOKUP(WEEKDAY(C378,2),Служебный!K$4:L$10,2) -> сб | AD378: =IF(G378 <> "",TEXT((HOUR(D378)),0)&"-"&TEXT(HOUR(D378)+1,0),"") | AE378: =VLOOKUP(G:G,Служебный!B:G,6,) -> #N/A | AF378: =VLOOKUP(G:G,Служебный!B:G,3,FALSE) -> #N/A | AG378: =VLOOKUP(G:G,Служебный!B:G,4,FALSE) -> #N/A | AH378: =ROUND(((E378+F378)-(C378+D378))*86400,0) -> 0 | AI378: =IF(FLOOR((AH378/60),15)>400,"Среднесрок",FLOOR((AH378/60),15)) -> 0 | AJ378: =IFERROR(IF(FLOOR((AH378/86400),1)=0,"интрадей",(FLOOR((AH378/86400),1))-(FLOOR((AH378/86400),1))-NETWORKDAYS(E378,C378)),IF(FLOOR((AH378/86400),1)=0,"интрадей",(FLOOR((AH378/86400),1)))) -> интрадей | AK378: =IF(D378<Служебный!P$3,"Раньше открытия",IF(D378>Служебный!P$6,"Позже закрытия",IF(D378<Служебный!P$4,Служебный!N$4,IF((D378>Служебный!P$5),Служебный!N$6,Служебный!N$5)))) -> 9:30 - 11:00 | AL378: =IF(X378>0,X378,0) -> 0 | AM378: =IF(X378<0,X378,0) -> 0 | AN378: =IF(G378<>"",YEAR(C378),"") | AO378: =IF(G378<>"",(IF(TEXT(C378,"MMMM") = "MMMM",TEXT(C378,"ММММ"),TEXT(C378,"MMMM"))),"") | AP378: =IF(G378<>"",CEILING((C378-DATE(YEAR(C378),1,1)+WEEKDAY(DATE(YEAR(C378),1,1),2))/7,1),"") | AQ378: =IF(AV378<>0,S378,0) -> 0 | AR378: =AR377+R378 -> 30000 | AS378: =IFERROR(100*(S378-AR378)/AR378,"Заполните депозит") -> 1.5994865 | AT378: =IFERROR(100*(S378-S377-R378)/(S377+R378),"Заполните депозит") -> 0 | AU378: =IF(C378<>C377,Z378,0) -> 0 | AV378: =IF(C378<>C379,AB378,0) -> 0 | AW378: =CEILING(I378,5) -> 0 | AX378: =IF(AV378=0,AX377,IF(VLOOKUP(C377,Сводный!I:L,2,FALSE)<0,IF(AX377<0,AX377-1,-1),IF(AX377>0,AX377+1,1))) -> -1
B379: 378 | S379: =S378+R379+X379 -> 30479.846 | T379: =L379 -> 0 | U379: =I379*ABS(K379) -> 0 | V379: =J379*ABS(K379) -> 0 | W379: =IF(H379="s",U379-V379,V379-U379) -> 0 | X379: =W379-T379 -> 0 | Y379: =Y378+W378 -> 1407.01 | Z379: =Z378+X378 -> 479.84594 | AA379: =Y379+W379 -> 1407.01 | AB379: =Z379+X379 -> 479.84594 | AC379: =VLOOKUP(WEEKDAY(C379,2),Служебный!K$4:L$10,2) -> сб | AD379: =IF(G379 <> "",TEXT((HOUR(D379)),0)&"-"&TEXT(HOUR(D379)+1,0),"") | AE379: =VLOOKUP(G:G,Служебный!B:G,6,) -> #N/A | AF379: =VLOOKUP(G:G,Служебный!B:G,3,FALSE) -> #N/A | AG379: =VLOOKUP(G:G,Служебный!B:G,4,FALSE) -> #N/A | AH379: =ROUND(((E379+F379)-(C379+D379))*86400,0) -> 0 | AI379: =IF(FLOOR((AH379/60),15)>400,"Среднесрок",FLOOR((AH379/60),15)) -> 0 | AJ379: =IFERROR(IF(FLOOR((AH379/86400),1)=0,"интрадей",(FLOOR((AH379/86400),1))-(FLOOR((AH379/86400),1))-NETWORKDAYS(E379,C379)),IF(FLOOR((AH379/86400),1)=0,"интрадей",(FLOOR((AH379/86400),1)))) -> интрадей | AK379: =IF(D379<Служебный!P$3,"Раньше открытия",IF(D379>Служебный!P$6,"Позже закрытия",IF(D379<Служебный!P$4,Служебный!N$4,IF((D379>Служебный!P$5),Служебный!N$6,Служебный!N$5)))) -> 9:30 - 11:00 | AL379: =IF(X379>0,X379,0) -> 0 | AM379: =IF(X379<0,X379,0) -> 0 | AN379: =IF(G379<>"",YEAR(C379),"") | AO379: =IF(G379<>"",(IF(TEXT(C379,"MMMM") = "MMMM",TEXT(C379,"ММММ"),TEXT(C379,"MMMM"))),"") | AP379: =IF(G379<>"",CEILING((C379-DATE(YEAR(C379),1,1)+WEEKDAY(DATE(YEAR(C379),1,1),2))/7,1),"") | AQ379: =IF(AV379<>0,S379,0) -> 0 | AR379: =AR378+R379 -> 30000 | AS379: =IFERROR(100*(S379-AR379)/AR379,"Заполните депозит") -> 1.5994865 | AT379: =IFERROR(100*(S379-S378-R379)/(S378+R379),"Заполните депозит") -> 0 | AU379: =IF(C379<>C378,Z379,0) -> 0 | AV379: =IF(C379<>C380,AB379,0) -> 0 | AW379: =CEILING(I379,5) -> 0 | AX379: =IF(AV379=0,AX378,IF(VLOOKUP(C378,Сводный!I:L,2,FALSE)<0,IF(AX378<0,AX378-1,-1),IF(AX378>0,AX378+1,1))) -> -1
B380: 379 | S380: =S379+R380+X380 -> 30479.846 | T380: =L380 -> 0 | U380: =I380*ABS(K380) -> 0 | V380: =J380*ABS(K380) -> 0 | W380: =IF(H380="s",U380-V380,V380-U380) -> 0 | X380: =W380-T380 -> 0 | Y380: =Y379+W379 -> 1407.01 | Z380: =Z379+X379 -> 479.84594 | AA380: =Y380+W380 -> 1407.01 | AB380: =Z380+X380 -> 479.84594 | AC380: =VLOOKUP(WEEKDAY(C380,2),Служебный!K$4:L$10,2) -> сб | AD380: =IF(G380 <> "",TEXT((HOUR(D380)),0)&"-"&TEXT(HOUR(D380)+1,0),"") | AE380: =VLOOKUP(G:G,Служебный!B:G,6,) -> #N/A | AF380: =VLOOKUP(G:G,Служебный!B:G,3,FALSE) -> #N/A | AG380: =VLOOKUP(G:G,Служебный!B:G,4,FALSE) -> #N/A | AH380: =ROUND(((E380+F380)-(C380+D380))*86400,0) -> 0 | AI380: =IF(FLOOR((AH380/60),15)>400,"Среднесрок",FLOOR((AH380/60),15)) -> 0 | AJ380: =IFERROR(IF(FLOOR((AH380/86400),1)=0,"интрадей",(FLOOR((AH380/86400),1))-(FLOOR((AH380/86400),1))-NETWORKDAYS(E380,C380)),IF(FLOOR((AH380/86400),1)=0,"интрадей",(FLOOR((AH380/86400),1)))) -> интрадей | AK380: =IF(D380<Служебный!P$3,"Раньше открытия",IF(D380>Служебный!P$6,"Позже закрытия",IF(D380<Служебный!P$4,Служебный!N$4,IF((D380>Служебный!P$5),Служебный!N$6,Служебный!N$5)))) -> 9:30 - 11:00 | AL380: =IF(X380>0,X380,0) -> 0 | AM380: =IF(X380<0,X380,0) -> 0 | AN380: =IF(G380<>"",YEAR(C380),"") | AO380: =IF(G380<>"",(IF(TEXT(C380,"MMMM") = "MMMM",TEXT(C380,"ММММ"),TEXT(C380,"MMMM"))),"") | AP380: =IF(G380<>"",CEILING((C380-DATE(YEAR(C380),1,1)+WEEKDAY(DATE(YEAR(C380),1,1),2))/7,1),"") | AQ380: =IF(AV380<>0,S380,0) -> 0 | AR380: =AR379+R380 -> 30000 | AS380: =IFERROR(100*(S380-AR380)/AR380,"Заполните депозит") -> 1.5994865 | AT380: =IFERROR(100*(S380-S379-R380)/(S379+R380),"Заполните депозит") -> 0 | AU380: =IF(C380<>C379,Z380,0) -> 0 | AV380: =IF(C380<>C381,AB380,0) -> 0 | AW380: =CEILING(I380,5) -> 0 | AX380: =IF(AV380=0,AX379,IF(VLOOKUP(C379,Сводный!I:L,2,FALSE)<0,IF(AX379<0,AX379-1,-1),IF(AX379>0,AX379+1,1))) -> -1
B381: 380 | S381: =S380+R381+X381 -> 30479.846 | T381: =L381 -> 0 | U381: =I381*ABS(K381) -> 0 | V381: =J381*ABS(K381) -> 0 | W381: =IF(H381="s",U381-V381,V381-U381) -> 0 | X381: =W381-T381 -> 0 | Y381: =Y380+W380 -> 1407.01 | Z381: =Z380+X380 -> 479.84594 | AA381: =Y381+W381 -> 1407.01 | AB381: =Z381+X381 -> 479.84594 | AC381: =VLOOKUP(WEEKDAY(C381,2),Служебный!K$4:L$10,2) -> сб | AD381: =IF(G381 <> "",TEXT((HOUR(D381)),0)&"-"&TEXT(HOUR(D381)+1,0),"") | AE381: =VLOOKUP(G:G,Служебный!B:G,6,) -> #N/A | AF381: =VLOOKUP(G:G,Служебный!B:G,3,FALSE) -> #N/A | AG381: =VLOOKUP(G:G,Служебный!B:G,4,FALSE) -> #N/A | AH381: =ROUND(((E381+F381)-(C381+D381))*86400,0) -> 0 | AI381: =IF(FLOOR((AH381/60),15)>400,"Среднесрок",FLOOR((AH381/60),15)) -> 0 | AJ381: =IFERROR(IF(FLOOR((AH381/86400),1)=0,"интрадей",(FLOOR((AH381/86400),1))-(FLOOR((AH381/86400),1))-NETWORKDAYS(E381,C381)),IF(FLOOR((AH381/86400),1)=0,"интрадей",(FLOOR((AH381/86400),1)))) -> интрадей | AK381: =IF(D381<Служебный!P$3,"Раньше открытия",IF(D381>Служебный!P$6,"Позже закрытия",IF(D381<Служебный!P$4,Служебный!N$4,IF((D381>Служебный!P$5),Служебный!N$6,Служебный!N$5)))) -> 9:30 - 11:00 | AL381: =IF(X381>0,X381,0) -> 0 | AM381: =IF(X381<0,X381,0) -> 0 | AN381: =IF(G381<>"",YEAR(C381),"") | AO381: =IF(G381<>"",(IF(TEXT(C381,"MMMM") = "MMMM",TEXT(C381,"ММММ"),TEXT(C381,"MMMM"))),"") | AP381: =IF(G381<>"",CEILING((C381-DATE(YEAR(C381),1,1)+WEEKDAY(DATE(YEAR(C381),1,1),2))/7,1),"") | AQ381: =IF(AV381<>0,S381,0) -> 0 | AR381: =AR380+R381 -> 30000 | AS381: =IFERROR(100*(S381-AR381)/AR381,"Заполните депозит") -> 1.5994865 | AT381: =IFERROR(100*(S381-S380-R381)/(S380+R381),"Заполните депозит") -> 0 | AU381: =IF(C381<>C380,Z381,0) -> 0 | AV381: =IF(C381<>C382,AB381,0) -> 0 | AW381: =CEILING(I381,5) -> 0 | AX381: =IF(AV381=0,AX380,IF(VLOOKUP(C380,Сводный!I:L,2,FALSE)<0,IF(AX380<0,AX380-1,-1),IF(AX380>0,AX380+1,1))) -> -1
B382: 381 | S382: =S381+R382+X382 -> 30479.846 | T382: =L382 -> 0 | U382: =I382*ABS(K382) -> 0 | V382: =J382*ABS(K382) -> 0 | W382: =IF(H382="s",U382-V382,V382-U382) -> 0 | X382: =W382-T382 -> 0 | Y382: =Y381+W381 -> 1407.01 | Z382: =Z381+X381 -> 479.84594 | AA382: =Y382+W382 -> 1407.01 | AB382: =Z382+X382 -> 479.84594 | AC382: =VLOOKUP(WEEKDAY(C382,2),Служебный!K$4:L$10,2) -> сб | AD382: =IF(G382 <> "",TEXT((HOUR(D382)),0)&"-"&TEXT(HOUR(D382)+1,0),"") | AE382: =VLOOKUP(G:G,Служебный!B:G,6,) -> #N/A | AF382: =VLOOKUP(G:G,Служебный!B:G,3,FALSE) -> #N/A | AG382: =VLOOKUP(G:G,Служебный!B:G,4,FALSE) -> #N/A | AH382: =ROUND(((E382+F382)-(C382+D382))*86400,0) -> 0 | AI382: =IF(FLOOR((AH382/60),15)>400,"Среднесрок",FLOOR((AH382/60),15)) -> 0 | AJ382: =IFERROR(IF(FLOOR((AH382/86400),1)=0,"интрадей",(FLOOR((AH382/86400),1))-(FLOOR((AH382/86400),1))-NETWORKDAYS(E382,C382)),IF(FLOOR((AH382/86400),1)=0,"интрадей",(FLOOR((AH382/86400),1)))) -> интрадей | AK382: =IF(D382<Служебный!P$3,"Раньше открытия",IF(D382>Служебный!P$6,"Позже закрытия",IF(D382<Служебный!P$4,Служебный!N$4,IF((D382>Служебный!P$5),Служебный!N$6,Служебный!N$5)))) -> 9:30 - 11:00 | AL382: =IF(X382>0,X382,0) -> 0 | AM382: =IF(X382<0,X382,0) -> 0 | AN382: =IF(G382<>"",YEAR(C382),"") | AO382: =IF(G382<>"",(IF(TEXT(C382,"MMMM") = "MMMM",TEXT(C382,"ММММ"),TEXT(C382,"MMMM"))),"") | AP382: =IF(G382<>"",CEILING((C382-DATE(YEAR(C382),1,1)+WEEKDAY(DATE(YEAR(C382),1,1),2))/7,1),"") | AQ382: =IF(AV382<>0,S382,0) -> 0 | AR382: =AR381+R382 -> 30000 | AS382: =IFERROR(100*(S382-AR382)/AR382,"Заполните депозит") -> 1.5994865 | AT382: =IFERROR(100*(S382-S381-R382)/(S381+R382),"Заполните депозит") -> 0 | AU382: =IF(C382<>C381,Z382,0) -> 0 | AV382: =IF(C382<>C383,AB382,0) -> 0 | AW382: =CEILING(I382,5) -> 0 | AX382: =IF(AV382=0,AX381,IF(VLOOKUP(C381,Сводный!I:L,2,FALSE)<0,IF(AX381<0,AX381-1,-1),IF(AX381>0,AX381+1,1))) -> -1
B383: 382 | S383: =S382+R383+X383 -> 30479.846 | T383: =L383 -> 0 | U383: =I383*ABS(K383) -> 0 | V383: =J383*ABS(K383) -> 0 | W383: =IF(H383="s",U383-V383,V383-U383) -> 0 | X383: =W383-T383 -> 0 | Y383: =Y382+W382 -> 1407.01 | Z383: =Z382+X382 -> 479.84594 | AA383: =Y383+W383 -> 1407.01 | AB383: =Z383+X383 -> 479.84594 | AC383: =VLOOKUP(WEEKDAY(C383,2),Служебный!K$4:L$10,2) -> сб | AD383: =IF(G383 <> "",TEXT((HOUR(D383)),0)&"-"&TEXT(HOUR(D383)+1,0),"") | AE383: =VLOOKUP(G:G,Служебный!B:G,6,) -> #N/A | AF383: =VLOOKUP(G:G,Служебный!B:G,3,FALSE) -> #N/A | AG383: =VLOOKUP(G:G,Служебный!B:G,4,FALSE) -> #N/A | AH383: =ROUND(((E383+F383)-(C383+D383))*86400,0) -> 0 | AI383: =IF(FLOOR((AH383/60),15)>400,"Среднесрок",FLOOR((AH383/60),15)) -> 0 | AJ383: =IFERROR(IF(FLOOR((AH383/86400),1)=0,"интрадей",(FLOOR((AH383/86400),1))-(FLOOR((AH383/86400),1))-NETWORKDAYS(E383,C383)),IF(FLOOR((AH383/86400),1)=0,"интрадей",(FLOOR((AH383/86400),1)))) -> интрадей | AK383: =IF(D383<Служебный!P$3,"Раньше открытия",IF(D383>Служебный!P$6,"Позже закрытия",IF(D383<Служебный!P$4,Служебный!N$4,IF((D383>Служебный!P$5),Служебный!N$6,Служебный!N$5)))) -> 9:30 - 11:00 | AL383: =IF(X383>0,X383,0) -> 0 | AM383: =IF(X383<0,X383,0) -> 0 | AN383: =IF(G383<>"",YEAR(C383),"") | AO383: =IF(G383<>"",(IF(TEXT(C383,"MMMM") = "MMMM",TEXT(C383,"ММММ"),TEXT(C383,"MMMM"))),"") | AP383: =IF(G383<>"",CEILING((C383-DATE(YEAR(C383),1,1)+WEEKDAY(DATE(YEAR(C383),1,1),2))/7,1),"") | AQ383: =IF(AV383<>0,S383,0) -> 0 | AR383: =AR382+R383 -> 30000 | AS383: =IFERROR(100*(S383-AR383)/AR383,"Заполните депозит") -> 1.5994865 | AT383: =IFERROR(100*(S383-S382-R383)/(S382+R383),"Заполните депозит") -> 0 | AU383: =IF(C383<>C382,Z383,0) -> 0 | AV383: =IF(C383<>C384,AB383,0) -> 0 | AW383: =CEILING(I383,5) -> 0 | AX383: =IF(AV383=0,AX382,IF(VLOOKUP(C382,Сводный!I:L,2,FALSE)<0,IF(AX382<0,AX382-1,-1),IF(AX382>0,AX382+1,1))) -> -1
B384: 383 | S384: =S383+R384+X384 -> 30479.846 | T384: =L384 -> 0 | U384: =I384*ABS(K384) -> 0 | V384: =J384*ABS(K384) -> 0 | W384: =IF(H384="s",U384-V384,V384-U384) -> 0 | X384: =W384-T384 -> 0 | Y384: =Y383+W383 -> 1407.01 | Z384: =Z383+X383 -> 479.84594 | AA384: =Y384+W384 -> 1407.01 | AB384: =Z384+X384 -> 479.84594 | AC384: =VLOOKUP(WEEKDAY(C384,2),Служебный!K$4:L$10,2) -> сб | AD384: =IF(G384 <> "",TEXT((HOUR(D384)),0)&"-"&TEXT(HOUR(D384)+1,0),"") | AE384: =VLOOKUP(G:G,Служебный!B:G,6,) -> #N/A | AF384: =VLOOKUP(G:G,Служебный!B:G,3,FALSE) -> #N/A | AG384: =VLOOKUP(G:G,Служебный!B:G,4,FALSE) -> #N/A | AH384: =ROUND(((E384+F384)-(C384+D384))*86400,0) -> 0 | AI384: =IF(FLOOR((AH384/60),15)>400,"Среднесрок",FLOOR((AH384/60),15)) -> 0 | AJ384: =IFERROR(IF(FLOOR((AH384/86400),1)=0,"интрадей",(FLOOR((AH384/86400),1))-(FLOOR((AH384/86400),1))-NETWORKDAYS(E384,C384)),IF(FLOOR((AH384/86400),1)=0,"интрадей",(FLOOR((AH384/86400),1)))) -> интрадей | AK384: =IF(D384<Служебный!P$3,"Раньше открытия",IF(D384>Служебный!P$6,"Позже закрытия",IF(D384<Служебный!P$4,Служебный!N$4,IF((D384>Служебный!P$5),Служебный!N$6,Служебный!N$5)))) -> 9:30 - 11:00 | AL384: =IF(X384>0,X384,0) -> 0 | AM384: =IF(X384<0,X384,0) -> 0 | AN384: =IF(G384<>"",YEAR(C384),"") | AO384: =IF(G384<>"",(IF(TEXT(C384,"MMMM") = "MMMM",TEXT(C384,"ММММ"),TEXT(C384,"MMMM"))),"") | AP384: =IF(G384<>"",CEILING((C384-DATE(YEAR(C384),1,1)+WEEKDAY(DATE(YEAR(C384),1,1),2))/7,1),"") | AQ384: =IF(AV384<>0,S384,0) -> 0 | AR384: =AR383+R384 -> 30000 | AS384: =IFERROR(100*(S384-AR384)/AR384,"Заполните депозит") -> 1.5994865 | AT384: =IFERROR(100*(S384-S383-R384)/(S383+R384),"Заполните депозит") -> 0 | AU384: =IF(C384<>C383,Z384,0) -> 0 | AV384: =IF(C384<>C385,AB384,0) -> 0 | AW384: =CEILING(I384,5) -> 0 | AX384: =IF(AV384=0,AX383,IF(VLOOKUP(C383,Сводный!I:L,2,FALSE)<0,IF(AX383<0,AX383-1,-1),IF(AX383>0,AX383+1,1))) -> -1
... B1000: 999 | S1000: =S999+R1000+X1000 -> 30479.846 | T1000: =L1000 -> 0 | U1000: =I1000*ABS(K1000) -> 0 | V1000: =J1000*ABS(K1000) -> 0 | W1000: =IF(H1000="s",U1000-V1000,V1000-U1000) -> 0 | X1000: =W1000-T1000 -> 0 | Y1000: =Y999+W999 -> 1407.01 | Z1000: =Z999+X999 -> 479.84594 | AA1000: =Y1000+W1000 -> 1407.01 | AB1000: =Z1000+X1000 -> 479.84594 | AC1000: =VLOOKUP(WEEKDAY(C1000,2),Служебный!K$4:L$10,2) -> сб | AD1000: =IF(G1000 <> "",TEXT((HOUR(D1000)),0)&"-"&TEXT(HOUR(D1000)+1,0),"") | AE1000: =VLOOKUP(G:G,Служебный!B:G,6,) -> #N/A | AF1000: =VLOOKUP(G:G,Служебный!B:G,3,FALSE) -> #N/A | AG1000: =VLOOKUP(G:G,Служебный!B:G,4,FALSE) -> #N/A | AH1000: =ROUND(((E1000+F1000)-(C1000+D1000))*86400,0) -> 0 | AI1000: =IF(FLOOR((AH1000/60),15)>400,"Среднесрок",FLOOR((AH1000/60),15)) -> 0 | AJ1000: =IFERROR(IF(FLOOR((AH1000/86400),1)=0,"интрадей",(FLOOR((AH1000/86400),1))-(FLOOR((AH1000/86400),1))-NETWORKDAYS(E1000,C1000)),IF(FLOOR((AH1000/86400),1)=0,"интрадей",(FLOOR((AH1000/86400),1)))) -> интрадей | AK1000: =IF(D1000<Служебный!P$3,"Раньше открытия",IF(D1000>Служебный!P$6,"Позже закрытия",IF(D1000<Служебный!P$4,Служебный!N$4,IF((D1000>Служебный!P$5),Служебный!N$6,Служебный!N$5)))) -> 9:30 - 11:00 | AL1000: =IF(X1000>0,X1000,0) -> 0 | AM1000: =IF(X1000<0,X1000,0) -> 0 | AN1000: =IF(G1000<>"",YEAR(C1000),"") | AO1000: =IF(G1000<>"",(IF(TEXT(C1000,"MMMM") = "MMMM",TEXT(C1000,"ММММ"),TEXT(C1000,"MMMM"))),"") | AP1000: =IF(G1000<>"",CEILING((C1000-DATE(YEAR(C1000),1,1)+WEEKDAY(DATE(YEAR(C1000),1,1),2))/7,1),"") | AQ1000: =IF(AV1000<>0,S1000,0) -> 0 | AR1000: =AR999+R1000 -> 30000 | AS1000: =IFERROR(100*(S1000-AR1000)/AR1000,"Заполните депозит") -> 1.5994865 | AT1000: =IFERROR(100*(S1000-S999-R1000)/(S999+R1000),"Заполните депозит") -> 0 | AU1000: =IF(C1000<>C999,Z1000,0) -> 0 | AV1000: =IF(C1000<>C1001,AB1000,0) -> 0 | AW1000: =CEILING(I1000,5) -> 0 | AX1000: =IF(AV1000=0,AX999,IF(VLOOKUP(C999,Сводный!I:L,2,FALSE)<0,IF(AX999<0,AX999-1,-1),IF(AX999>0,AX999+1,1))) -> -1

Sheet Сводный
B2: СВОДНЫЕ ДАННЫЕ | I2: РЕЗУЛЬТАТЫ ПО ДНЯМ (диаграмма) | R2: NET-GROSS (диаграмма) | Z2: ИЗМЕНЕНИЕ ДЕПОЗИТА ПО ДНЯМ | AJ2: OHLC РЕЗУЛЬТАТОВ ПО ДНЯМ (диаграмма) | AT2: ЗАВИСИМОСТЬ РЕЗУЛЬТАТА ОТ КОЛИЧЕСТВА СДЕЛОК (диаграмма) | BC2: ЗАВИСИМОСТЬ РЕЗУЛЬТАТА ОТ ОБЪЕМА (диаграмма) | BK2: РЕЗУЛЬТАТ ПО ГОДАМ, МЕСЯЦАМ, НЕДЕЛЯМ (диаграмма)
B4: Депозит | I4: Год | J4: (Все) | R4: Год | S4: (Все) | Z4: Год | AA4: (Все) | AJ4: Год | AK4: (Все) | AT4: Год | AU4: (Все) | BC4: Год | BD4: (Все) | BK4: День недели | BL4: (Все)
B5: Внесение средств на счет | C5: =SUM(Данные!R:R) -> 30000 | I5: Месяц | J5: (Все) | R5: Месяц | S5: (Все) | Z5: Месяц | AA5: (Все) | AJ5: Месяц | AK5: (Все) | AT5: Месяц | AU5: (Все) | BC5: Месяц | BD5: (Все) | BK5: Часы | BL5: (Все)
B6: Текущий остаток на счете | C6: =C5+C10 -> 30479.846 | I6: Неделя | J6: (Все) | R6: Неделя | S6: (Все) | Z6: Неделя | AA6: (Все) | AJ6: Неделя | AK6: (Все) | AT6: Неделя | AU6: (Все) | BC6: Неделя | BD6: (Все) | BK6: Сектор | BL6: (Все)
B7: Общая доходность портфеля | C7: =(C6-C5)/C5 -> 0.015994865
B8: Общая статистика | J8: Данные | S8: Данные | AA8: Данные | AK8: Данные | AU8: Данные | BD8: Данные | BN8: Данные
B9: Результат без комиссии (Gross) | C9: =SUM(Данные!W:W) -> 1407.01 | I9: Дата | J9: Net | K9: Комиссия | L9: кол. сделок | R9: Дата | S9: NET | T9: GROSS | Z9: Дата | AA9: Изменение | AB9: Депозит по дням | AC9: Доходность за день % | AD9: Общая доходность % | AJ9: Дата | AK9: Open | AL9: Hi | AM9: Low | AN9: Close | AT9: Дата | AU9: Кол-во сделок | AV9: Ср. результат | AW9: Результат | BC9: Дата | BD9: Объем | BE9: Результат | BK9: Год | BL9: Месяц | BM9: Неделя | BN9: Net | BO9: Комиссия | BP9: Кол. сделок
B10: Результат общий (Net) | C10: =SUM(Данные!X:X) -> 479.84594 | I10: 40147 | J10: -175.64 | K10: 40.64 | L10: 16 | R10: 40147 | S10: -175.64 | T10: -135 | Z10: 40147 | AA10: 25000 | AB10: 24824.36 | AC10: -0.70445575 | AD10: -0.70445575 | AJ10: 40147 | AK10: 0 | AL10: 19.58 | AM10: -175.64 | AN10: -175.64 | AT10: 40147 | AU10: 16 | AV10: -10.9775 | AW10: -175.64 | BC10: 40147 | BD10: 1700 | BE10: -175.64 | BK10: 2009 | BL10: Ноябрь | BM10: 49 | BN10: -175.64 | BO10: 40.64 | BP10: 16
B11: Проторговано акций | C11: =SUM(Данные!K:K)*2 -> 80200 | I11: 40150 | J11: 226.57 | K11: 23.44 | L11: 7 | R11: 40150 | S11: 50.93 | T11: 115.01 | Z11: 40150 | AA11: 25000 | AB11: 25050.93 | AC11: 0.91272169 | AD11: 0.20826594 | AJ11: 40150 | AK11: -175.64 | AL11: 65.83 | AM11: 25.99 | AN11: 50.93 | AT11: 40150 | AU11: 7 | AV11: 32.367143 | AW11: 226.57 | BC11: 40150 | BD11: 1000 | BE11: 226.57 | BL11: Декабрь | BM11: 49 | BN11: 168.01 | BO11: 37 | BP11: 10
B12: Центов на акцию | C12: =C19/2 -> 0.64669264 | I12: 40151 | J12: -58.56 | K12: 13.56 | L12: 3 | R12: 40151 | S12: -7.63 | T12: 70.01 | Z12: 40151 | AA12: 25000 | AB12: 24992.37 | AC12: -0.23389997 | AD12: -0.025634025 | AJ12: 40151 | AK12: 50.93 | AL12: 12.13 | AM12: -7.63 | AN12: -7.63 | AT12: 40151 | AU12: 3 | AV12: -19.52 | AW12: -58.56 | BC12: 40151 | BD12: 600 | BE12: -58.56 | BM12: 50 | BN12: 142.44522 | BO12: 99.55478 | BP12: 32
B13: Статтистика по сделкам | I13: 40154 | J13: 45.92 | K13: 28.08 | L13: 12 | R13: 40154 | S13: 38.29 | T13: 144.01 | Z13: 40154 | AA13: 25000 | AB13: 25038.29 | AC13: 0.18381482 | AD13: 0.15818079 | AJ13: 40154 | AK13: -7.63 | AL13: 46.78 | AM13: -31.3 | AN13: 38.29 | AT13: 40154 | AU13: 12 | AV13: 3.8266667 | AW13: 45.92 | BC13: 40154 | BD13: 1200 | BE13: 45.92 | BM13: 51 | BN13: -234.43 | BO13: 112.43 | BP13: 43
B14: Всего сделок | C14: =COUNT(Данные!K:K) -> 371 | I14: 40155 | J14: -0.39478 | K14: 14.39478 | L14: 4 | R14: 40155 | S14: 37.89522 | T14: 158.01 | Z14: 40155 | AA14: 20000 | AB14: 20037.895 | AC14: -0.0059320589 | AD14: 0.15224873 | AJ14: 40155 | AK14: 38.29 | AL14: 42.29435 | AM14: 29.09261 | AN14: 37.89522 | AT14: 40155 | AU14: 4 | AV14: -0.098695 | AW14: -0.39478 | BC14: 40155 | BD14: 600 | BE14: -0.39478 | BM14: 52 | BN14: -125.22 | BO14: 115.22 | BP14: 45
